Workbook

Sheet Sheet1
A1: District | B1: Per pupil | C1: 3% Raise | D1: DSA | E1: General Fund Local Revenue | F1: General Fund State Revenue | G1: General Fund Federal Revenue | H1: Total General Fund Revenue | I1: Total Local Revenue | J1: Total State Revenue | K1: Total Federal Revenue | L1: Include Local State Federal | M1: Total Revenue
A2: Carson City | B2: ='Revenue Carson'!L1 -> 7184 | C2: No | E2: ='Revenue Carson'!H13 -> 0.052309535 | F2: ='Revenue Carson'!H18 -> -0.063982297 | G2: ='Revenue Carson'!H23 -> -0.0068519566 | H2: ='Revenue Carson'!H34 -> -0.03189539 | I2: ='Revenue Carson'!H126 -> 0.052214994 | J2: ='Revenue Carson'!H127 -> -0.040195758 | K2: ='Revenue Carson'!H128 -> 0.039723539 | L2: ='Revenue Carson'!H131 -> 0.010329367 | M2: ='Revenue Carson'!H129 -> -0.042049411
A3: Churchill | B3: 7006 | C3: No | E3: ='Revenue Churchill'!H15 -> 0.049042749 | F3: ='Revenue Churchill'!H19 -> -0.067276617 | G3: ='Revenue Churchill'!H25 -> -0.10285293 | H3: ='Revenue Churchill'!H36 -> -0.069908807 | I3: ='Revenue Churchill'!H95 -> 0.052899774 | J3: ='Revenue Churchill'!H96 -> -0.078658374 | K3: ='Revenue Churchill'!H97 -> -0.2573023 | L3: ='Revenue Churchill'!H100 -> -0.052325808 | M3: ='Revenue Churchill'!H98 -> -0.10032241
A4: Clark | B4: 5863 | C4: Yes | E4: ='Clark Revenue'!H17 -> 0.049597772 | F4: ='Clark Revenue'!H21 -> -0.061332001 | G4: ='Clark Revenue'!H27 -> -0.21728355 | H4: ='Clark Revenue'!H39 -> 0.032650793 | I4: ='Clark Revenue'!H96 -> 0.091265263 | J4: ='Clark Revenue'!H97 -> 0.15577152 | K4: ='Clark Revenue'!H98 -> -0.069130063 | L4: ='Clark Revenue'!H100 -> 0.096739091 | M4: ='Clark Revenue'!H99 -> 0.038638722
A5: Douglas | B5: 6096 | C5: No | E5: ='Douglas Revenues'!H10 -> 0.073898437 | F5: ='Douglas Revenues'!H14 -> -0.18240589 | G5: ='Douglas Revenues'!H18 -> -1 | H5: ='Douglas Revenues'!H29 -> -0.011768674 | I5: ='Douglas Revenues'!H83 -> 0.051147867 | J5: ='Douglas Revenues'!H84 -> -0.11256525 | K5: ='Douglas Revenues'!H85 -> 0.22012293 | L5: ='Douglas Revenues'!H87 -> 0.011431004 | M5: ='Douglas Revenues'!H86 -> -0.096262298
A6: Elko | B6: 7682 | C6: No | E6: ='Elko Revenue'!H9 -> -0.030400429 | F6: ='Elko Revenue'!H13 -> -0.19167291 | G6: ='Elko Revenue'!H17 -> -0.40722849 | H6: ='Elko Revenue'!H28 -> -0.069398425 | I6: ='Elko Revenue'!H109 -> -0.063249981 | J6: ='Elko Revenue'!H110 -> -0.14326135 | K6: ='Elko Revenue'!H111 -> -0.013141456 | L6: ='Elko Revenue'!H114 -> -0.095866297 | M6: ='Elko Revenue'!H112 -> -0.15910332
A7: Esmeralda | B7: 21365 | C7: Yes | E7: ='Esmeralda Revenue'!H7 -> 0.088062024 | F7: ='Esmeralda Revenue'!H11 -> -0.053416756 | G7: ='Esmeralda Revenue'!H16 -> 0.04 | H7: ='Esmeralda Revenue'!H22 -> -0.12503421 | I7: ='Esmeralda Revenue'!H58 -> 0.087985347 | J7: ='Esmeralda Revenue'!H59 -> -0.044815321 | K7: ='Esmeralda Revenue'!H60 -> 0.029936581 | L7: ='Esmeralda Revenue'!H63 -> 0.0027430278 | M7: ='Esmeralda Revenue'!H61 -> -0.21016705
A8: Eureka | B8: 11768 | C8: Yes
A9: Humboldt | B9: 7055 | C9: No | E9: ='Humboldt Revenue'!H11 -> 0.0069455364 | F9: ='Humboldt Revenue'!H15 -> -0.11539144 | G9: ='Humboldt Revenue'!H24 -> -0.25879429 | H9: ='Humboldt Revenue'!H26 -> -0.07254694 | I9: ='Humboldt Revenue'!H145 -> 0.0010769686 | J9: ='Humboldt Revenue'!H146 -> -0.079255135 | K9: ='Humboldt Revenue'!H147 -> -0.12598826 | L9: ='Humboldt Revenue'!H149 -> -0.042366292 | M9: ='Humboldt Revenue'!H148 -> -0.066539146
A10: Lander | B10: 4904 | C10: Yes | E10: ='Lander Revenue'!H15 -> 0.013141441 | F10: ='Lander Revenue'!H19 -> -1 | G10: ='Lander Revenue'!H25 -> -0.71782718 | H10: ='Lander Revenue'!H36 -> 0.050878595 | I10: ='Lander Revenue'!H126 -> 0.020193827 | J10: ='Lander Revenue'!H127 -> -0.44521777 | K10: ='Lander Revenue'!H128 -> -0.81990377 | L10: ='Lander Revenue'!H131 -> -0.053479877 | M10: ='Lander Revenue'!H129 -> 0.033395786
A11: Lincoln | B11: 10970 | C11: Yes | E11: ='Revenue Lincoln'!H9 -> 0.036726746 | F11: ='Revenue Lincoln'!H14 -> -0.047656397 | G11: ='Revenue Lincoln'!H18 -> 0.016655563 | H11: ='Revenue Lincoln'!H28 -> -0.054144827 | I11: ='Revenue Lincoln'!H92 -> 0.030475754 | J11: ='Revenue Lincoln'!H93 -> -0.038354383 | K11: ='Revenue Lincoln'!H94 -> 0.016655563 | L11: ='Revenue Lincoln'!H96 -> -0.020748801 | M11: ='Revenue Lincoln'!H95 -> -0.055811697
A12: Lyon | B12: 7671 | E12: ='Lyon Revenue'!H11 -> 0.02877055 | F12: ='Lyon Revenue'!H15 -> 0.027304201 | G12: ='Lyon Revenue'!H20 -> -0.47722032 | H12: ='Lyon Revenue'!H26 -> 0.0050497685 | I12: ='Lyon Revenue'!H92 -> 0.054198412 | J12: ='Lyon Revenue'!H93 -> -0.026124034 | K12: ='Lyon Revenue'!H94 -> -0.61106002 | L12: ='Lyon Revenue'!H96 -> -0.064891172 | M12: ='Lyon Revenue'!H95 -> 0.065960603
A13: Mineral | B13: 9929
A14: Nye | B14: 7850 | C14: No | E14: ='Nye Revenue'!H7 -> 0.11266335 | F14: ='Nye Revenue'!H11 -> -0.10928859 | G14: ='Nye Revenue'!H15 -> 0.06370509 | H14: ='Nye Revenue'!H21 -> -0.093677077 | I14: ='Nye Revenue'!H87 -> 0.10644859 | J14: ='Nye Revenue'!H88 -> -0.19175524 | K14: ='Nye Revenue'!H89 -> -0.70535971 | L14: ='Nye Revenue'!H91 -> -0.16753619 | M14: ='Nye Revenue'!H90 -> -0.24357093
A15: Pershing | B15: 9271 | E15: ='Pershing Revenue'!H9 -> 0.01158354 | F15: ='Pershing Revenue'!H13 -> 0.032695125 | G15: ='Pershing Revenue'!H17 -> -0.23275921 | H15: ='Pershing Revenue'!H23 -> -0.013821509 | I15: ='Pershing Revenue'!H84 -> 0.012244737 | J15: ='Pershing Revenue'!H85 -> -0.1370335 | K15: ='Pershing Revenue'!H86 -> -0.74986806 | L15: ='Pershing Revenue'!H88 -> -0.16299664 | M15: ='Pershing Revenue'!H87 -> -0.10690577
A16: Storey | B16: 7781 | E16: ='Storey Revenue'!H6 -> 0.063523363 | F16: ='Storey Revenue'!H10 -> 0.013704888 | G16: 0 | H16: ='Storey Revenue'!H15 -> -0.07393316 | I16: ='Storey Revenue'!H74 -> 0.061248912 | J16: ='Storey Revenue'!H75 -> 0.013704888 | K16: ='Storey Revenue'!H76 -> 0.013704888 | L16: ='Storey Revenue'!H79 -> 0.052186506 | M16: ='Storey Revenue'!H77 -> -0.10543701
A17: Washoe | B17: 6304 | C17: Yes | E17: ='Washoe Revenue'!H15 -> 0.068435636 | F17: ='Washoe Revenue'!H20 -> -0.041725066 | G17: ='Washoe Revenue'!H26 -> -0.0038344499 | H17: ='Washoe Revenue'!H38 -> 0.036863146 | I17: ='Washoe Revenue'!H135 -> 0.067800494 | J17: ='Washoe Revenue'!H136 -> -0.0220013 | K17: ='Washoe Revenue'!H137 -> -0.0073784069 | L17: ='Washoe Revenue'!H139 -> 0.035551269 | M17: ='Washoe Revenue'!H138 -> 0.041206139
A18: White Pine | B18: 8515 | C18: Yes | E18: ='White Pine Revenue'!H8 -> 0.12475796 | F18: ='White Pine Revenue'!H12 -> -0.086188254 | G18: ='White Pine Revenue'!H17 -> 0 | H18: ='White Pine Revenue'!H24 -> 0.02906189 | I18: ='White Pine Revenue'!H86 -> 0.11718932 | J18: ='White Pine Revenue'!H87 -> -0.058189212 | K18: ='White Pine Revenue'!H88 -> -0.0055726627 | L18: ='White Pine Revenue'!H91 -> 0.01660964 | M18: ='White Pine Revenue'!H89 -> -0.0070999546

Sheet White Pine Revenue
B1: Local Revenue | C1: 18-19 | E1: 19-20 | G1: Difference | H1: % difference | J1: 1217.4 | K1: BSG | L1: 8035
A2: 1110 | B2: Property Tax | C2: 2145117 | D2: =C2/$J$1 -> 1762.0478 | E2: 2255840 | F2: =E2/$J$2 -> 1852.9982 | G2: =F2-D2 -> 90.950386 | H2: =G2/D2 -> 0.051616299 | J2: 1217.4
A3: 1111 | B3: Net Proceeds of Mines | C3: 1618706 | D3: =C3/$J$1 -> 1329.6419 | E3: 1966516 | F3: =E3/$J$2 -> 1615.3409 | G3: =F3-D3 -> 285.69903 | H3: =G3/D3 -> 0.21486916
A4: 1120 | B4: School Support Tax | C4: 2782197 | D4: =C4/$J$1 -> 2285.3598 | E4: 2979845 | F4: =E4/$J$2 -> 2447.7123 | G4: =F4-D4 -> 162.35255 | H4: =G4/D4 -> 0.071040261
A5: 1192 | B5: Governmental Services Tax | C5: 669524 | D5: =C5/$J$1 -> 549.96221 | E5: 866409 | F5: =E5/$J$2 -> 711.68802 | G5: =F5-D5 -> 161.72581 | H5: =G5/D5 -> 0.29406713
A6: 1300 | B6: Tuition | C6: 23000 | D6: =C6/$J$1 -> 18.892722 | E6: 23000 | F6: =E6/$J$2 -> 18.892722 | G6: =F6-D6 -> 0 | H6: =G6/D6 -> 0
A7: 1990 | B7: Misc. | C7: 0 | D7: =C7/$J$1 -> 0 | E7: 50000 | F7: =E7/$J$2 -> 41.071135 | G7: =F7-D7 -> 41.071135 | H7: =G7/D7 -> #DIV/0!
B8: Local Total | C8: =SUM(C2:C7) -> 7238544 | D8: =C8/$J$1 -> 5945.9044 | E8: =SUM(E2:E7) -> 8141610 | F8: =E8/$J$2 -> 6687.7033 | G8: =F8-D8 -> 741.79892 | H8: =G8/D8 -> 0.12475796
B10: State Revenue
A11: 3110 | B11: Distributive School Account | C11: 5637752 | D11: =C11/$J$1 -> 4630.9775 | E11: 5151844 | F11: =E11/$J$2 -> 4231.8416 | G11: =F11-D11 -> -399.13586 | H11: =G11/D11 -> -0.086188254
B12: State Total | C12: =SUM(C11:C11) -> 5637752 | D12: =C12/$J$1 -> 4630.9775 | E12: =SUM(E11:E11) -> 5151844 | F12: =E12/$J$2 -> 4231.8416 | G12: =F12-D12 -> -399.13586 | H12: =G12/D12 -> -0.086188254
B14: Federal Revenue | N14: =2016-63 -> 1953
A15: 4200 | B15: Unrestricted - State Agency | C15: 50000 | D15: =C15/$J$1 -> 41.071135 | E15: 50000 | F15: =E15/$J$2 -> 41.071135 | G15: =F15-D15 -> 0 | H15: =G15/D15 -> 0
A16: 4700 | B16: Restricted - Other Agency | C16: 13578 | D16: =C16/$J$1 -> 11.153277 | E16: 13578 | F16: =E16/$J$2 -> 11.153277 | G16: =F16-D16 -> 0 | H16: =G16/D16 -> 0
B17: Federal Total | C17: =SUM(C15:C16) -> 63578 | D17: =C17/$J$1 -> 52.224413 | E17: =SUM(E15:E16) -> 63578 | F17: =E17/$J$2 -> 52.224413 | G17: =F17-D17 -> 0 | H17: =G17/D17 -> 0
B19: Opening Fund Balance Revenue
B20: Reserved Operating | C20: 242098 | D20: =C20/J1 -> 198.86479 | E20: 839711 | F20: =E20/J2 -> 689.75768 | G20: =F20-D20 -> 490.89289 | H20: =G20/D20 -> 2.4684756
B21: Opening Balance (other) | C21: 2395370 | D21: =C21/J1 -> 1967.6113 | E21: 1833306 | F21: =E21/J2 -> 1505.9192 | G21: =F21-D21 -> -461.69213 | H21: =G21/D21 -> -0.234646
B22: Opening Fund Balance Total | C22: =SUM(C20:C21) -> 2637468 | D22: =C22/$J$1 -> 2166.4761 | E22: =SUM(E20:E21) -> 2673017 | F22: =E22/J2 -> 2195.6769 | G22: =F22-D22 -> 29.200756 | H22: =G22/D22 -> 0.013478457
B24: Total Resources | C24: 15577342 | D24: =C24/$J$1 -> 12795.582 | E24: 16030049 | F24: =E24/$J$2 -> 13167.446 | G24: =F24-D24 -> 371.86381 | H24: =G24/D24 -> 0.02906189
A26: Class Size Reduction
A27: 3110 | B27: DSA | C27: 364190 | D27: =C27/$J$1 -> 299.15393 | E27: 364190 | F27: =E27/$J$2 -> 299.15393 | G27: =F27-D27 -> 0 | H27: =G27/D27 -> 0
A28: 3000 | B28: State Total | C28: =C27 -> 364190 | D28: =C28/$J$1 -> 299.15393 | E28: =E27 -> 364190 | F28: =E28/$J$2 -> 299.15393 | G28: =F28-D28 -> 0 | H28: =G28/D28 -> 0
B29: Total Resources | C29: =C28 -> 364190 | D29: =C29/$J$1 -> 299.15393 | E29: =E28 -> 364190 | F29: =E29/$J$2 -> 299.15393 | G29: =F29-D29 -> 0 | H29: =G29/D29 -> 0
A31: Adult Education
A32: 3110 | B32: DSA | C32: 870957 | D32: =C32/$J$1 -> 715.42385 | E32: 800521 | F32: =E32/$J$2 -> 657.56612 | G32: =F32-D32 -> -57.85773 | H32: =G32/D32 -> -0.08087196
A33: 3000 | B33: State Total | C33: =C32 -> 870957 | D33: =C33/$J$1 -> 715.42385 | E33: =E32 -> 800521 | F33: =E33/$J$2 -> 657.56612 | G33: =F33-D33 -> -57.85773 | H33: =G33/D33 -> -0.08087196
B34: Total Resources | C34: =C33 -> 870957 | D34: =C34/$J$1 -> 715.42385 | E34: =E33 -> 800521 | F34: =E34/$J$2 -> 657.56612 | G34: =F34-D34 -> -57.85773 | H34: =G34/D34 -> -0.08087196
A36: State Projects
A37: 3200 | B37: Restricted Funding | C37: 1853640 | D37: =C37/$J$1 -> 1522.622 | E37: 1853640 | F37: =E37/$J$2 -> 1522.622 | G37: =F37-D37 -> 0 | H37: =G37/D37 -> 0
A38: 3000 | B38: State Total | C38: =C37 -> 1853640 | D38: =C38/$J$1 -> 1522.622 | E38: =E37 -> 1853640 | F38: =E38/$J$2 -> 1522.622 | G38: =F38-D38 -> 0 | H38: =G38/D38 -> 0
A39: 5200 | B39: Transfer from Other Funds | C39: 38675 | D39: =C39/$J$1 -> 31.768523 | E39: 38675 | F39: =E39/$J$2 -> 31.768523 | G39: =F39-D39 -> 0 | H39: =G39/D39 -> 0
B40: Total Resources | C40: 1903184 | D40: =C40/$J$1 -> 1563.3185 | E40: 1892315 | F40: =E40/$J$2 -> 1554.3905 | G40: =F40-D40 -> -8.9280434 | H40: =G40/D40 -> -0.005710956
A42: Special Education Fund
A43: 3115 | B43: Special Education - DSA Funding | C43: 834281 | D43: =C43/$J$1 -> 685.29736 | E43: 834281 | F43: =E43/$J$2 -> 685.29736 | G43: =F43-D43 -> 0 | H43: =G43/D43 -> 0
A44: 3000 | B44: State Total | C44: =C43 -> 834281 | D44: =C44/$J$1 -> 685.29736 | E44: =E43 -> 834281 | F44: =E44/$J$2 -> 685.29736 | G44: =F44-D44 -> 0 | H44: =G44/D44 -> 0
A45: 5200 | B45: Transfer from Other Funds | C45: 881218 | D45: =C45/$J$1 -> 723.85247 | E45: 881218 | F45: =E45/$J$2 -> 723.85247 | G45: =F45-D45 -> 0 | H45: =G45/D45 -> 0
B46: Total Resources | C46: =C45+C44 -> 1715499 | D46: =C46/$J$1 -> 1409.1498 | E46: =SUM(E44:E45) -> 1715499 | F46: =E46/$J$2 -> 1409.1498 | G46: =F46-D46 -> 0 | H46: =G46/D46 -> 0
A48: Federal Projects Fund
A49: 4500 | B49: Restricted State Agency | C49: 1733544 | D49: =C49/$J$1 -> 1423.9724 | E49: 1733544 | F49: =E49/$J$2 -> 1423.9724 | G49: =F49-D49 -> 0 | H49: =G49/D49 -> 0
A50: 4000 | B50: Federal Total | C50: =C49 -> 1733544 | D50: =C50/$J$1 -> 1423.9724 | E50: =E49 -> 1733544 | F50: =E50/$J$2 -> 1423.9724 | G50: =F50-D50 -> 0 | H50: =G50/D50 -> 0
B51: Total Resources | C51: =C50 -> 1733544 | D51: =C51/$J$1 -> 1423.9724 | E51: =E50 -> 1733544 | F51: =E51/$J$2 -> 1423.9724 | G51: =F51-D51 -> 0 | H51: =G51/D51 -> 0
A53: Grants and Donations
A54: 1920 | B54: Donations | C54: 10320 | D54: =C54/$J$1 -> 8.4770823 | E54: 10000 | F54: =E54/$J$2 -> 8.214227 | G54: =F54-D54 -> -0.26285527 | H54: =G54/D54 -> -0.031007752
A55: 1000 | B55: Local Total | C55: =C54 -> 10320 | D55: =C55/$J$1 -> 8.4770823 | E55: =E54 -> 10000 | F55: =E55/$J$2 -> 8.214227 | G55: =F55-D55 -> -0.26285527 | H55: =G55/D55 -> -0.031007752
A56: 4700 | B56: Restricted - Other Agency | C56: 5000 | D56: =C56/$J$1 -> 4.1071135 | E56: 5000 | F56: =E56/$J$2 -> 4.1071135 | G56: =F56-D56 -> 0 | H56: =G56/D56 -> 0
B57: Total Resources | C57: =SUM(C55:C56) -> 15320 | D57: =C57/$J$1 -> 12.584196 | E57: =SUM(E55:E56) -> 15000 | F57: =E57/$J$2 -> 12.321341 | G57: =F57-D57 -> -0.26285527 | H57: =G57/D57 -> -0.020887728
A59: Other Special Revenue
B60: Total Resources | C60: 264 | D60: =C60/$J$1 -> 0.21685559 | E60: 0 | F60: =E60/$J$2 -> 0 | G60: =F60-D60 -> -0.21685559 | H60: =G60/D60 -> -1
A62: Food Services
A63: 1620 | B63: Daily Sales | C63: 82180 | D63: =C63/$J$1 -> 67.504518 | E63: 78071 | F63: =E63/$J$2 -> 64.129292 | G63: =F63-D63 -> -3.3752259 | H63: =G63/D63 -> -0.05
A64: 1000 | B64: Local Total | C64: =C63 -> 82180 | D64: =C64/$J$1 -> 67.504518 | E64: =E63 -> 78071 | F64: =E64/$J$2 -> 64.129292 | G64: =F64-D64 -> -3.3752259 | H64: =G64/D64 -> -0.05
A65: 3200 | B65: Restricted Funding | C65: 832 | D65: =C65/$J$1 -> 0.68342369 | E65: 791 | F65: =E65/$J$2 -> 0.64974536 | G65: =F65-D65 -> -0.033678331 | H65: =G65/D65 -> -0.049278846
A66: 3000 | B66: State Total | C66: =C65 -> 832 | D66: =C66/$J$1 -> 0.68342369 | E66: =E65 -> 791 | F66: =E66/$J$2 -> 0.64974536 | G66: =F66-D66 -> -0.033678331 | H66: =G66/D66 -> -0.049278846
A67: 4500 | B67: Restricted - State Agency | C67: 225430 | D67: =C67/$J$1 -> 185.17332 | E67: 214159 | F67: =E67/$J$2 -> 175.91506 | G67: =F67-D67 -> -9.2582553 | H67: =G67/D67 -> -0.049997782
A68: 4000 | B68: Federal Total | C68: =C67 -> 225430 | D68: =C68/$J$1 -> 185.17332 | E68: =E67 -> 214159 | F68: =E68/$J$2 -> 175.91506 | G68: =F68-D68 -> -9.2582553 | H68: =G68/D68 -> -0.049997782
A69: 5200 | B69: Transfer from Other Funds | C69: 135049 | D69: =C69/$J$1 -> 110.93231 | E69: 475006 | F69: =E69/$J$2 -> 390.18071 | G69: =F69-D69 -> 279.2484 | H69: =G69/D69 -> 2.5172863
B70: Total Resources | C70: 446531 | D70: =C70/$J$1 -> 366.7907 | E70: 475006 | F70: =E70/$J$2 -> 390.18071 | G70: =F70-D70 -> 23.390011 | H70: =G70/D70 -> 0.063769369
A72: Capital Projects Fund
A73: 1121 | B73: 1/8 of 1% Sales Tax | C73: 210000 | D73: =C73/$J$1 -> 172.49877 | E73: 210000 | F73: =E73/$J$2 -> 172.49877 | G73: =F73-D73 -> 0 | H73: =G73/D73 -> 0
A74: 1500 | B74: Earnings on Investment | C74: 4500 | D74: =C74/$J$1 -> 3.6964022 | E74: 0 | F74: =E74/$J$2 -> 0 | G74: =F74-D74 -> -3.6964022 | H74: =G74/D74 -> -1
A75: 1000 | B75: Local Total | C75: =SUM(C73:C74) -> 214500 | D75: =C75/$J$1 -> 176.19517 | E75: =SUM(E73:E74) -> 210000 | F75: =E75/$J$2 -> 172.49877 | G75: =F75-D75 -> -3.6964022 | H75: =G75/D75 -> -0.020979021
A76: 5200 | B76: Transfer from Other Funds | C76: 310000 | D76: =C76/$J$1 -> 254.64104 | E76: 300000 | F76: =E76/$J$2 -> 246.42681 | G76: =F76-D76 -> -8.214227 | H76: =G76/D76 -> -0.032258065
B77: Total Resources | C77: 1069058 | D77: =C77/$J$1 -> 878.14851 | E77: 510000 | F77: =E77/$J$2 -> 418.92558 | G77: =F77-D77 -> -459.22293 | H77: =G77/D77 -> -0.5229445
A79: Building and Sites
A80: 1500 | B80: Earnings on Investment | C80: 2750 | D80: =C80/$J$1 -> 2.2589124 | E80: 2750 | F80: =E80/$J$2 -> 2.2589124 | G80: =F80-D80 -> 0 | H80: =G80/D80 -> 0
A81: 1990 | B81: Misc. | C81: 8555 | D81: =C81/$J$1 -> 7.0272712 | E81: 0 | F81: =E81/$J$2 -> 0 | G81: =F81-D81 -> -7.0272712 | H81: =G81/D81 -> -1
A82: 1000 | B82: Local Total | C82: =SUM(C80:C81) -> 11305 | D82: =C82/$J$1 -> 9.2861837 | E82: =SUM(E80:E81) -> 2750 | F82: =E82/$J$2 -> 2.2589124 | G82: =F82-D82 -> -7.0272712 | H82: =G82/D82 -> -0.7567448
B83: Total Resources | C83: =C82 -> 11305 | D83: =C83/$J$1 -> 9.2861837 | E83: =E82 -> 2750 | F83: =E83/$J$2 -> 2.2589124 | G83: =F83-D83 -> -7.0272712 | H83: =G83/D83 -> -0.7567448
B86: Local | C86: =C82+C75+C64+C55+C8 -> 7556849 | D86: =C86/J1 -> 6207.3673 | E86: =E82+E75+E64+E55+E8 -> 8442431 | F86: =E86/J2 -> 6934.8045 | G86: =F86-D86 -> 727.43716 | H86: =G86/D86 -> 0.11718932
B87: State | C87: =C66+C44+C33+C28+C12+C38 -> 9561652 | D87: =C87/J1 -> 7854.158 | E87: =E66+E44+E38+E28+E33+E12 -> 9005267 | F87: =E87/J2 -> 7397.1308 | G87: =F87-D87 -> -457.02727 | H87: =G87/D87 -> -0.058189212
B88: Federal | C88: =C68+C17+C50 -> 2022552 | D88: =C88/J1 -> 1661.3701 | E88: =E68+E17+E50 -> 2011281 | F88: =E88/J2 -> 1652.1119 | G88: =F88-D88 -> -9.2582553 | H88: =G88/D88 -> -0.0055726627
B89: All | C89: =C83+C77+C70+C60+C57+C51+C46+C40+C34+C29+C24 -> 23707194 | D89: =C89/J1 -> 19473.627 | E89: =E83+E77+E70+E60+E57+E51+E46+E40+E34+E29+E24 -> 23538874 | F89: =E89/J2 -> 19335.366 | G89: =F89-D89 -> -138.26187 | H89: =G89/D89 -> -0.0070999546
D91: =SUM(D86:D88) -> 15722.896 | G91: =SUM(G86:G88) -> 261.15163 | H91: =G91/D91 -> 0.01660964

Sheet White Pine Expenses
B1: Regular Programs | C1: 18-19 | D1: 18-19 Per Pupil | E1: 19-20 | F1: 19-20 Per Pupil | G1: Differences | H1: % Difference | J1: 1217.4 | K1: BSG | L1: 8035
B2: Instruction | J2: 1217.4
A3: 100 | B3: Salaries | C3: 2567436 | D3: =C3/$J$1 -> 2108.9502 | E3: 2551691 | F3: =E3/$J$2 -> 2096.0169 | G3: =F3-D3 -> -12.9333 | H3: =G3/D3 -> -0.0061325774
A4: 200 | B4: Benefits | C4: 1278317 | D4: =C4/$J$1 -> 1050.0386 | E4: 1344639 | F4: =E4/$J$2 -> 1104.517 | G4: =F4-D4 -> 54.478397 | H4: =G4/D4 -> 0.05188228
A5: 500 | B5: Purchase Services | C5: 264269 | D5: =C5/$J$1 -> 217.07656 | E5: 264347 | F5: =E5/$J$2 -> 217.14063 | G5: =F5-D5 -> 0.064070971 | H5: =G5/D5 -> 0.0002951538
A6: 600 | B6: Supplies | C6: 196399 | D6: =C6/$J$1 -> 161.3266 | E6: 114521 | F6: =E6/$J$2 -> 94.070149 | G6: =F6-D6 -> -67.256448 | H6: =G6/D6 -> -0.41689622
A7: 900 | B7: Other | C7: 289 | D7: =C7/$J$1 -> 0.23739116 | E7: 289 | F7: =E7/$J$2 -> 0.23739116 | G7: =F7-D7 -> 0 | H7: =G7/D7 -> 0
B8: Regular Programs Total | C8: =SUM(C3:C7) -> 4306710 | D8: =C8/$J$1 -> 3537.6294 | E8: =SUM(E3:E7) -> 4275487 | F8: =E8/$J$2 -> 3511.9821 | G8: =F8-D8 -> -25.647281 | H8: =G8/D8 -> -0.0072498497
B10: Vocational & Technical
A11: 100 | B11: Salaries | C11: 157436 | D11: =C11/$J$1 -> 129.3215 | E11: 240941 | F11: =E11/$J$2 -> 197.91441 | G11: =F11-D11 -> 68.592903 | H11: =G11/D11 -> 0.53040601
A12: 200 | B12: Benefits | C12: 75430 | D12: =C12/$J$1 -> 61.959915 | E12: 123391 | F12: =E12/$J$2 -> 101.35617 | G12: =F12-D12 -> 39.396254 | H12: =G12/D12 -> 0.63583455
A13: 600 | B13: Supplies | C13: 25894 | D13: =C13/$J$1 -> 21.26992 | E13: 20069 | F13: =E13/$J$2 -> 16.485132 | G13: =F13-D13 -> -4.7847873 | H13: =G13/D13 -> -0.22495559
B14: Vocational & Technical Total | C14: =SUM(C11:C13) -> 258760 | D14: =C14/$J$1 -> 212.55134 | E14: =SUM(E11:E13) -> 384401 | F14: =E14/$J$2 -> 315.75571 | G14: =F14-D14 -> 103.20437 | H14: =G14/D14 -> 0.48555032
B16: Adult Education
A17: 200 | B17: Benefits | C17: 2205 | D17: =C17/$J$1 -> 1.8112371 | E17: 0 | F17: =E17/$J$2 -> 0 | G17: =F17-D17 -> -1.8112371 | H17: =G17/D17 -> -1
B18: Adult Education Total | C18: =SUM(C17:C17) -> 2205 | D18: =C18/$J$1 -> 1.8112371 | E18: =SUM(E17:E17) -> 0 | F18: =E18/$J$2 -> 0 | G18: =F18-D18 -> -1.8112371 | H18: =G18/D18 -> -1
B20: Cocurricular Activities
A21: 100 | B21: Salaries | C21: 73927 | D21: =C21/$J$1 -> 60.725316 | E21: 76146 | F21: =E21/$J$2 -> 62.548053 | G21: =F21-D21 -> 1.822737 | H21: =G21/D21 -> 0.030016097
A22: 200 | B22: Benefits | C22: 5071 | D22: =C22/$J$1 -> 4.1654345 | E22: 5227 | F22: =E22/$J$2 -> 4.2935765 | G22: =F22-D22 -> 0.12814194 | H22: =G22/D22 -> 0.030763163
A23: 500 | B23: Purchase Services | C23: 8658 | D23: =C23/$J$1 -> 7.1118778 | E23: 8658 | F23: =E23/$J$2 -> 7.1118778 | G23: =F23-D23 -> 0 | H23: =G23/D23 -> 0
A24: 600 | B24: Supplies | C24: 15194 | D24: =C24/$J$1 -> 12.480697 | E24: 5859 | F24: =E24/$J$2 -> 4.8127156 | G24: =F24-D24 -> -7.6679809 | H24: =G24/D24 -> -0.61438726
A25: 800 | B25: Other | C25: 320 | D25: =C25/$J$1 -> 0.26285527 | E25: 320 | F25: =E25/$J$2 -> 0.26285527 | G25: =F25-D25 -> 0 | H25: =G25/D25 -> 0
B26: Transportation
A27: 100 | B27: Salaries | C27: 7593 | D27: =C27/$J$1 -> 6.2370626 | E27: 8330 | F27: =E27/$J$2 -> 6.8424511 | G27: =F27-D27 -> 0.60538853 | H27: =G27/D27 -> 0.097063084
A28: 200 | B28: Benefits | C28: 769 | D28: =C28/$J$1 -> 0.63167406 | E28: 795 | F28: =E28/$J$2 -> 0.65303105 | G28: =F28-D28 -> 0.02135699 | H28: =G28/D28 -> 0.033810143
A29: 900 | B29: Misc | C29: 1447 | D29: =C29/$J$1 -> 1.1885987 | E29: 1569 | F29: =E29/$J$2 -> 1.2888122 | G29: =F29-D29 -> 0.10021357 | H29: =G29/D29 -> 0.08431237
B30: Cocurricular Activities Total | C30: =SUM(C21:C29) -> 112979 | D30: =C30/$J$1 -> 92.803516 | E30: =SUM(E21:E29) -> 106904 | F30: =E30/$J$2 -> 87.813373 | G30: =F30-D30 -> -4.9901429 | H30: =G30/D30 -> -0.053771055
B32: Athletic
A33: 100 | B33: Salaries | C33: 138734 | D33: =C33/$J$1 -> 113.95926 | E33: 142897 | F33: =E33/$J$2 -> 117.37884 | G33: =F33-D33 -> 3.4195827 | H33: =G33/D33 -> 0.030007064
A34: 200 | B34: Benefits | C34: 9830 | D34: =C34/$J$1 -> 8.0745852 | E34: 10129 | F34: =E34/$J$2 -> 8.3201906 | G34: =F34-D34 -> 0.24560539 | H34: =G34/D34 -> 0.030417091
A35: 500 | B35: Purchase Services | C35: 61874 | D35: =C35/$J$1 -> 50.824708 | E35: 61874 | F35: =E35/$J$2 -> 50.824708 | G35: =F35-D35 -> 0 | H35: =G35/D35 -> 0
A36: 600 | B36: Supplies | C36: 17200 | D36: =C36/$J$1 -> 14.128471 | E36: 12002 | F36: =E36/$J$2 -> 9.8587153 | G36: =F36-D36 -> -4.2697552 | H36: =G36/D36 -> -0.3022093
A37: 900 | B37: Misc | C37: 1900 | D37: =C37/$J$1 -> 1.5607031 | E37: 2180 | F37: =E37/$J$2 -> 1.7907015 | G37: =F37-D37 -> 0.22999836 | H37: =G37/D37 -> 0.14736842
B38: Transportation
A39: 100 | B39: Salaries | C39: 35076 | D39: =C39/$J$1 -> 28.812223 | E39: 36129 | F39: =E39/$J$2 -> 29.677181 | G39: =F39-D39 -> 0.86495811 | H39: =G39/D39 -> 0.030020527
A40: 200 | B40: Benefits | C40: 3492 | D40: =C40/$J$1 -> 2.8684081 | E40: 3600 | F40: =E40/$J$2 -> 2.9571217 | G40: =F40-D40 -> 0.088713652 | H40: =G40/D40 -> 0.030927835
A41: 900 | B41: Misc | C41: 6561 | D41: =C41/$J$1 -> 5.3893544 | E41: 6561 | F41: =E41/$J$2 -> 5.3893544 | G41: =F41-D41 -> 0 | H41: =G41/D41 -> 0
B42: Athletic Total | C42: =SUM(C33:C41) -> 274667 | D42: =C42/$J$1 -> 225.61771 | E42: =SUM(E33:E41) -> 275372 | F42: =E42/$J$2 -> 226.19681 | G42: =F42-D42 -> 0.57910301 | H42: =G42/D42 -> 0.0025667445
B44: Instruction Staff Support
A45: 500 | B45: Purchase Services | C45: 3635 | D45: =C45/$J$1 -> 2.9858715 | E45: 4483 | F45: =E45/$J$2 -> 3.682438 | G45: =F45-D45 -> 0.69656645 | H45: =G45/D45 -> 0.23328748
A46: 600 | B46: Supplies | C46: 1549 | D46: =C46/$J$1 -> 1.2723838 | E46: 1549 | F46: =E46/$J$2 -> 1.2723838 | G46: =F46-D46 -> 0 | H46: =G46/D46 -> 0
B47: Instruction Staff Support Total | C47: =SUM(C45:C46) -> 5184 | D47: =C47/$J$1 -> 4.2582553 | E47: =SUM(E45:E46) -> 6032 | F47: =E47/$J$2 -> 4.9548218 | G47: =F47-D47 -> 0.69656645 | H47: =G47/D47 -> 0.16358025
B49: Student Support
A50: 100 | B50: Salaries | C50: 107557 | D50: =C50/$J$1 -> 88.349762 | E50: 83183 | F50: =E50/$J$2 -> 68.328405 | G50: =F50-D50 -> -20.021357 | H50: =G50/D50 -> -0.22661473
A51: 200 | B51: Benefits | C51: 51668 | D51: =C51/$J$1 -> 42.441268 | E51: 43193 | F51: =E51/$J$2 -> 35.479711 | G51: =F51-D51 -> -6.9615574 | H51: =G51/D51 -> -0.16402803
A52: 500 | B52: Purchase Services | C52: 3010 | D52: =C52/$J$1 -> 2.4724823 | E52: 3024 | F52: =E52/$J$2 -> 2.4839823 | G52: =F52-D52 -> 0.011499918 | H52: =G52/D52 -> 0.0046511628
A53: 600 | B53: Supplies | C53: 7378 | D53: =C53/$J$1 -> 6.0604567 | E53: 7378 | F53: =E53/$J$2 -> 6.0604567 | G53: =F53-D53 -> 0 | H53: =G53/D53 -> 0
B54: Stundent Support Total | C54: =SUM(C50:C53) -> 169613 | D54: =C54/$J$1 -> 139.32397 | E54: =SUM(E50:E53) -> 136778 | F54: =E54/$J$2 -> 112.35255 | G54: =F54-D54 -> -26.971414 | H54: =G54/D54 -> -0.19358776
B56: General Admin
A57: 100 | B57: Salaries | C57: 167193 | D57: =C57/$J$1 -> 137.33613 | E57: 164673 | F57: =E57/$J$2 -> 135.26614 | G57: =F57-D57 -> -2.0699852 | H57: =G57/D57 -> -0.015072401
A58: 200 | B58: Benefits | C58: 127196 | D58: =C58/$J$1 -> 104.48168 | E58: 123277 | F58: =E58/$J$2 -> 101.26253 | G58: =F58-D58 -> -3.2191556 | H58: =G58/D58 -> -0.030810717
A59: 500 | B59: Purchase Services | C59: 142541 | D59: =C59/$J$1 -> 117.08641 | E59: 144819 | F59: =E59/$J$2 -> 118.95761 | G59: =F59-D59 -> 1.8712009 | H59: =G59/D59 -> 0.015981367
A60: 600 | B60: Supplies | C60: 7168 | D60: =C60/$J$1 -> 5.8879579 | E60: 6374 | F60: =E60/$J$2 -> 5.2357483 | G60: =F60-D60 -> -0.65220963 | H60: =G60/D60 -> -0.11077009
A61: 900 | B61: Misc | C61: 19366 | D61: =C61/$J$1 -> 15.907672 | E61: 19366 | F61: =E61/$J$2 -> 15.907672 | G61: =F61-D61 -> 0 | H61: =G61/D61 -> 0
B62: General Admin Total | C62: =SUM(C57:C61) -> 463464 | D62: =C62/$J$1 -> 380.69985 | E62: =SUM(E57:E61) -> 458509 | F62: =E62/$J$2 -> 376.6297 | G62: =F62-D62 -> -4.0701495 | H62: =G62/D62 -> -0.01069123
B64: School Admin
A65: 100 | B65: Salaries | C65: 841287 | D65: =C65/$J$1 -> 691.05224 | E65: 834981 | F65: =E65/$J$2 -> 685.87235 | G65: =F65-D65 -> -5.1798916 | H65: =G65/D65 -> -0.0074956584
A66: 200 | B66: Benefits | C66: 368835 | D66: =C66/$J$1 -> 302.96944 | E66: 388170 | F66: =E66/$J$2 -> 318.85165 | G66: =F66-D66 -> 15.882208 | H66: =G66/D66 -> 0.052421815
A67: 500 | B67: Purchase Services | C67: 48902 | D67: =C67/$J$1 -> 40.169213 | E67: 50002 | F67: =E67/$J$2 -> 41.072778 | G67: =F67-D67 -> 0.90356497 | H67: =G67/D67 -> 0.022493968
A68: 600 | B68: Supplies | C68: 8945 | D68: =C68/$J$1 -> 7.3476261 | E68: 14467 | F68: =E68/$J$2 -> 11.883522 | G68: =F68-D68 -> 4.5358962 | H68: =G68/D68 -> 0.61732812
A69: 900 | B69: Misc | C69: 3399 | D69: =C69/$J$1 -> 2.7920158 | E69: 3399 | F69: =E69/$J$2 -> 2.7920158 | G69: =F69-D69 -> 0 | H69: =G69/D69 -> 0
B70: School Admin Total | C70: =SUM(C65:C69) -> 1271368 | D70: =C70/$J$1 -> 1044.3305 | E70: =SUM(E65:E69) -> 1291019 | F70: =E70/$J$2 -> 1060.4723 | G70: =F70-D70 -> 16.141778 | H70: =G70/D70 -> 0.015456579
B72: Central Services
A73: 100 | B73: Salaries | C73: 371949 | D73: =C73/$J$1 -> 305.52735 | E73: 419254 | F73: =E73/$J$2 -> 344.38475 | G73: =F73-D73 -> 38.857401 | H73: =G73/D73 -> 0.12718141
A74: 200 | B74: Benefits | C74: 167035 | D74: =C74/$J$1 -> 137.20634 | E74: 179314 | F74: =E74/$J$2 -> 147.29259 | G74: =F74-D74 -> 10.086249 | H74: =G74/D74 -> 0.073511539
A75: 500 | B75: Purchase Services | C75: 472818 | D75: =C75/$J$1 -> 388.38344 | E75: 475538 | F75: =E75/$J$2 -> 390.61771 | G75: =F75-D75 -> 2.2342698 | H75: =G75/D75 -> 0.0057527421
A76: 600 | B76: Supplies | C76: 39401 | D76: =C76/$J$1 -> 32.364876 | E76: 39529 | F76: =E76/$J$2 -> 32.470018 | G76: =F76-D76 -> 0.10514211 | H76: =G76/D76 -> 0.0032486485
A77: 900 | B77: Misc | C77: 2299 | D77: =C77/$J$1 -> 1.8884508 | E77: 2299 | F77: =E77/$J$2 -> 1.8884508 | G77: =F77-D77 -> 0 | H77: =G77/D77 -> 0
B78: Central Services Total | C78: =SUM(C73:C77) -> 1053502 | D78: =C78/$J$1 -> 865.37046 | E78: =SUM(E73:E77) -> 1115934 | F78: =E78/$J$2 -> 916.65352 | G78: =F78-D78 -> 51.283062 | H78: =G78/D78 -> 0.059261397
B80: Operating/Maintenance
A81: 100 | B81: Salaries | C81: 333209 | D81: =C81/$J$1 -> 273.70544 | E81: 316820 | F81: =E81/$J$2 -> 260.24314 | G81: =F81-D81 -> -13.462297 | H81: =G81/D81 -> -0.049185346
A82: 200 | B82: Benefits | C82: 166125 | D82: =C82/$J$1 -> 136.45885 | E82: 157849 | F82: =E82/$J$2 -> 129.66075 | G82: =F82-D82 -> -6.7980943 | H82: =G82/D82 -> -0.049817908
A83: 500 | B83: Purchase Services | C83: 938821 | D83: =C83/$J$1 -> 771.16888 | E83: 923148 | F83: =E83/$J$2 -> 758.29473 | G83: =F83-D83 -> -12.874158 | H83: =G83/D83 -> -0.016694343
A84: 600 | B84: Supplies | C84: 770256 | D84: =C84/$J$1 -> 632.70577 | E84: 777042 | F84: =E84/$J$2 -> 638.27994 | G84: =F84-D84 -> 5.5741745 | H84: =G84/D84 -> 0.008810058
A85: 900 | B85: Misc | C85: 1969 | D85: =C85/$J$1 -> 1.6173813 | E85: 1969 | F85: =E85/$J$2 -> 1.6173813 | G85: =F85-D85 -> 0 | H85: =G85/D85 -> 0
B86: Central Services Total | C86: =SUM(C81:C85) -> 2210380 | D86: =C86/$J$1 -> 1815.6563 | E86: =SUM(E81:E85) -> 2176828 | F86: =E86/$J$2 -> 1788.0959 | G86: =F86-D86 -> -27.560375 | H86: =G86/D86 -> -0.01517929
B88: Student Transportation
A89: 100 | B89: Salaries | C89: 600931 | D89: =C89/$J$1 -> 493.61837 | E89: 507285 | F89: =E89/$J$2 -> 416.69542 | G89: =F89-D89 -> -76.922951 | H89: =G89/D89 -> -0.15583486
A90: 200 | B90: Benefits | C90: 275984 | D90: =C90/$J$1 -> 226.69952 | E90: 273891 | F90: =E90/$J$2 -> 224.98029 | G90: =F90-D90 -> -1.7192377 | H90: =G90/D90 -> -0.007583773
A91: 500 | B91: Purchase Services | C91: 147200 | D91: =C91/$J$1 -> 120.91342 | E91: 147373 | F91: =E91/$J$2 -> 121.05553 | G91: =F91-D91 -> 0.14210613 | H91: =G91/D91 -> 0.0011752717
A92: 600 | B92: Supplies | C92: 357915 | D92: =C92/$J$1 -> 293.99951 | E92: 373020 | F92: =E92/$J$2 -> 306.4071 | G92: =F92-D92 -> 12.40759 | H92: =G92/D92 -> 0.042202758
A93: 700 | B93: Property | C93: 30000 | D93: =C93/$J$1 -> 24.642681 | E93: 30000 | F93: =E93/$J$2 -> 24.642681 | G93: =F93-D93 -> 0 | H93: =G93/D93 -> 0
A94: 900 | B94: Misc | C94: 1333 | D94: =C94/$J$1 -> 1.0949565 | E94: 183 | F94: =E94/$J$2 -> 0.15032035 | G94: =F94-D94 -> -0.94463611 | H94: =G94/D94 -> -0.86271568
B95: Student Transportation Total | C95: =SUM(C89:C94) -> 1413363 | D95: =C95/$J$1 -> 1160.9685 | E95: =SUM(E89:E94) -> 1331752 | F95: =E95/$J$2 -> 1093.9313 | G95: =F95-D95 -> -67.037128 | H95: =G95/D95 -> -0.05774242
B97: Other
A98: 500 | B98: Purchased Services | C98: 0 | D98: =C98/$J$1 -> 0 | E98: 3911 | F98: =E98/$J$2 -> 3.2125842 | G98: =F98-D98 -> 3.2125842 | H98: =G98/D98 -> #DIV/0!
A99: 600 | B99: Supplies | C99: 0 | D99: =C99/$J$1 -> 0 | E99: 600 | F99: =E99/$J$2 -> 0.49285362 | G99: =F99-D99 -> 0.49285362 | H99: =G99/D99 -> #DIV/0!
C100: =SUM(C98:C99) -> 0 | D100: =C100/$J$1 -> 0 | E100: =SUM(E98:E99) -> 4511 | F100: =E100/$J$2 -> 3.7054378 | G100: =F100-D100 -> 3.7054378 | H100: =G100/D100 -> #DIV/0!
B102: Other Fund Transfers
A103: 910 | B103: Interfund Transfers | C103: 1135642 | D103: =C103/$J$1 -> 932.84212 | E103: 1186377 | F103: =E103/$J$2 -> 974.517 | G103: =F103-D103 -> 41.674881 | H103: =G103/D103 -> 0.044675171
B104: Other Fund Transfers Total | C104: =SUM(C103:C103) -> 1135642 | D104: =C104/$J$1 -> 932.84212 | E104: =SUM(E103:E103) -> 1186377 | F104: =E104/$J$2 -> 974.517 | G104: =F104-D104 -> 41.674881 | H104: =G104/D104 -> 0.044675171
B106: Total Undistributed Expenditures | C106: 7949004 | D106: =C106/$J$1 -> 6529.4924 | E106: 7956877 | F106: =E106/$J$2 -> 6535.9594 | G106: =F106-D106 -> 6.4670609 | H106: =G106/D106 -> 0.00099043855
B108: Total Expenditures | C108: 11199473 | D108: =C108/$J$1 -> 9199.5014 | E108: 12999041 | F108: =E108/$J$2 -> 10677.707 | G108: =F108-D108 -> 1478.206 | H108: =G108/D108 -> 0.16068328
A110: 8000 | B110: Ending Fund Balance
B111: Reserved NPM per NRS | C111: 1618706 | D111: =C111/$J$1 -> 1329.6419 | E111: 0 | F111: =E111/$J$2 -> 0 | G111: =F111-D111 -> -1329.6419 | H111: =G111/D111 -> -1
B112: Ending Fund Balance (other) | C112: 1054311 | D112: =C112/$J$1 -> 866.03499 | E112: 3031008 | F112: =E112/$J$2 -> 2489.7388 | G112: =F112-D112 -> 1623.7038 | H112: =G112/D112 -> 1.8748709
B113: Ending Fund Balance Total | C113: =SUM(C111:C112) -> 2673017 | D113: =C113/$J$1 -> 2195.6769 | E113: =SUM(E111:E112) -> 3031008 | F113: =E113/$J$2 -> 2489.7388 | G113: =F113-D113 -> 294.06194 | H113: =G113/D113 -> 0.13392769
B115: Total Applications | C115: 15577342 | D115: =C115/$J$1 -> 12795.582 | E115: 1603049 | F115: =E115/$J$2 -> 1316.7808 | G115: =F115-D115 -> -11478.802 | H115: =G115/D115 -> -0.89709098
A117: Class Size Reduction
A118: 100 | B118: Regular Programs | C118: 364190 | D118: =C118/$J$1 -> 299.15393 | E118: 364190 | F118: =E118/$J$2 -> 299.15393 | G118: =F118-D118 -> 0 | H118: =G118/D118 -> 0
...

Sheet Washoe Revenue
B1: Local Revenue | C1: 18-19 | D1: 18-19 Per Pupil | E1: 19-20 | F1: 19-20 Per Pupil | G1: Difference | H1: % difference | J1: 63311.7 | K1: BSG | L1: 6304
A2: 1110 | B2: Property Tax | C2: 110388289 | D2: =C2/$J$1 -> 1743.5686 | E2: 116970855 | F2: =E2/$J$2 -> 1840.455 | G2: =F2-D2 -> 96.88647 | H2: =G2/D2 -> 0.055567915 | J2: 63555.4
A3: 1120 | B3: School Support Tax | C3: 204138121 | D3: =C3/$J$1 -> 3224.3349 | E3: 218447651 | F3: =E3/$J$2 -> 3437.1218 | G3: =F3-D3 -> 212.78695 | H3: =G3/D3 -> 0.06599406
A4: 1191 | B4: Franchise Tax | C4: 250000 | D4: =C4/$J$1 -> 3.9487172 | E4: 250000 | F4: =E4/$J$2 -> 3.9335761 | G4: =F4-D4 -> -0.015141159 | H4: =G4/D4 -> -0.0038344499
A5: 1192 | B5: Governmental Services Tax | C5: 18701868 | D5: =C5/$J$1 -> 295.39355 | E5: 21315759 | F5: =E5/$J$2 -> 335.38864 | G5: =F5-D5 -> 39.995084 | H5: =G5/D5 -> 0.13539593
A6: 1210 | B6: Boat Tax | C6: 185000 | D6: =C6/$J$1 -> 2.9220507 | E6: 185000 | F6: =E6/$J$2 -> 2.9108463 | G6: =F6-D6 -> -0.011204457 | H6: =G6/D6 -> -0.0038344499
A7: 1300 | B7: Tuition | C7: 316000 | D7: =C7/$J$1 -> 4.9911786 | E7: 316000 | F7: =E7/$J$2 -> 4.9720401 | G7: =F7-D7 -> -0.019138424 | H7: =G7/D7 -> -0.0038344499
A8: 1400 | B8: Transportation | C8: 620000 | D8: =C8/$J$1 -> 9.7928187 | E8: 620000 | F8: =E8/$J$2 -> 9.7552686 | G8: =F8-D8 -> -0.037550073 | H8: =G8/D8 -> -0.0038344499
A9: 1500 | B9: Earnings on Investments | C9: 350000 | D9: =C9/$J$1 -> 5.5282041 | E9: 1000000 | F9: =E9/$J$2 -> 15.734304 | G9: =F9-D9 -> 10.2061 | H9: =G9/D9 -> 1.8461873
A10: 1700 | B10: Districts Activities Revenue | C10: 170000 | D10: =C10/$J$1 -> 2.6851277 | E10: 270000 | F10: =E10/$J$2 -> 4.2482621 | G10: =F10-D10 -> 1.5631344 | H10: =G10/D10 -> 0.58214529
A11: 1900 | B11: Other Revenues | C11: 30000 | D11: =C11/$J$1 -> 0.47384607 | E11: 30000 | F11: =E11/$J$2 -> 0.47202913 | G11: =F11-D11 -> -0.001816939 | H11: =G11/D11 -> -0.0038344499
A12: 1920 | B12: Rentals | C12: 135000 | D12: =C12/$J$1 -> 2.1323073 | E12: 135000 | F12: =E12/$J$2 -> 2.1241311 | G12: =F12-D12 -> -0.0081762256 | H12: =G12/D12 -> -0.0038344499
A13: 1920 | B13: Donations | C13: 10000 | D13: =C13/$J$1 -> 0.15794869 | E13: 10000 | F13: =E13/$J$2 -> 0.15734304 | G13: =F13-D13 -> -0.00060564634 | H13: =G13/D13 -> -0.0038344499
A14: 1990 | B14: Misc. | C14: 3735000 | D14: =C14/$J$1 -> 58.993835 | E14: 4075000 | F14: =E14/$J$2 -> 64.11729 | G14: =F14-D14 -> 5.1234545 | H14: =G14/D14 -> 0.086847287
B15: Local Total | C15: =SUM(C2:C14) -> 339029278 | D15: =C15/$J$1 -> 5354.923 | E15: =SUM(E2:E14) -> 363625265 | F15: =E15/$J$2 -> 5721.3906 | G15: =F15-D15 -> 366.46756 | H15: =G15/D15 -> 0.068435636
B17: State Revenue
A18: 3110 | B18: Distributive School Account | C18: 116897984 | D18: =C18/$J$1 -> 1846.3883 | E18: 118809948 | F18: =E18/$J$2 -> 1869.3919 | G18: =F18-D18 -> 23.00354 | H18: =G18/D18 -> 0.012458668
A19: 3900 | B19: For/on behalf of School Districts | C19: 6609762 | D19: =C19/$J$1 -> 104.40032 | E19: 5294592 | F19: =E19/$J$2 -> 83.306721 | G19: =F19-D19 -> -21.093603 | H19: =G19/D19 -> -0.20204538
B20: State Total | C20: =SUM(C18:C19) -> 123507746 | D20: =C20/$J$1 -> 1950.7887 | E20: =SUM(E18:E18) -> 118809948 | F20: =E20/$J$2 -> 1869.3919 | G20: =F20-D20 -> -81.396784 | H20: =G20/D20 -> -0.041725066
B22: Federal Revenue
A23: 4103 | B23: Energy Education | C23: 300000 | D23: =C23/$J$1 -> 4.7384607 | E23: 300000 | F23: =E23/$J$2 -> 4.7202913 | G23: =F23-D23 -> -0.01816939 | H23: =G23/D23 -> -0.0038344499
A24: 4710 | B24: Forrest Revenue | C24: 25000 | D24: =C24/$J$1 -> 0.39487172 | E24: 25000 | F24: =E24/$J$2 -> 0.39335761 | G24: =F24-D24 -> -0.0015141159 | H24: =G24/D24 -> -0.0038344499
A25: 4800 | B25: Revenue in Lieu of Taxes | C25: 165000 | D25: =C25/$J$1 -> 2.6061534 | E25: 165000 | F25: =E25/$J$2 -> 2.5961602 | G25: =F25-D25 -> -0.0099931646 | H25: =G25/D25 -> -0.0038344499
B26: Federal Total | C26: =SUM(C23:C25) -> 490000 | D26: =C26/$J$1 -> 7.7394858 | E26: =SUM(E23:E25) -> 490000 | F26: =E26/$J$2 -> 7.7098091 | G26: =F26-D26 -> -0.029676671 | H26: =G26/D26 -> -0.0038344499
B28: Other Sources of Fund
A29: 5300 | B29: Gain/loss of disposal of Assets | C29: 80000 | D29: =C29/$J$1 -> 1.2635895 | E29: 80000 | F29: =E29/$J$2 -> 1.2587443 | G29: =F29-D29 -> -0.0048451707 | H29: =G29/D29 -> -0.0038344499
A30: 5500 | B30: Capital lease proceeds | C30: 0 | D30: =C30/$J$1 -> 0 | E30: 150000 | F30: =E30/$J$2 -> 2.3601456 | G30: =F30-D30 -> 2.3601456 | H30: =G30/D30 -> #DIV/0!
B31: Other Sources of Fund Total | C31: =SUM(C29:C30) -> 80000 | D31: =C31/$J$1 -> 1.2635895 | E31: =SUM(E29:E30) -> 230000 | F31: =E31/$J$2 -> 3.61889 | G31: =F31-D31 -> 2.3553005 | H31: =G31/D31 -> 1.863976
B33: Opening Fund Balance Revenue
B34: Reserved Opening Balance | C34: 11701210 | D34: =C34/$J$1 -> 184.81908 | E34: 1283456 | F34: =E34/$J$2 -> 20.194287 | G34: =F34-D34 -> -164.62479 | H34: =G34/D34 -> -0.89073483
B35: Opening Balance (other) | C35: 29181496 | D35: =C35/$J$1 -> 460.9179 | E35: 34996591 | F35: =E35/$J$2 -> 550.64701 | G35: =F35-D35 -> 89.729107 | H35: =G35/D35 -> 0.19467481
B36: Opening Fund Balance Total | C36: =SUM(C34:C35) -> 40882706 | D36: =C36/$J$1 -> 645.73698 | E36: =SUM(E34:E35) -> 36280047 | F36: =E36/$J$2 -> 570.8413 | G36: =F36-D36 -> -74.895683 | H36: =G36/D36 -> -0.11598481
B38: Total Resources | C38: 503989730 | D38: =C38/$J$1 -> 7960.4517 | E38: 524579852 | F38: =E38/$J$2 -> 8253.899 | G38: =F38-D38 -> 293.44729 | H38: =G38/D38 -> 0.036863146
B40: Building and Sites Fund
A41: 1910 | B41: Rentals | C41: 100000 | D41: =C41/$J$1 -> 1.5794869 | E41: 100000 | F41: =E41/$J$2 -> 1.5734304 | G41: =F41-D41 -> -0.0060564634 | H41: =G41/D41 -> -0.0038344499
A42: 1000 | B42: Local Sources | C42: =C41 -> 100000 | D42: =D41 -> 1.5794869 | E42: =E41 -> 100000 | F42: =E42/$J$2 -> 1.5734304 | G42: =F42-D42 -> -0.0060564634 | H42: =G42/D42 -> -0.0038344499
B43: Total Resources | C43: 1043419 | D43: =C43/$J$1 -> 16.480666 | E43: 200000 | F43: =E43/$J$2 -> 3.1468608 | G43: =F43-D43 -> -13.333805 | H43: =G43/D43 -> -0.80905743
A45: Capital Projects - Sales Tax 2017
A46: 1400 | B46: Transportation Fee | C46: 947675 | D46: =C46/$J$1 -> 14.968402 | E46: 0 | F46: =E46/$J$2 -> 0 | G46: =F46-D46 -> -14.968402 | H46: =G46/D46 -> -1
A47: 1000 | B47: Local Sources | C47: =C46 -> 947675 | D47: =D46 -> 14.968402 | E47: =E46 -> 0 | F47: =E47/$J$2 -> 0 | G47: =F47-D47 -> -14.968402 | H47: =G47/D47 -> -1
B48: Total Resources | C48: 181993489 | D48: =C48/$J$1 -> 2874.5633 | E48: 0 | F48: =E48/$J$2 -> 0 | G48: =F48-D48 -> -2874.5633 | H48: =G48/D48 -> -1
A50: Capital Projects - Sales Tax 2018
A51: 5110 | B51: Issuance of Bonds | C51: 85000000 | D51: =C51/$J$1 -> 1342.5639 | E51: 0 | F51: =E51/$J$2 -> 0 | G51: =F51-D51 -> -1342.5639 | H51: =G51/D51 -> -1
A52: 5120 | B52: Premium of Bond Sale | C52: 3332852 | D52: =C52/$J$1 -> 52.64196 | E52: 0 | F52: =E52/$J$2 -> 0 | G52: =F52-D52 -> -52.64196 | H52: =G52/D52 -> -1
B53: Total Resources | C53: =SUM(C51:C52) -> 88332852 | D53: =C53/$J$1 -> 1395.2058 | E53: 4800000 | F53: =E53/$J$2 -> 75.52466 | G53: =F53-D53 -> -1319.6812 | H53: =G53/D53 -> -0.94586844
A55: Capital Projects - Sales Tax 2019
A56: 5100 | B56: Issuance of Bond | C56: 0 | D56: =C56/$J$1 -> 0 | E56: 285000000 | F56: =E56/$J$2 -> 4484.2767 | G56: =F56-D56 -> 4484.2767 | H56: =G56/D56 -> #DIV/0!
A57: 5120 | B57: Premium of Bond Sale | C57: 0 | D57: =C57/$J$1 -> 0 | E57: 3420000 | F57: =E57/$J$2 -> 53.811321 | G57: =F57-D57 -> 53.811321 | H57: =G57/D57 -> #DIV/0!
B58: Total Resources | C58: 0 | D58: =C58/$J$1 -> 0 | E58: =SUM(E56:E57) -> 288420000 | F58: =E58/$J$2 -> 4538.088 | G58: =F58-D58 -> 4538.088 | H58: =G58/D58 -> #DIV/0!
A60: Capital Projects - Sales Tax WC1
A61: 1112 | B61: Net Proceeds from Mines - PY | C61: 45845941 | D61: =C61/$J$1 -> 724.13063 | E61: 48138238 | F61: =E61/$J$2 -> 757.42168 | G61: =F61-D61 -> 33.291056 | H61: =G61/D61 -> 0.045973826
A62: 1000 | B62: Local Total | C62: =C61 -> 45845941 | D62: =C62/$J$1 -> 724.13063 | E62: =E61 -> 48138238 | F62: =E62/$J$2 -> 757.42168 | G62: =F62-D62 -> 33.291056 | H62: =G62/D62 -> 0.045973826
B63: Total Resources | C63: 63063749 | D63: =C63/$J$1 -> 996.08365 | E63: 55938238 | F63: =E63/$J$2 -> 880.14926 | G63: =F63-D63 -> -115.93439 | H63: =G63/D63 -> -0.11639022
A65: Capital Projects - AB299 Indian Colony Funding
A66: 1200 | B66: Local Gov Units - Not School Districts | C66: 491000 | D66: =C66/$J$1 -> 7.7552806 | E66: 490000 | F66: =E66/$J$2 -> 7.7098091 | G66: =F66-D66 -> -0.04547154 | H66: =G66/D66 -> -0.0058633004
A67: 1000 | B67: Local Total | C67: =C66 -> 491000 | D67: =C67/$J$1 -> 7.7552806 | E67: =E66 -> 490000 | F67: =E67/$J$2 -> 7.7098091 | G67: =F67-D67 -> -0.04547154 | H67: =G67/D67 -> -0.0058633004
B68: Total Resources | C68: 1017590 | D68: =C68/$J$1 -> 16.072701 | E68: 800000 | F68: =E68/$J$2 -> 12.587443 | G68: =F68-D68 -> -3.4852572 | H68: =G68/D68 -> -0.21684329
A70: Capital Projects - 2011A Rollover Bonds
B71: Total Resources | C71: 7664 | D71: =C71/$J$1 -> 0.12105188 | E71: 0 | F71: =E71/$J$2 -> 0 | G71: =F71-D71 -> -0.12105188 | H71: =G71/D71 -> -1
A73: Capital Projects - 2009B-RZEDB Reno
B74: Total Resources | C74: =12542+64550 -> 77092 | D74: =C74/$J$1 -> 1.217658 | E74: 0 | F74: =E74/$J$2 -> 0 | G74: =F74-D74 -> -1.217658 | H74: =G74/D74 -> -1
A76: Capital Projects - 2009B-RZEDB Reno
B77: Total Resources | C77: 525 | D77: =C77/$J$1 -> 0.0082923062 | E77: 0 | F77: =E77/$J$2 -> 0 | G77: =F77-D77 -> -0.0082923062 | H77: =G77/D77 -> -1
A79: Capital Projects - 2011B Rollover Bonds
B80: Total Resources | C80: 492261 | D80: =C80/$J$1 -> 7.7751979 | E80: 0 | F80: =E80/$J$2 -> 0 | G80: =F80-D80 -> -7.7751979 | H80: =G80/D80 -> -1
A82: Capital Projects -Government Services
A83: 1192 | B83: Governmental Services Tax | C83: 4797435 | D83: =C83/$J$1 -> 75.774857 | E83: 5521322 | F83: =E83/$J$2 -> 86.87416 | G83: =F83-D83 -> 11.099303 | H83: =G83/D83 -> 0.14647739
A84: 1500 | B84: Earnings On Investment | C84: 0 | D84: =C84/$J$1 -> 0 | E84: 110000 | F84: =E84/$J$2 -> 1.7307735 | G84: =F84-D84 -> 1.7307735 | H84: =G84/D84 -> #DIV/0!
A85: 1000 | B85: Total Local | C85: =SUM(C83:C84) -> 4797435 | D85: =C85/$J$1 -> 75.774857 | E85: =SUM(E83:E84) -> 5631322 | F85: =E85/$J$2 -> 88.604934 | G85: =F85-D85 -> 12.830077 | H85: =G85/D85 -> 0.16931839
B86: Total Resources | C86: 12293361 | D86: =C86/$J$1 -> 194.17203 | E86: 15114457 | F86: =E86/$J$2 -> 237.81546 | G86: =F86-D86 -> 43.64344 | H86: =G86/D86 -> 0.22476688
A88: Capital Projects -2016A Extended Rollover
B89: Total Resources | C89: 7168186 | D89: =C89/$J$1 -> 113.22056 | E89: 0 | F89: =E89/$J$2 -> 0 | G89: =F89-D89 -> -113.22056 | H89: =G89/D89 -> -1
A91: Capital Projects - 2016B Extended Bond Rollover
B92: Total Resources | C92: 5756273 | D92: =C92/$J$1 -> 90.919577 | E92: 0 | F92: =E92/$J$2 -> 0 | G92: =F92-D92 -> -90.919577 | H92: =G92/D92 -> -1
A94: Capital Pojects - 2017A Extended Bond Rollover
B95: Total Resources | C95: 33338804 | D95: =C95/$J$1 -> 526.58204 | E95: 2000 | F95: =E95/$J$2 -> 0.031468608 | G95: =F95-D95 -> -526.55057 | H95: =G95/D95 -> -0.99994024
B97: Capital Pojects - 2017B Extended Bond Rollover
B98: Total Resources | C98: 13930656 | D98: =C98/$J$1 -> 220.03288 | F98: =E98/$J$2 -> 0 | G98: =F98-D98 -> -220.03288 | H98: =G98/D98 -> -1
A100: Capital Pojects - 2019Extended Bond Rollover
A101: 5100 | B101: Issuance of Bond | C101: 0 | D101: =C101/$J$1 -> 0 | E101: 75000000 | F101: =E101/$J$2 -> 1180.0728 | G101: =F101-D101 -> 1180.0728 | H101: =G101/D101 -> #DIV/0!
A102: 5120 | B102: Permium on Bond Sale | C102: 0 | D102: =C102/$J$1 -> 0 | E102: 627924 | F102: =E102/$J$2 -> 9.8799473 | G102: =F102-D102 -> 9.8799473 | H102: =G102/D102 -> #DIV/0!
B103: Total Resources | C103: =SUM(C101:C102) -> 0 | D103: =C103/$J$1 -> 0 | E103: =SUM(E101:E102) -> 75627924 | F103: =E103/$J$2 -> 1189.9528 | G103: =F103-D103 -> 1189.9528 | H103: =G103/D103 -> #DIV/0!
A105: Capital Pojects - 2012 Rollover Bond
B106: Total Resources | C106: 4489425 | D106: =C106/$J$1 -> 70.909879 | E106: 0 | F106: =E106/$J$2 -> 0 | G106: =F106-D106 -> -70.909879 | H106: =G106/D106 -> -1
A108: Special Revenue
A109: 1500 | B109: Earnings on Investment | C109: 23929 | D109: =C109/$J$1 -> 0.37795542 | E109: 15267 | F109: =E109/$J$2 -> 0.24021562 | G109: =F109-D109 -> -0.13773979 | H109: =G109/D109 -> -0.36443397
A110: 1900 | B110: Othe Revenue | C110: 441159 | D110: =C110/$J$1 -> 6.9680486 | E110: 453291 | F110: =E110/$J$2 -> 7.1322185 | G110: =F110-D110 -> 0.16416995 | H110: =G110/D110 -> 0.023560391
A111: 1920 | B111: Donations | C111: 2688715 | D111: =C111/$J$1 -> 42.467901 | E111: 2678715 | F111: =E111/$J$2 -> 42.147717 | G111: =F111-D111 -> -0.32018408 | H111: =G111/D111 -> -0.0075394375
A112: 1950 | B112: Services Provided by other Governments | C112: 425000 | D112: =C112/$J$1 -> 6.7128193 | E112: 425000 | F112: =E112/$J$2 -> 6.6870793 | G112: =F112-D112 -> -0.025739969 | H112: =G112/D112 -> -0.0038344499
A113: 1000 | B113: Local Total | C113: =SUM(C109:C112) -> 3578803 | D113: =C113/$J$1 -> 56.526724 | E113: =SUM(E109:E112) -> 3572273 | F113: =E113/$J$2 -> 56.20723 | G113: =F113-D113 -> -0.3194939 | H113: =G113/D113 -> -0.0056520859
A114: 3200 | B114: Restricted Funding | C114: 29545364 | D114: =C114/$J$1 -> 466.66515 | E114: 29545364 | F114: =E114/$J$2 -> 464.87575 | G114: =F114-D114 -> -1.7894042 | H114: =G114/D114 -> -0.0038344499
A115: 3220 | B115: Adult High School Diploma | C115: 1508529 | D115: =C115/$J$1 -> 23.827018 | E115: 1508529 | F115: =E115/$J$2 -> 23.735654 | G115: =F115-D115 -> -0.091363507 | H115: =G115/D115 -> -0.0038344499
A116: 3000 | B116: State Total | C116: =SUM(C114:C115) -> 31053893 | D116: =C116/$J$1 -> 490.49217 | E116: =SUM(E114:E115) -> 31053893 | F116: =E116/$J$2 -> 488.6114 | G116: =F116-D116 -> -1.8807677 | H116: =G116/D116 -> -0.0038344499
A117: 4300 | B117: Restricted - Direct | C117: 2403837 | D117: =C117/$J$1 -> 37.96829 | E117: 2403837 | F117: =E117/$J$2 -> 37.822703 | G117: =F117-D117 -> -0.14558751 | H117: =G117/D117 -> -0.0038344499
A118: 4500 | B118: Restricted - State Agency | C118: 39978200 | D118: =C118/$J$1 -> 631.45043 | E118: 39978200 | F118: =E118/$J$2 -> 629.02916 | G118: =F118-D118 -> -2.4212651 | H118: =G118/D118 -> -0.0038344499
A119: 4700 | B119: Federal Other Flow Through | C119: 3705934 | D119: =C119/$J$1 -> 58.534742 | E119: 4255934 | F119: =E119/$J$2 -> 66.96416 | G119: =F119-D119 -> 8.4294188 | H119: =G119/D119 -> 0.14400711
A120: 4710 | B120: Forrest Revenue | C120: 718261 | D120: =C120/$J$1 -> 11.344838 | E120: 0 | F120: =E120/$J$2 -> 0 | G120: =F120-D120 -> -11.344838 | H120: =G120/D120 -> -1
A121: 4000 | B121: Federal Total | C121: =SUM(C117:C120) -> 46806232 | D121: =C121/$J$1 -> 739.2983 | E121: =SUM(E117:E120) -> 46637971 | F121: =E121/$J$2 -> 733.81603 | G121: =F121-D121 -> -5.4822721 | H121: =G121/D121 -> -0.0074155075
B122: Total Resources | C122: 86097631 | D122: =C122/$J$1 -> 1359.9008 | E122: 84384539 | F122: =E122/$J$2 -> 1327.732 | G122: =F122-D122 -> -32.168782 | H122: =G122/D122 -> -0.023655242
A124: Special Education Fund
...

Sheet Washoe Expenditure
A1: 100 | B1: Regular Programs | C1: 18-19 | D1: 18-19 Per Pupil | E1: 19-20 | F1: 19-20 Per Pupil | G1: Differences | H1: % Difference | J1: 63311.7
B2: Instruction | J2: 63555.4
A3: 100 | B3: Salaries | C3: 142367144 | D3: =C3/$J$1 -> 2248.6704 | E3: 145909072 | F3: =E3/$J$2 -> 2295.7777 | G3: =F3-D3 -> 47.107359 | H3: =G3/D3 -> 0.020948984
A4: 200 | B4: Benefits | C4: 62411064 | D4: =C4/$J$1 -> 985.77457 | E4: 66757218 | F4: =E4/$J$2 -> 1050.3784 | G4: =F4-D4 -> 64.603806 | H4: =G4/D4 -> 0.065536085
A5: 500 | B5: Purchase Services | C5: 2146954 | D5: =C5/$J$1 -> 33.910857 | E5: 2193352 | F5: =E5/$J$2 -> 34.510868 | G5: =F5-D5 -> 0.60001076 | H5: =G5/D5 -> 0.017693766
A6: 600 | B6: Supplies | C6: 10512631 | D6: =C6/$J$1 -> 166.04563 | E6: 8395620 | F6: =E6/$J$2 -> 132.09924 | G6: =F6-D6 -> -33.946389 | H6: =G6/D6 -> -0.20444012
A7: 700 | B7: Property | C7: 273903 | D7: =C7/$J$1 -> 4.326262 | E7: 181285 | F7: =E7/$J$2 -> 2.8523933 | G7: =F7-D7 -> -1.4738686 | H7: =G7/D7 -> -0.34067947
A8: 900 | B8: Misc. | C8: 59179 | D8: =C8/$J$1 -> 0.93472455 | E8: 65429 | F8: =E8/$J$2 -> 1.0294798 | G8: =F8-D8 -> 0.094755247 | H8: =G8/D8 -> 0.10137237
A9: 100 | B9: Regular Programs Total | C9: =SUM(C3:C8) -> 217770875 | D9: =C9/$J$1 -> 3439.6624 | E9: =SUM(E3:E8) -> 223501976 | F9: =E9/$J$2 -> 3516.6481 | G9: =F9-D9 -> 76.985673 | H9: =G9/D9 -> 0.022381753
A11: 270 | B11: Gifted and Talented
B12: Instruction
A13: 100 | B13: Salaries | C13: 2635636 | D13: =C13/$J$1 -> 41.629525 | E13: 2742171 | F13: =E13/$J$2 -> 43.146153 | G13: =F13-D13 -> 1.5166278 | H13: =G13/D13 -> 0.036431542
A14: 200 | B14: Benefits | C14: 1196640 | D14: =C14/$J$1 -> 18.900772 | E14: 1263636 | F14: =E14/$J$2 -> 19.882433 | G14: =F14-D14 -> 0.98166138 | H14: =G14/D14 -> 0.051937635
A15: 500 | B15: Purchase Services | C15: 20441 | D15: =C15/$J$1 -> 0.32286291 | E15: 20455 | F15: =E15/$J$2 -> 0.32184519 | G15: =F15-D15 -> -0.0010177214 | H15: =G15/D15 -> -0.0031521782
A16: 600 | B16: Supplies | C16: 85295 | D16: =C16/$J$1 -> 1.3472233 | E16: 88788 | F16: =E16/$J$2 -> 1.3970174 | G16: =F16-D16 -> 0.049794064 | H16: =G16/D16 -> 0.036960512
B17: Instructional Staff Support
A18: 100 | B18: Salaries | C18: 523683 | D18: =C18/$J$1 -> 8.2715043 | E18: 505879 | F18: =E18/$J$2 -> 7.9596541 | G18: =F18-D18 -> -0.31185022 | H18: =G18/D18 -> -0.037701754
A19: 200 | B19: Benefits | C19: 186747 | D19: =C19/$J$1 -> 2.9496444 | E19: 212490 | F19: =E19/$J$2 -> 3.3433823 | G19: =F19-D19 -> 0.39373793 | H19: =G19/D19 -> 0.13348658
A20: 500 | B20: Purchase Services | C20: 91066 | D20: =C20/$J$1 -> 1.4383755 | E20: 91066 | F20: =E20/$J$2 -> 1.4328602 | G20: =F20-D20 -> -0.005515379 | H20: =G20/D20 -> -0.0038344499
A21: 600 | B21: Supplies | C21: 6173 | D21: =C21/$J$1 -> 0.097501726 | E21: 9667 | F21: =E21/$J$2 -> 0.15210352 | G21: =F21-D21 -> 0.054601794 | H21: =G21/D21 -> 0.56000848
A22: 270 | B22: Gifted and Talented Total | C22: =SUM(C13:C21) -> 4745681 | D22: =C22/$J$1 -> 74.957409 | E22: =SUM(E13:E21) -> 4934152 | F22: =E22/$J$2 -> 77.635449 | G22: =F22-D22 -> 2.6780396 | H22: =G22/D22 -> 0.035727484
A24: 300 | B24: Vocational & Tech
B25: Instruction
A26: 100 | B26: Salaries | C26: 3462202 | D26: =C26/$J$1 -> 54.685027 | E26: 3639928 | F26: =E26/$J$2 -> 57.271735 | G26: =F26-D26 -> 2.586708 | H26: =G26/D26 -> 0.047301942
A27: 200 | B27: Benefits | C27: 1623490 | D27: =C27/$J$1 -> 25.642812 | E27: 1700516 | F27: =E27/$J$2 -> 26.756436 | G27: =F27-D27 -> 1.1136244 | H27: =G27/D27 -> 0.043428328
A28: 500 | B28: Purchase Services | C28: 34821 | D28: =C28/$J$1 -> 0.54999313 | E28: 34900 | F28: =E28/$J$2 -> 0.54912722 | G28: =F28-D28 -> -0.00086591109 | H28: =G28/D28 -> -0.0015744035
A29: 600 | B29: Supplies | C29: 146969 | D29: =C29/$J$1 -> 2.3213561 | E29: 143067 | F29: =E29/$J$2 -> 2.2510597 | G29: =F29-D29 -> -0.070296379 | H29: =G29/D29 -> -0.030282463
A30: 700 | B30: Property | C30: 1000 | D30: =C30/$J$1 -> 0.015794869 | E30: 1000 | F30: =E30/$J$2 -> 0.015734304 | G30: =F30-D30 -> -6.0564634e-05 | H30: =G30/D30 -> -0.0038344499
A31: 900 | B31: Misc. | C31: 700 | D31: =C31/$J$1 -> 0.011056408 | E31: 700 | F31: =E31/$J$2 -> 0.011014013 | G31: =F31-D31 -> -4.2395244e-05 | H31: =G31/D31 -> -0.0038344499
B32: Instructional Staff Support
A33: 100 | B33: Salaries | C33: 197671 | D33: =C33/$J$1 -> 3.1221875 | E33: 202942 | F33: =E33/$J$2 -> 3.1931512 | G33: =F33-D33 -> 0.070963646 | H33: =G33/D33 -> 0.022728822
A34: 200 | B34: Benefits | C34: 64636 | D34: =C34/$J$1 -> 1.0209171 | E34: 89591 | F34: =E34/$J$2 -> 1.4096521 | G34: =F34-D34 -> 0.38873491 | H34: =G34/D34 -> 0.38077028
A35: 500 | B35: Purchase Services | C35: 3350 | D35: =C35/$J$1 -> 0.052912811 | E35: 3975 | F35: =E35/$J$2 -> 0.062543859 | G35: =F35-D35 -> 0.0096310486 | H35: =G35/D35 -> 0.18201733
A36: 600 | B36: Supplies | C36: 2784 | D36: =C36/$J$1 -> 0.043972915 | E36: 2784 | F36: =E36/$J$2 -> 0.043804303 | G36: =F36-D36 -> -0.00016861194 | H36: =G36/D36 -> -0.0038344499
A37: 300 | B37: Vocational & Tech Total | C37: =SUM(C26:C36) -> 5537623 | D37: =C37/$J$1 -> 87.466029 | E37: =SUM(E26:E36) -> 5819403 | F37: =E37/$J$2 -> 91.564257 | G37: =F37-D37 -> 4.0982281 | H37: =G37/D37 -> 0.046855084
A39: 420 | B39: English Language Learners
B40: Instruction
A41: 100 | B41: Salaries | C41: 7255672 | D41: =C41/$J$1 -> 114.60239 | E41: 7039922 | F41: =E41/$J$2 -> 110.76827 | G41: =F41-D41 -> -3.8341133 | H41: =G41/D41 -> -0.033455789
A42: 200 | B42: Benefits | C42: 3373674 | D42: =C42/$J$1 -> 53.286738 | E42: 3182559 | F42: =E42/$J$2 -> 50.075352 | G42: =F42-D42 -> -3.2113869 | H42: =G42/D42 -> -0.060266156
A43: 600 | B43: Supplies | C43: 15000 | D43: =C43/$J$1 -> 0.23692303 | E43: 15000 | F43: =E43/$J$2 -> 0.23601456 | G43: =F43-D43 -> -0.00090846951 | H43: =G43/D43 -> -0.0038344499
B44: Instructional Staff Report | D44: =C44/$J$1 -> 0 | F44: =E44/$J$2 -> 0 | G44: =F44-D44 -> 0 | H44: =G44/D44 -> #DIV/0!
A45: 100 | B45: Salaries | C45: 1774841 | D45: =C45/$J$1 -> 28.033381 | E45: 1564234 | F45: =E45/$J$2 -> 24.612134 | G45: =F45-D45 -> -3.4212472 | H45: =G45/D45 -> -0.12204191
A46: 200 | B46: Benefits | C46: 374741 | D46: =C46/$J$1 -> 5.918985 | E46: 675840 | F46: =E46/$J$2 -> 10.633872 | G46: =F46-D46 -> 4.7148872 | H46: =G46/D46 -> 0.79657023
A47: 500 | B47: Purchase Services | C47: 295271 | D47: =C47/$J$1 -> 4.6637667 | E47: 296396 | F47: =E47/$J$2 -> 4.6635848 | G47: =F47-D47 -> -0.0001818878 | H47: =G47/D47 -> -3.9000192e-05
A48: 600 | B48: Supplies | C48: 69911 | D48: =C48/$J$1 -> 1.1042351 | E48: 69911 | F48: =E48/$J$2 -> 1.1000009 | G48: =F48-D48 -> -0.0042341341 | H48: =G48/D48 -> -0.0038344499
A49: 420 | B49: English Language Learners Total | C49: =SUM(C41:C48) -> 13159110 | D49: =C49/$J$1 -> 207.84642 | E49: =SUM(E41:E48) -> 12843862 | F49: =E49/$J$2 -> 202.08923 | G49: =F49-D49 -> -5.7571846 | H49: =G49/D49 -> -0.027699225
A51: 440 | B51: Summer School
A52: 100 | B52: Salaries | C52: 267822 | D52: =C52/$J$1 -> 4.2302134 | E52: 248120 | F52: =E52/$J$2 -> 3.9039956 | G52: =F52-D52 -> -0.3262178 | H52: =G52/D52 -> -0.077116158
A53: 500 | B53: Purchase Services | C53: 19702 | D53: =C53/$J$1 -> 0.31119051 | E53: 19702 | F53: =E53/$J$2 -> 0.30999726 | G53: =F53-D53 -> -0.0011932444 | H53: =G53/D53 -> -0.0038344499
A54: 440 | B54: Summer School Total | C54: =SUM(C52:C53) -> 287524 | D54: =C54/$J$1 -> 4.5414039 | E54: =SUM(E52:E53) -> 267822 | F54: =E54/$J$2 -> 4.2139928 | G54: =F54-D54 -> -0.32741105 | H54: =G54/D54 -> -0.072094677
A56: 470 | B56: Remedial Programs
A57: 100 | B57: Salaries | C57: 390245 | D57: =C57/J1 -> 6.1638686 | E57: 479428 | F57: =E57/J2 -> 7.543466 | G57: =F57-D57 -> 1.3795974 | H57: =G57/D57 -> 0.22382005
A58: 500 | B58: Purchase Services | C58: 31855 | D58: =C58/J1 -> 0.50314555 | E58: 0 | F58: =E58/J2 -> 0 | G58: =F58-D58 -> -0.50314555 | H58: =G58/D58 -> -1
A59: 600 | B59: Supplies | C59: 22107 | D59: =C59/J1 -> 0.34917717 | E59: 0 | F59: =E59/J2 -> 0 | G59: =F59-D59 -> -0.34917717 | H59: =G59/D59 -> -1
A60: 470 | B60: Remedial Programs | C60: =SUM(C57:C59) -> 444207 | D60: =C60/J1 -> 7.0161913 | E60: =SUM(E57:E59) -> 479428 | F60: =E60/J2 -> 7.543466 | G60: =F60-D60 -> 0.5272747 | H60: =G60/D60 -> 0.075151128
A62: 910 | B62: Cocurricular Activities
A63: 100 | B63: Salaries | C63: 233156 | D63: =C63/$J$1 -> 3.6826684 | E63: 594952 | F63: =E63/$J$2 -> 9.3611558 | G63: =F63-D63 -> 5.6784873 | H63: =G63/D63 -> 1.5419491
A64: 200 | B64: Benefits | C64: 39126 | D64: =C64/$J$1 -> 0.61799004 | E64: 39126 | F64: =E64/$J$2 -> 0.61562039 | G64: =F64-D64 -> -0.0023696519 | H64: =G64/D64 -> -0.0038344499
B65: Student Trans
A66: 500 | B66: Purchase Services | C66: 84000 | D66: =C66/$J$1 -> 1.326769 | E66: 110000 | F66: =E66/$J$2 -> 1.7307735 | G66: =F66-D66 -> 0.40400448 | H66: =G66/D66 -> 0.30450251
B67: Student Support
A68: 100 | B68: Salaries | C68: 159038 | D68: =C68/$J$1 -> 2.5119844 | E68: 163205 | F68: =E68/$J$2 -> 2.5679171 | G68: =F68-D68 -> 0.055932768 | H68: =G68/D68 -> 0.022266368
A69: 200 | B69: Benefits | C69: 54941 | D69: =C69/$J$1 -> 0.86778589 | E69: 60664 | F69: =E69/$J$2 -> 0.95450583 | G69: =F69-D69 -> 0.086719942 | H69: =G69/D69 -> 0.099932417
A70: 910 | B70: Cocurricular Activities Total | C70: =SUM(C63:C69) -> 570261 | D70: =C70/$J$1 -> 9.0071977 | E70: =SUM(E63:E69) -> 967947 | F70: =E70/$J$2 -> 15.229973 | G70: =F70-D70 -> 6.2227749 | H70: =G70/D70 -> 0.69086691
A72: 920 | B72: Athletics
A73: 100 | B73: Salaries | C73: 1875967 | D73: =C73/$J$1 -> 29.630653 | E73: 1786375 | F73: =E73/$J$2 -> 28.107368 | G73: =F73-D73 -> -1.523285 | H73: =G73/D73 -> -0.051409095
A74: 200 | B74: Benefits | C74: 188340 | D74: =C74/$J$1 -> 2.9748056 | E74: 287645 | F74: =E74/$J$2 -> 4.5258939 | G74: =F74-D74 -> 1.5510883 | H74: =G74/D74 -> 0.5214083
B75: Student Trans | D75: =C75/$J$1 -> 0 | F75: =E75/$J$2 -> 0 | G75: =F75-D75 -> 0 | H75: =G75/D75 -> #DIV/0!
A76: 100 | B76: Salaries | C76: 326759 | D76: =C76/$J$1 -> 5.1611156 | E76: 407399 | F76: =E76/$J$2 -> 6.4101398 | G76: =F76-D76 -> 1.2490243 | H76: =G76/D76 -> 0.24200664
A77: 200 | B77: Benefits | C77: 272655 | D77: =C77/$J$1 -> 4.30655 | E77: 195770 | F77: =E77/$J$2 -> 3.0803047 | G77: =F77-D77 -> -1.2262452 | H77: =G77/D77 -> -0.28473958
A78: 500 | B78: Purchase Services | C78: 271474 | D78: =C78/$J$1 -> 4.2878962 | E78: 271474 | F78: =E78/$J$2 -> 4.2714545 | G78: =F78-D78 -> -0.016441723 | H78: =G78/D78 -> -0.0038344499
B79: Other Direct Support | D79: =C79/$J$1 -> 0 | F79: =E79/$J$2 -> 0 | G79: =F79-D79 -> 0 | H79: =G79/D79 -> #DIV/0!
A80: 500 | B80: Purchase Services | C80: 539425 | D80: =C80/$J$1 -> 8.5201471 | E80: 526425 | F80: =E80/$J$2 -> 8.2829311 | G80: =F80-D80 -> -0.23721603 | H80: =G80/D80 -> -0.027841777
A81: 600 | B81: Supplies | C81: 3633 | D81: =C81/$J$1 -> 0.057382759 | E81: 3633 | F81: =E81/$J$2 -> 0.057162727 | G81: =F81-D81 -> -0.00022003132 | H81: =G81/D81 -> -0.0038344499
A82: 900 | B82: Misc. | C82: 66264 | D82: =C82/$J$1 -> 1.0466312 | E82: 66544 | F82: =E82/$J$2 -> 1.0470235 | G82: =F82-D82 -> 0.00039235027 | H82: =G82/D82 -> 0.00037486966
A83: 920 | B83: Athletics Total | C83: =SUM(C73:C82) -> 3544517 | D83: =C83/$J$1 -> 55.985181 | E83: =SUM(E73:E82) -> 3545265 | F83: =E83/$J$2 -> 55.782278 | G83: =F83-D83 -> -0.20290312 | H83: =G83/D83 -> -0.003624229
A85: 21000 | B85: Student Support
A86: 100 | B86: Salaries | C86: 23151474 | D86: =C86/$J$1 -> 365.6745 | E86: 23492371 | F86: =E86/$J$2 -> 369.63611 | G86: =F86-D86 -> 3.9616166 | H86: =G86/D86 -> 0.010833724
A87: 200 | B87: Benefits | C87: 9394693 | D87: =C87/$J$1 -> 148.38794 | E87: 10461920 | F87: =E87/$J$2 -> 164.61103 | G87: =F87-D87 -> 16.223088 | H87: =G87/D87 -> 0.10932888
A88: 500 | B88: Purchase Services | C88: 236470 | D88: =C88/$J$1 -> 3.7350126 | E88: 238552 | F88: =E88/$J$2 -> 3.7534497 | G88: =F88-D88 -> 0.018437102 | H88: =G88/D88 -> 0.0049362892
A89: 600 | B89: Supplies | C89: 364296 | D89: =C89/$J$1 -> 5.7540076 | E89: 269430 | F89: =E89/$J$2 -> 4.2392936 | G89: =F89-D89 -> -1.514714 | H89: =G89/D89 -> -0.26324504
A90: 900 | B90: Misc. | C90: 31450 | D90: =C90/$J$1 -> 0.49674863 | E90: 31450 | F90: =E90/$J$2 -> 0.49484387 | G90: =F90-D90 -> -0.0019047577 | H90: =G90/D90 -> -0.0038344499
A91: 2100 | B91: Student Support Total | C91: =SUM(C86:C90) -> 33178383 | D91: =C91/$J$1 -> 524.04821 | E91: =SUM(E86:E90) -> 34493723 | F91: =E91/$J$2 -> 542.73473 | G91: =F91-D91 -> 18.686523 | H91: =G91/D91 -> 0.035658023
A93: 2200 | B93: Instructional Staff Support
A94: 100 | B94: Salaries | C94: 8975151 | D94: =C94/$J$1 -> 141.76133 | E94: 9687318 | F94: =E94/$J$2 -> 152.42321 | G94: =F94-D94 -> 10.661876 | H94: =G94/D94 -> 0.07521004
A95: 200 | B95: Benefits | C95: 3692868 | D95: =C95/$J$1 -> 58.328366 | E95: 3880892 | F95: =E95/$J$2 -> 61.063135 | G95: =F95-D95 -> 2.7347696 | H95: =G95/D95 -> 0.046885758
A96: 500 | B96: Purchase Services | C96: 1433239 | D96: =C96/$J$1 -> 22.637822 | E96: 1423577 | F96: =E96/$J$2 -> 22.398994 | G96: =F96-D96 -> -0.23882844 | H96: =G96/D96 -> -0.010549974
A97: 600 | B97: Supplies | C97: 740387 | D97: =C97/$J$1 -> 11.694316 | E97: 709547 | F97: =E97/$J$2 -> 11.164228 | G97: =F97-D97 -> -0.53008721 | H97: =G97/D97 -> -0.045328622
A98: 700 | B98: Property | C98: 3648 | D98: =C98/$J$1 -> 0.057619682 | E98: 3648 | F98: =E98/$J$2 -> 0.057398742 | G98: =F98-D98 -> -0.00022093979 | H98: =G98/D98 -> -0.0038344499
A99: 900 | B99: Misc. | C99: 7000 | D99: =C99/$J$1 -> 0.11056408 | E99: 7000 | F99: =E99/$J$2 -> 0.11014013 | G99: =F99-D99 -> -0.00042395244 | H99: =G99/D99 -> -0.0038344499
A100: 2200 | B100: Instructional Staff Support Total | C100: =SUM(C94:C99) -> 14852293 | D100: =C100/$J$1 -> 234.59002 | E100: =SUM(E94:E99) -> 15711982 | F100: =E100/$J$2 -> 247.21711 | G100: =F100-D100 -> 12.627085 | H100: =G100/D100 -> 0.05382618
A102: 2300 | B102: General Admin
A103: 100 | B103: Salaries | C103: 3766294 | D103: =C103/$J$1 -> 59.48812 | E103: 3921587 | F103: =E103/$J$2 -> 61.703443 | G103: =F103-D103 -> 2.2153231 | H103: =G103/D103 -> 0.037239756
A104: 200 | B104: Benefits | C104: 1471129 | D104: =C104/$J$1 -> 23.23629 | E104: 1584446 | F104: =E104/$J$2 -> 24.930155 | G104: =F104-D104 -> 1.6938658 | H104: =G104/D104 -> 0.072897429
A105: 500 | B105: Purchase Services | C105: 526848 | D105: =C105/$J$1 -> 8.3214951 | E105: 435667 | F105: =E105/$J$2 -> 6.8549171 | G105: =F105-D105 -> -1.466578 | H105: =G105/D105 -> -0.17623972
A106: 600 | B106: Supplies | C106: 266123 | D106: =C106/$J$1 -> 4.2033779 | E106: 296004 | F106: =E106/$J$2 -> 4.657417 | G106: =F106-D106 -> 0.4540391 | H106: =G106/D106 -> 0.10801767
A107: 700 | B107: Property | C107: 6000 | D107: =C107/$J$1 -> 0.094769213 | E107: 6000 | F107: =E107/$J$2 -> 0.094405825 | G107: =F107-D107 -> -0.0003633878 | H107: =G107/D107 -> -0.0038344499
A108: 900 | B108: Misc. | C108: 14623 | D108: =C108/$J$1 -> 0.23096837 | E108: 19634 | F108: =E108/$J$2 -> 0.30892733 | G108: =F108-D108 -> 0.077958962 | H108: =G108/D108 -> 0.3375309
A109: 2300 | B109: General Admin Total | C109: =SUM(C103:C108) -> 6051017 | D109: =C109/$J$1 -> 95.57502 | E109: =SUM(E103:E108) -> 6263338 | F109: =E109/$J$2 -> 98.549266 | G109: =F109-D109 -> 2.9742456 | H109: =G109/D109 -> 0.031119487
A111: 2400 | B111: School Admin
...

Sheet Storey Revenue
B1: Local Revenue | C1: 18-19 | D1: 18-19 Per Pupil | E1: 19-20 | F1: 19-20 Per Pupil | G1: Difference | H1: % difference | J1: 443.8 | K1: BSG | L1: 7718
A2: 1110 | B2: Property Tax | C2: 4959551 | D2: =C2/$J$1 -> 11175.194 | E2: 5134984 | F2: =E2/$J$2 -> 11729.063 | G2: =F2-D2 -> 553.86972 | H2: =G2/D2 -> 0.049562426 | J2: 437.8
A3: 1120 | B3: School Support Tax | C3: 1425666 | D3: =C3/$J$1 -> 3212.4065 | E3: 1573504 | F3: =E3/$J$2 -> 3594.116 | G3: =F3-D3 -> 381.70955 | H3: =G3/D3 -> 0.11882355
A4: 1192 | B4: Governmental Services Tax | C4: 186692 | D4: =C4/$J$1 -> 420.66697 | E4: 186692 | F4: =E4/$J$2 -> 426.43216 | G4: =F4-D4 -> 5.7651937 | H4: =G4/D4 -> 0.013704888
A5: 1990 | B5: Misc. | C5: 6000 | D5: =C5/$J$1 -> 13.519603 | E5: 6000 | F5: =E5/$J$2 -> 13.704888 | G5: =F5-D5 -> 0.18528465 | H5: =G5/D5 -> 0.013704888
B6: Local Total | C6: =SUM(C2:C5) -> 6577909 | D6: =C6/$J$1 -> 14821.787 | E6: =SUM(E2:E5) -> 6901180 | F6: =E6/$J$2 -> 15763.317 | G6: =F6-D6 -> 941.52974 | H6: =G6/D6 -> 0.063523363
B8: State Revenue
A9: 3110 | B9: Distributive School Account | C9: 295269 | D9: =C9/$J$1 -> 665.31996 | E9: 295269 | F9: =E9/$J$2 -> 674.4381 | G9: =F9-D9 -> 9.1181356 | H9: =G9/D9 -> 0.013704888
B10: State Total | C10: =SUM(C9:C9) -> 295269 | D10: =C10/$J$1 -> 665.31996 | E10: =SUM(E9:E9) -> 295269 | F10: =E10/$J$2 -> 674.4381 | G10: =F10-D10 -> 9.1181356 | H10: =G10/D10 -> 0.013704888
B11: Opening Fund Balance Revenue
B12: Opening Balance (other) | C12: 3149954 | D12: =C12/$J$1 -> 7097.6881 | E12: 1962148 | F12: =E12/$J$2 -> 4481.8365 | G12: =F12-D12 -> -2615.8517 | H12: =G12/D12 -> -0.36854982
B13: Opening Fund Balance Total | C13: =SUM(C12:C12) -> 3149954 | D13: =C13/$J$1 -> 7097.6881 | E13: =SUM(E12:E12) -> 1962148 | F13: =E13/$J$2 -> 4481.8365 | G13: =F13-D13 -> -2615.8517 | H13: =G13/D13 -> -0.36854982
B15: Total Resources | C15: 10023132 | D15: =C15/$J$1 -> 22584.795 | E15: 9156600 | F15: =E15/$J$2 -> 20915.03 | G15: =F15-D15 -> -1669.7653 | H15: =G15/D15 -> -0.07393316
A17: Capital Projects
A18: 1192 | B18: Motor Vehicle Tax | C18: 51950 | D18: =C18/$J$1 -> 117.05723 | E18: 52000 | F18: =E18/$J$2 -> 118.7757 | G18: =F18-D18 -> 1.7184637 | H18: =G18/D18 -> 0.014680542
A19: 1150 | B19: Construction Tax | C19: 6000 | D19: =C19/$J$1 -> 13.519603 | E19: 10000 | F19: =E19/$J$2 -> 22.84148 | G19: =F19-D19 -> 9.3218767 | H19: =G19/D19 -> 0.68950815
A20: 1500 | B20: Earnings on Investments | C20: 1000 | D20: =C20/$J$1 -> 2.2532672 | E20: 100 | F20: =E20/$J$2 -> 0.2284148 | G20: =F20-D20 -> -2.0248524 | H20: =G20/D20 -> -0.89862951
A21: 1992 | B21: EPA Fines | C21: 7000 | D21: =C21/$J$1 -> 15.772871 | E21: 1000 | F21: =E21/$J$2 -> 2.284148 | G21: =F21-D21 -> -13.488723 | H21: =G21/D21 -> -0.85518502
A22: 1000 | B22: Local Total | C22: =SUM(C18:C21) -> 65950 | D22: =C22/$J$1 -> 148.60297 | E22: =SUM(E18:E21) -> 63100 | F22: =E22/$J$2 -> 144.12974 | G22: =F22-D22 -> -4.4732347 | H22: =G22/D22 -> -0.030101919
A23: 5200 | B23: Tranfer from Other Funds | C23: 78578 | D23: =C23/$J$1 -> 177.05723 | E23: 0 | F23: =E23/$J$2 -> 0 | G23: =F23-D23 -> -177.05723 | H23: =G23/D23 -> -1
B24: Total Resources | C24: 585143 | D24: =C24/$J$1 -> 1318.4836 | E24: 63100 | F24: =E24/$J$2 -> 144.12974 | G24: =F24-D24 -> -1174.3538 | H24: =G24/D24 -> -0.89068522
A26: Federal Funds
A27: 4200 | B27: Unrestricted - State Agency | C27: 249669 | D27: =C27/$J$1 -> 562.57098 | E27: 249669 | F27: =E27/$J$2 -> 570.28095 | G27: =F27-D27 -> 7.7099723 | H27: =G27/D27 -> 0.013704888
A28: 4500 | B28: Restricted Grants | C28: 241522 | D28: =C28/$J$1 -> 544.21361 | E28: 241522 | F28: =E28/$J$2 -> 551.672 | G28: =F28-D28 -> 7.4583866 | H28: =G28/D28 -> 0.013704888
A29: 4000 | B29: Federal Total | C29: =SUM(C27:C28) -> 491191 | D29: =C29/$J$1 -> 1106.7846 | E29: =SUM(E27:E28) -> 491191 | F29: =E29/$J$2 -> 1121.9529 | G29: =F29-D29 -> 15.168359 | H29: =G29/D29 -> 0.013704888
B30: Total Resources | C30: =C29 -> 491191 | D30: =C30/$J$1 -> 1106.7846 | E30: =E29 -> 491191 | F30: =E30/$J$2 -> 1121.9529 | G30: =F30-D30 -> 15.168359 | H30: =G30/D30 -> 0.013704888
A32: State Grants
A33: 1620 | B33: Daily Sales School Lunch | C33: 3000 | D33: =C33/J1 -> 6.7598017 | E33: 3000 | F33: =E33/J2 -> 6.852444 | G33: =F33-D33 -> 0.092642326 | H33: =G33/D33 -> 0.013704888
A34: 1940 | B34: RPDP WCSD Grant | C34: 55000 | D34: =C34/$J$1 -> 123.9297 | E34: 55000 | F34: =E34/$J$2 -> 125.62814 | G34: =F34-D34 -> 1.6984426 | H34: =G34/D34 -> 0.013704888
A35: 1000 | B35: Local Total | C35: =SUM(C33:C34) -> 58000 | D35: =C35/$J$1 -> 130.6895 | E35: =SUM(E33:E34) -> 58000 | F35: =E35/$J$2 -> 132.48058 | G35: =F35-D35 -> 1.791085 | H35: =G35/D35 -> 0.013704888
A36: 3200 | B36: Elementary Counselor | C36: 50000 | D36: =C36/$J$1 -> 112.66336 | E36: 50000 | F36: =E36/$J$2 -> 114.2074 | G36: =F36-D36 -> 1.5440388 | H36: =G36/D36 -> 0.013704888
A37: 3200 | B37: CSR Grades 1-3 | C37: 121026 | D37: =C37/$J$1 -> 272.70392 | E37: 121026 | F37: =E37/$J$2 -> 276.4413 | G37: =F37-D37 -> 3.7373767 | H37: =G37/D37 -> 0.013704888
A38: 3200 | B38: Library Books | C38: 878 | D38: =C38/$J$1 -> 1.9783686 | E38: 878 | F38: =E38/$J$2 -> 2.005482 | G38: =F38-D38 -> 0.027113321 | H38: =G38/D38 -> 0.013704888
A39: 3200 | B39: Gifted and Talented | C39: 14586 | D39: =C39/$J$1 -> 32.866156 | E39: 14586 | F39: =E39/$J$2 -> 33.316583 | G39: =F39-D39 -> 0.45042699 | H39: =G39/D39 -> 0.013704888
A40: 3200 | B40: Turnaround | C40: 69696 | D40: =C40/$J$1 -> 157.04371 | E40: 69696 | F40: =E40/$J$2 -> 159.19598 | G40: =F40-D40 -> 2.1522665 | H40: =G40/D40 -> 0.013704888
A41: 3200 | B41: CCR STEM | C41: 33678 | D41: =C41/$J$1 -> 75.885534 | E41: 33678 | F41: =E41/$J$2 -> 76.925537 | G41: =F41-D41 -> 1.0400028 | H41: =G41/D41 -> 0.013704888
A42: 3200 | B42: CCR Duel Enrollment | C42: 64000 | D42: =C42/$J$1 -> 144.2091 | E42: 64000 | F42: =E42/$J$2 -> 146.18547 | G42: =F42-D42 -> 1.9763696 | H42: =G42/D42 -> 0.013704888
A43: 3200 | B43: Teachers Supply Reimbursement | C43: 3368 | D43: =C43/$J$1 -> 7.5890041 | E43: 3368 | F43: =E43/$J$2 -> 7.6930105 | G43: =F43-D43 -> 0.10400645 | H43: =G43/D43 -> 0.013704888
A44: 3200 | B44: Sped Cont. Account | C44: 3750 | D44: =C44/$J$1 -> 8.4497521 | E44: 3750 | F44: =E44/$J$2 -> 8.565555 | G44: =F44-D44 -> 0.11580291 | H44: =G44/D44 -> 0.013704888
A45: 3550 | B45: State Matching Food | C45: 85 | D45: =C45/$J$1 -> 0.19152772 | E45: 85 | F45: =E45/$J$2 -> 0.19415258 | G45: =F45-D45 -> 0.0026248659 | H45: =G45/D45 -> 0.013704888
A46: 3000 | B46: State Total | C46: =SUM(C36:C45) -> 361067 | D46: =C46/$J$1 -> 813.58044 | E46: =SUM(E36:E45) -> 361067 | F46: =E46/$J$2 -> 824.73047 | G46: =F46-D46 -> 11.150029 | H46: =G46/D46 -> 0.013704888
A47: 4502 | B47: Restricted State Lunch | C47: 7000 | D47: =C47/$J$1 -> 15.772871 | E47: 7000 | F47: =E47/$J$2 -> 15.989036 | G47: =F47-D47 -> 0.21616543 | H47: =G47/D47 -> 0.013704888
A48: 4504 | B48: Commodity Foods | C48: 1300 | D48: =C48/$J$1 -> 2.9292474 | E48: 1300 | F48: =E48/$J$2 -> 2.9693924 | G48: =F48-D48 -> 0.040145008 | H48: =G48/D48 -> 0.013704888
A49: 4000 | B49: Federal Total | C49: =SUM(C47:C48) -> 8300 | D49: =C49/$J$1 -> 18.702118 | E49: =SUM(E47:E48) -> 8300 | F49: =E49/$J$2 -> 18.958429 | G49: =F49-D49 -> 0.25631043 | H49: =G49/D49 -> 0.013704888
A50: 5200 | B50: Transfer from Other Funds | C50: 33019 | D50: =C50/$J$1 -> 74.400631 | E50: 34622 | F50: =E50/$J$2 -> 79.081772 | G50: =F50-D50 -> 4.6811416 | H50: =G50/D50 -> 0.062918036
B51: Total Resources | C51: 460656 | D51: =C51/$J$1 -> 1037.9811 | E51: 462259 | F51: =E51/$J$2 -> 1055.868 | G51: =F51-D51 -> 17.886904 | H51: =G51/D51 -> 0.017232399
A53: Expendable Trust
A54: 1500 | B54: Earnings on Investments | C54: 1000 | D54: =C54/$J$1 -> 2.2532672 | E54: 1300 | F54: =E54/$J$2 -> 2.9693924 | G54: =F54-D54 -> 0.71612518 | H54: =G54/D54 -> 0.31781635
A55: 1900 | B55: Other Revenues - 80/20 Proceeds | C55: 13753 | D55: =C55/$J$1 -> 30.989184 | E55: 13753 | F55: =E55/$J$2 -> 31.413888 | G55: =F55-D55 -> 0.4247033 | H55: =G55/D55 -> 0.013704888
A56: 1000 | B56: Local Total | C56: 14753 | D56: =C56/$J$1 -> 33.242452 | E56: 15053 | F56: =E56/$J$2 -> 34.38328 | G56: =F56-D56 -> 1.1408285 | H56: =G56/D56 -> 0.034318422
B57: Total Resources | C57: 82330 | D57: =C57/$J$1 -> 185.51149 | E57: 96883 | F57: =E57/$J$2 -> 221.29511 | G57: =F57-D57 -> 35.78362 | H57: =G57/D57 -> 0.19289166
A59: Special Education
A60: 3115 | B60: DSA - Special Education | C60: 429465 | D60: =C60/$J$1 -> 967.69941 | E60: 429465 | F60: =E60/$J$2 -> 980.96163 | G60: =F60-D60 -> 13.262212 | H60: =G60/D60 -> 0.013704888
A61: 3000 | B61: State Total | C61: =C60 -> 429465 | D61: =C61/$J$1 -> 967.69941 | E61: =E60 -> 429465 | F61: =E61/$J$2 -> 980.96163 | G61: =F61-D61 -> 13.262212 | H61: =G61/D61 -> 0.013704888
A62: 5200 | B62: Transfer from Other Funds | C62: 190212 | D62: =C62/$J$1 -> 428.59847 | E62: 202444 | F62: =E62/$J$2 -> 462.41206 | G62: =F62-D62 -> 33.813593 | H62: =G62/D62 -> 0.078893405
B63: Total Resources | C63: 619677 | D63: =C63/$J$1 -> 1396.2979 | E63: 631909 | F63: =E63/$J$2 -> 1443.3737 | G63: =F63-D63 -> 47.075805 | H63: =G63/D63 -> 0.033714729
A65: Pipers Opera House
B66: Total Resources | C66: 78578 | D66: =C66/$J$1 -> 177.05723 | E66: 0 | F66: =E66/$J$2 -> 0 | G66: =F66-D66 -> -177.05723 | H66: =G66/D66 -> -1
A68: Student Activity
A69: 1990 | B69: Misc | C69: 15000 | D69: =C69/$J$1 -> 33.799009 | E69: 10000 | F69: =E69/$J$2 -> 22.84148 | G69: =F69-D69 -> -10.957528 | H69: =G69/D69 -> -0.32419674
A70: 1000 | B70: Local Total | C70: =C69 -> 15000 | D70: =C70/$J$1 -> 33.799009 | E70: =E69 -> 10000 | F70: =E70/$J$2 -> 22.84148 | G70: =F70-D70 -> -10.957528 | H70: =G70/D70 -> -0.32419674
B71: Total Resources | C71: 42266 | D71: =C71/$J$1 -> 95.236593 | E71: 25646 | F71: =E71/$J$2 -> 58.57926 | G71: =F71-D71 -> -36.657333 | H71: =G71/D71 -> -0.38490807
B74: Local | C74: =C70+C56+C35+C22+C6 -> 6731612 | D74: =C74/J1 -> 15168.121 | E74: =E56+E70+E35+E22+E6 -> 7047333 | F74: =E74/J2 -> 16097.152 | G74: =F74-D74 -> 929.03089 | H74: =G74/D74 -> 0.061248912
B75: State | C75: =C61+C46+C10 -> 1085801 | D75: =C75/J1 -> 2446.5998 | E75: =E61+E46+E10 -> 1085801 | F75: =E75/J2 -> 2480.1302 | G75: =F75-D75 -> 33.530377 | H75: =G75/D75 -> 0.013704888
B76: Federal | C76: =C49+C29 -> 499491 | D76: =C76/J1 -> 1125.4867 | E76: =E49+E29 -> 499491 | F76: =E76/J2 -> 1140.9114 | G76: =F76-D76 -> 15.424669 | H76: =G76/D76 -> 0.013704888
B77: All | C77: =C71+C66+C63+C57+C51+C30+C24+C15 -> 12382973 | D77: =C77/J1 -> 27902.147 | E77: =E71+E66+E63+E57+E51+E30+E24+E15 -> 10927588 | F77: =E77/J2 -> 24960.228 | G77: =F77-D77 -> -2941.9189 | H77: =G77/D77 -> -0.10543701
D79: =SUM(D74:D76) -> 18740.207 | G79: =SUM(G74:G76) -> 977.98594 | H79: =G79/D79 -> 0.052186506

Sheet Storey Expenditure
A1: 100 | B1: Regular Programs | C1: 18-19 | D1: 18-19 Per Pupil | E1: 19-20 | F1: 19-20 Per Pupil | G1: Differences | H1: % Difference | J1: 443.8
B2: Instruction | J2: 437.8
A3: 100 | B3: Salaries | C3: 1618534 | D3: =C3/$J$1 -> 3646.9896 | E3: 1690675 | F3: =E3/$J$2 -> 3861.7519 | G3: =F3-D3 -> 214.76231 | H3: =G3/D3 -> 0.058887556
A4: 200 | B4: Benefits | C4: 849567 | D4: =C4/$J$1 -> 1914.3015 | E4: 931518 | F4: =E4/$J$2 -> 2127.725 | G4: =F4-D4 -> 213.4235 | H4: =G4/D4 -> 0.11148897
A5: 500 | B5: Purchase Services | C5: 80769 | D5: =C5/$J$1 -> 181.99414 | E5: 78956 | F5: =E5/$J$2 -> 180.34719 | G5: =F5-D5 -> -1.646951 | H5: =G5/D5 -> -0.0090494727
A6: 600 | B6: Supplies | C6: 358300 | D6: =C6/$J$1 -> 807.34565 | E6: 441930 | F6: =E6/$J$2 -> 1009.4335 | G6: =F6-D6 -> 202.08788 | H6: =G6/D6 -> 0.25031147
A7: 100 | B7: Regular Programs Total | C7: =SUM(C3:C6) -> 2907170 | D7: =C7/$J$1 -> 6550.6309 | E7: =SUM(E3:E6) -> 3143079 | F7: =E7/$J$2 -> 7179.2577 | G7: =F7-D7 -> 628.62674 | H7: =G7/D7 -> 0.095964304
A9: 910 | B9: Cocurricular Activities
B10: Instruction
A11: 100 | B11: Salaries | C11: 26344 | D11: =C11/$J$1 -> 59.360072 | E11: 26344 | F11: =E11/$J$2 -> 60.173595 | G11: =F11-D11 -> 0.81352314 | H11: =G11/D11 -> 0.013704888
A12: 200 | B12: Benefits | C12: 2290 | D12: =C12/$J$1 -> 5.159982 | E12: 2290 | F12: =E12/$J$2 -> 5.2306989 | G12: =F12-D12 -> 0.070716975 | H12: =G12/D12 -> 0.013704888
A13: 500 | B13: Purchase Services | C13: 7500 | D13: =C13/$J$1 -> 16.899504 | E13: 7500 | F13: =E13/$J$2 -> 17.13111 | G13: =F13-D13 -> 0.23160581 | H13: =G13/D13 -> 0.013704888
A14: 600 | B14: Supplies | C14: 800 | D14: =C14/$J$1 -> 1.8026138 | E14: 800 | F14: =E14/$J$2 -> 1.8273184 | G14: =F14-D14 -> 0.02470462 | H14: =G14/D14 -> 0.013704888
A15: 800 | B15: Other | C15: 2120 | D15: =C15/$J$1 -> 4.7769265 | E15: 2120 | F15: =E15/$J$2 -> 4.8423938 | G15: =F15-D15 -> 0.065467244 | H15: =G15/D15 -> 0.013704888
A16: 910 | B16: Cocurricular Activities Total | C16: =SUM(C11:C15) -> 39054 | D16: =C16/$J$1 -> 87.999099 | E16: =SUM(E11:E15) -> 39054 | F16: =E16/$J$2 -> 89.205116 | G16: =F16-D16 -> 1.2060178 | H16: =G16/D16 -> 0.013704888
A18: 920 | B18: Athletics
A19: 100 | B19: Salaries | C19: 63293 | D19: =C19/$J$1 -> 142.61604 | E19: 63293 | F19: =E19/$J$2 -> 144.57058 | G19: =F19-D19 -> 1.9545369 | H19: =G19/D19 -> 0.013704888
A20: 200 | B20: Benefits | C20: 5791 | D20: =C20/$J$1 -> 13.048671 | E20: 5791 | F20: =E20/$J$2 -> 13.227501 | G20: =F20-D20 -> 0.17883057 | H20: =G20/D20 -> 0.013704888
A21: 500 | B21: Purchase Services | C21: 29200 | D21: =C21/$J$1 -> 65.795403 | E21: 32000 | F21: =E21/$J$2 -> 73.092736 | G21: =F21-D21 -> 7.2973331 | H21: =G21/D21 -> 0.11090947
A22: 600 | B22: Supplies | C22: 29500 | D22: =C22/$J$1 -> 66.471384 | E22: 30000 | F22: =E22/$J$2 -> 68.52444 | G22: =F22-D22 -> 2.0530569 | H22: =G22/D22 -> 0.030886327
A23: 800 | B23: Other | C23: 3800 | D23: =C23/$J$1 -> 8.5624155 | E23: 3800 | F23: =E23/$J$2 -> 8.6797624 | G23: =F23-D23 -> 0.11734695 | H23: =G23/D23 -> 0.013704888
A24: 920 | B24: Athletics Total | C24: =SUM(C19:C23) -> 131584 | D24: =C24/$J$1 -> 296.49392 | E24: =SUM(E19:E23) -> 134884 | F24: =E24/$J$2 -> 308.09502 | G24: =F24-D24 -> 11.601104 | H24: =G24/D24 -> 0.03912763
A26: 2100 | B26: Student Support
A27: 100 | B27: Salaries | C27: 126984 | D27: =C27/$J$1 -> 286.12889 | E27: 131762 | F27: =E27/$J$2 -> 300.96391 | G27: =F27-D27 -> 14.835024 | H27: =G27/D27 -> 0.051847347
A28: 200 | B28: Benefits | C28: 59811 | D28: =C28/$J$1 -> 134.77017 | E28: 65088 | F28: =E28/$J$2 -> 148.67063 | G28: =F28-D28 -> 13.900459 | H28: =G28/D28 -> 0.10314196
A29: 500 | B29: Purchase Services | C29: 10500 | D29: =C29/$J$1 -> 23.659306 | E29: 10250 | F29: =E29/$J$2 -> 23.412517 | G29: =F29-D29 -> -0.24678886 | H29: =G29/D29 -> -0.010430943
A30: 600 | B30: Supplies | C30: 4500 | D30: =C30/$J$1 -> 10.139703 | E30: 4500 | F30: =E30/$J$2 -> 10.278666 | G30: =F30-D30 -> 0.13896349 | H30: =G30/D30 -> 0.013704888
A31: 2100 | B31: Student Support Total | C31: =SUM(C27:C30) -> 201795 | D31: =C31/$J$1 -> 454.69806 | E31: =SUM(E27:E30) -> 211600 | F31: =E31/$J$2 -> 483.32572 | G31: =F31-D31 -> 28.627657 | H31: =G31/D31 -> 0.062959708
A33: 2200 | B33: Instructional Staff Support
A34: 100 | B34: Salaries | C34: 70093 | D34: =C34/$J$1 -> 157.93826 | E34: 71265 | F34: =E34/$J$2 -> 162.77981 | G34: =F34-D34 -> 4.8415477 | H34: =G34/D34 -> 0.030654685
A35: 200 | B35: Benefits | C35: 40916 | D35: =C35/$J$1 -> 92.194682 | E35: 44282 | F35: =E35/$J$2 -> 101.14664 | G35: =F35-D35 -> 8.95196 | H35: =G35/D35 -> 0.097098442
A36: 500 | B36: Purchase Services | C36: 100 | D36: =C36/$J$1 -> 0.22532672 | E36: 100 | F36: =E36/$J$2 -> 0.2284148 | G36: =F36-D36 -> 0.0030880775 | H36: =G36/D36 -> 0.013704888
A37: 600 | B37: Supplies | C37: 10822 | D37: =C37/$J$1 -> 24.384858 | E37: 9372 | F37: =E37/$J$2 -> 21.407035 | G37: =F37-D37 -> -2.9778229 | H37: =G37/D37 -> -0.1221177
A38: 2200 | B38: Instructional Staff Support Total | C38: =SUM(C34:C37) -> 121931 | D38: =C38/$J$1 -> 274.74313 | E38: =SUM(E34:E37) -> 125019 | F38: =E38/$J$2 -> 285.5619 | G38: =F38-D38 -> 10.818773 | H38: =G38/D38 -> 0.039377774
A40: 2300 | B40: General Admin
A41: 100 | B41: Salaries | C41: 244070 | D41: =C41/$J$1 -> 549.95493 | E41: 248095 | F41: =E41/$J$2 -> 566.6857 | G41: =F41-D41 -> 16.730767 | H41: =G41/D41 -> 0.030422068
A42: 200 | B42: Benefits | C42: 101838 | D42: =C42/$J$1 -> 229.46823 | E42: 108134 | F42: =E42/$J$2 -> 246.99406 | G42: =F42-D42 -> 17.525832 | H42: =G42/D42 -> 0.076375855
A43: 500 | B43: Purchase Services | C43: 154100 | D43: =C43/$J$1 -> 347.22848 | E43: 350800 | F43: =E43/$J$2 -> 801.27912 | G43: =F43-D43 -> 454.05064 | H43: =G43/D43 -> 1.3076423
A44: 600 | B44: Supplies | C44: 7727 | D44: =C44/$J$1 -> 17.410996 | E44: 7327 | F44: =E44/$J$2 -> 16.735952 | G44: =F44-D44 -> -0.67504345 | H44: =G44/D44 -> -0.038771099
A45: 800 | B45: Other | C45: 11000 | D45: =C45/$J$1 -> 24.78594 | E45: 14000 | F45: =E45/$J$2 -> 31.978072 | G45: =F45-D45 -> 7.1921326 | H45: =G45/D45 -> 0.29016986
A46: 2300 | B46: General Admin Total | C46: =SUM(C41:C45) -> 518735 | D46: =C46/$J$1 -> 1168.8486 | E46: =SUM(E41:E45) -> 728356 | F46: =E46/$J$2 -> 1663.6729 | G46: =F46-D46 -> 494.82433 | H46: =G46/D46 -> 0.4233434
A48: 2400 | B48: School Admin
A49: 100 | B49: Salaries | C49: 405648 | D49: =C49/$J$1 -> 914.03335 | E49: 406324 | F49: =E49/$J$2 -> 928.10416 | G49: =F49-D49 -> 14.070809 | H49: =G49/D49 -> 0.015394196
A50: 200 | B50: Benefits | C50: 191987 | D50: =C50/$J$1 -> 432.59802 | E50: 203957 | F50: =E50/$J$2 -> 465.86798 | G50: =F50-D50 -> 33.269959 | H50: =G50/D50 -> 0.076907332
A51: 600 | B51: Supplies | C51: 615 | D51: =C51/$J$1 -> 1.3857594 | E51: 615 | F51: =E51/$J$2 -> 1.404751 | G51: =F51-D51 -> 0.018991677 | H51: =G51/D51 -> 0.013704888
A52: 800 | B52: Other | C52: 1170 | D52: =C52/$J$1 -> 2.6363227 | E52: 1170 | F52: =E52/$J$2 -> 2.6724532 | G52: =F52-D52 -> 0.036130507 | H52: =G52/D52 -> 0.013704888
A53: 2400 | B53: School Admin Total | C53: =SUM(C49:C52) -> 599420 | D53: =C53/$J$1 -> 1350.6534 | E53: =SUM(E49:E52) -> 612066 | F53: =E53/$J$2 -> 1398.0493 | G53: =F53-D53 -> 47.39589 | H53: =G53/D53 -> 0.035091081
B55: Business Admin
A56: 100 | B56: Salaries | C56: 133381 | D56: =C56/$J$1 -> 300.54304 | E56: 127381 | F56: =E56/$J$2 -> 290.95706 | G56: =F56-D56 -> -9.5859794 | H56: =G56/D56 -> -0.03189553
A57: 200 | B57: Benefits | C57: 60548 | D57: =C57/$J$1 -> 136.43082 | E57: 63658 | F57: =E57/$J$2 -> 145.40429 | G57: =F57-D57 -> 8.9734695 | H57: =G57/D57 -> 0.065773036
A58: 500 | B58: Purchase Services | C58: 25000 | D58: =C58/$J$1 -> 56.331681 | E58: 34100 | F58: =E58/$J$2 -> 77.889447 | G58: =F58-D58 -> 21.557766 | H58: =G58/D58 -> 0.38269347
A59: 600 | B59: Supplies | C59: 23500 | D59: =C59/$J$1 -> 52.95178 | E59: 6000 | F59: =E59/$J$2 -> 13.704888 | G59: =F59-D59 -> -39.246892 | H59: =G59/D59 -> -0.74118173
A60: 800 | B60: Other | C60: 5000 | D60: =C60/$J$1 -> 11.266336 | E60: 3000 | F60: =E60/$J$2 -> 6.852444 | G60: =F60-D60 -> -4.4138921 | H60: =G60/D60 -> -0.39177707
B61: Business Admin Total | C61: =SUM(C56:C60) -> 247429 | D61: =C61/$J$1 -> 557.52366 | E61: =SUM(E56:E60) -> 234139 | F61: =E61/$J$2 -> 534.80813 | G61: =F61-D61 -> -22.715528 | H61: =G61/D61 -> -0.040743612
A63: 2580 | B63: Other Support
A64: 100 | B64: Salaries | C64: 39562 | D64: =C64/$J$1 -> 89.143758 | E64: 40956 | F64: =E64/$J$2 -> 93.549566 | G64: =F64-D64 -> 4.4058076 | H64: =G64/D64 -> 0.049423624
A65: 200 | B65: Benefits | C65: 22922 | D65: =C65/$J$1 -> 51.649392 | E65: 24923 | F65: =E65/$J$2 -> 56.927821 | G65: =F65-D65 -> 5.2784293 | H65: =G65/D65 -> 0.10219732
A66: 500 | B66: Purchase Services | C66: 247000 | D66: =C66/$J$1 -> 556.55701 | E66: 196500 | F66: =E66/$J$2 -> 448.83508 | G66: =F66-D66 -> -107.72192 | H66: =G66/D66 -> -0.19355056
A67: 600 | B67: Supplies | C67: 250000 | D67: =C67/$J$1 -> 563.31681 | E67: 250000 | F67: =E67/$J$2 -> 571.037 | G67: =F67-D67 -> 7.7201938 | H67: =G67/D67 -> 0.013704888
A68: 2580 | B68: School Admin Total | C68: =SUM(C64:C67) -> 559484 | D68: =C68/$J$1 -> 1260.667 | E68: =SUM(E64:E67) -> 512379 | F68: =E68/$J$2 -> 1170.3495 | G68: =F68-D68 -> -90.317492 | H68: =G68/D68 -> -0.071642626
A70: 2600 | B70: Operating/Maintenance
A71: 100 | B71: Salaries | C71: 254570 | D71: =C71/$J$1 -> 573.61424 | E71: 248994 | F71: =E71/$J$2 -> 568.73915 | G71: =F71-D71 -> -4.8750904 | H71: =G71/D71 -> -0.0084989005
A72: 200 | B72: Benefits | C72: 132845 | D72: =C72/$J$1 -> 299.33529 | E72: 138760 | F72: =E72/$J$2 -> 316.94838 | G72: =F72-D72 -> 17.613092 | H72: =G72/D72 -> 0.058840681
A73: 500 | B73: Purchase Services | C73: 436360 | D73: =C73/$J$1 -> 983.23569 | E73: 436060 | F73: =E73/$J$2 -> 996.02558 | G73: =F73-D73 -> 12.789891 | H73: =G73/D73 -> 0.01300796
A74: 600 | B74: Supplies | C74: 391600 | D74: =C74/$J$1 -> 882.37945 | E74: 387700 | F74: =E74/$J$2 -> 885.56418 | G74: =F74-D74 -> 3.1847344 | H74: =G74/D74 -> 0.0036092572
A75: 700 | B75: Equipment | C75: 3289 | D75: =C75/$J$1 -> 7.4109959 | E75: 0 | F75: =E75/$J$2 -> 0 | G75: =F75-D75 -> -7.4109959 | H75: =G75/D75 -> -1
A76: 2600 | B76: Operating/Maintenance Total | C76: =SUM(C71:C75) -> 1218664 | D76: =C76/$J$1 -> 2745.9757 | E76: =SUM(E71:E75) -> 1211514 | F76: =E76/$J$2 -> 2767.2773 | G76: =F76-D76 -> 21.301631 | H76: =G76/D76 -> 0.0077573997
A78: 2700 | B78: Student Transportation
A79: 100 | B79: Salaries | C79: 204994 | D79: =C79/$J$1 -> 461.90626 | E79: 196764 | F79: =E79/$J$2 -> 449.4381 | G79: =F79-D79 -> -12.468164 | H79: =G79/D79 -> -0.026992846
A80: 200 | B80: Benefits | C80: 128144 | D80: =C80/$J$1 -> 288.74268 | E80: 133906 | F80: =E80/$J$2 -> 305.86112 | G80: =F80-D80 -> 17.118447 | H80: =G80/D80 -> 0.059286168
A81: 500 | B81: Purchase Services | C81: 132607 | D81: =C81/$J$1 -> 298.79901 | E81: 138600 | F81: =E81/$J$2 -> 316.58291 | G81: =F81-D81 -> 17.783906 | H81: =G81/D81 -> 0.059517955
A82: 600 | B82: Supplies | C82: 71000 | D82: =C82/$J$1 -> 159.98197 | E82: 71000 | F82: =E82/$J$2 -> 162.17451 | G82: =F82-D82 -> 2.192535 | H82: =G82/D82 -> 0.013704888
A83: 700 | B83: Property | C83: 200000 | D83: =C83/$J$1 -> 450.65345 | E83: 200000 | F83: =E83/$J$2 -> 456.8296 | G83: =F83-D83 -> 6.1761551 | H83: =G83/D83 -> 0.013704888
A84: 2700 | B84: Student Transportation Total | C84: =SUM(C79:C83) -> 736745 | D84: =C84/$J$1 -> 1660.0834 | E84: =SUM(E79:E83) -> 740270 | F84: =E84/$J$2 -> 1690.8862 | G84: =F84-D84 -> 30.802879 | H84: =G84/D84 -> 0.018555019
B86: Other Fund Transfers
A87: 910 | B87: Interfund Transfers | C87: 223231 | D87: =C87/$J$1 -> 502.9991 | E87: 237066 | F87: =E87/$J$2 -> 541.49383 | G87: =F87-D87 -> 38.494734 | H87: =G87/D87 -> 0.076530424
B88: Other Fund Transfers Total | C88: =SUM(C87:C87) -> 223231 | D88: =C88/$J$1 -> 502.9991 | E88: =SUM(E87:E87) -> 237066 | F88: =E88/$J$2 -> 541.49383 | G88: =F88-D88 -> 38.494734 | H88: =G88/D88 -> 0.076530424
B90: Total Expenditures | C90: 7505269 | D90: =C90/$J$1 -> 16911.377 | E90: 7929426 | F90: =E90/$J$2 -> 18111.983 | G90: =F90-D90 -> 1200.6059 | H90: =G90/D90 -> 0.070993977
A92: 6300 | B92: Contingency | C92: 555715 | D92: =C92/$J$1 -> 1252.1744 | E92: 555715 | F92: =E92/$J$2 -> 1269.3353 | G92: =F92-D92 -> 17.16091 | H92: =G92/D92 -> 0.013704888
A94: 8000 | B94: Ending Fund Balance
B95: Ending Fund Balance (other) | C95: 1962148 | D95: =C95/$J$1 -> 4421.2438 | E95: 673459 | F95: =E95/$J$2 -> 1538.28 | G95: =F95-D95 -> -2882.9638 | H95: =G95/D95 -> -0.65207075
B96: Ending Fund Balance Total | C96: =C95 -> 1962148 | D96: =C96/$J$1 -> 4421.2438 | E96: =E95 -> 673459 | F96: =E96/$J$2 -> 1538.28 | G96: =F96-D96 -> -2882.9638 | H96: =G96/D96 -> -0.65207075
B98: Total Applications | C98: 10023132 | D98: =C98/$J$1 -> 22584.795 | E98: 9158600 | F98: =E98/$J$2 -> 20919.598 | G98: =F98-D98 -> -1665.197 | H98: =G98/D98 -> -0.073730887
A100: Capital Projects
A101: 4700 | B101: Building Maintenance and Repairs | C101: 186984 | D101: =C101/$J$1 -> 421.32492 | E101: 63100 | F101: =E101/$J$2 -> 144.12974 | G101: =F101-D101 -> -277.19518 | H101: =G101/D101 -> -0.65791309
B102: Total Application | C102: =C101 -> 186984 | D102: =C102/$J$1 -> 421.32492 | E102: =E101 -> 63100 | F102: =E102/$J$2 -> 144.12974 | G102: =F102-D102 -> -277.19518 | H102: =G102/D102 -> -0.65791309
A104: Federal Funds
A105: 100 | B105: Regular Programs | C105: 77788 | D105: =C105/$J$1 -> 175.27715 | E105: 77788 | F105: =E105/$J$2 -> 177.67931 | G105: =F105-D105 -> 2.4021537 | H105: =G105/D105 -> 0.013704888
A106: 200 | B106: Special Programs | C106: 237633 | D106: =C106/$J$1 -> 535.45065 | E106: 237633 | F106: =E106/$J$2 -> 542.78894 | G106: =F106-D106 -> 7.3382913 | H106: =G106/D106 -> 0.013704888
A107: 2100 | B107: Student Support | C107: 119652 | D107: =C107/$J$1 -> 269.60793 | E107: 119652 | F107: =E107/$J$2 -> 273.30288 | G107: =F107-D107 -> 3.6949465 | H107: =G107/D107 -> 0.013704888
A108: 2700 | B108: Student Transportation | C108: 56118 | D108: =C108/$J$1 -> 126.44885 | E108: 56118 | F108: =E108/$J$2 -> 128.18182 | G108: =F108-D108 -> 1.7329673 | H108: =G108/D108 -> 0.013704888
B109: Total Application | C109: 491191 | D109: =C109/$J$1 -> 1106.7846 | E109: 491191 | F109: =E109/$J$2 -> 1121.9529 | G109: =F109-D109 -> 15.168359 | H109: =G109/D109 -> 0.013704888
A111: State Grants
A112: 100 | B112: Regular Programs | C112: 270577 | D112: =C112/J1 -> 609.68229 | E112: 270577 | F112: =E112/J2 -> 618.03792 | G112: =F112-D112 -> 8.3556275 | H112: =G112/D112 -> 0.013704888
A113: 200 | B113: Special Programs | C113: 14251 | D113: =C113/$J$1 -> 32.111311 | E113: 14251 | F113: =E113/$J$2 -> 32.551393 | G113: =F113-D113 -> 0.44008193 | H113: =G113/D113 -> 0.013704888
A114: 2100 | B114: Student Support | C114: 30234 | D114: =C114/$J$1 -> 68.125282 | E114: 30234 | F114: =E114/$J$2 -> 69.058931 | G114: =F114-D114 -> 0.93364936 | H114: =G114/D114 -> 0.013704888
A115: 2200 | B115: Instructional Staff Support | C115: 77674 | D115: =C115/$J$1 -> 175.02028 | E115: 77674 | F115: =E115/$J$2 -> 177.41891 | G115: =F115-D115 -> 2.3986333 | H115: =G115/D115 -> 0.013704888
A116: 2700 | B116: Transportation | C116: 3750 | D116: =C116/$J$1 -> 8.4497521 | E116: 3750 | F116: =E116/$J$2 -> 8.565555 | G116: =F116-D116 -> 0.11580291 | H116: =G116/D116 -> 0.013704888
A117: 3100 | B117: Food Service | C117: 44404 | D117: =C117/$J$1 -> 100.05408 | E117: 46007 | F117: =E117/$J$2 -> 105.0868 | G117: =F117-D117 -> 5.0327192 | H117: =G117/D117 -> 0.050299991
B118: Total Application | C118: 460656 | D118: =C118/$J$1 -> 1037.9811 | E118: 462259 | F118: =E118/$J$2 -> 1055.868 | G118: =F118-D118 -> 17.886904 | H118: =G118/D118 -> 0.017232399
...

Sheet Pershing Revenue
B1: Local Revenue | C1: 18-19 | E1: 19-20 | G1: Difference | H1: % difference | J1: 660.07 | K1: BSG | L1: 9271
A2: 1110 | B2: Property Tax | C2: 1953729 | D2: =C2/$J$1 -> 2959.8815 | E2: 2005442 | F2: =E2/$J$2 -> 3065.4876 | G2: =F2-D2 -> 105.60609 | H2: =G2/D2 -> 0.035679161 | J2: 654.2
A3: 1120 | B3: School Support Tax | C3: 739755 | D3: =C3/$J$1 -> 1120.722 | E3: 730319 | F3: =E3/$J$2 -> 1116.3543 | G3: =F3-D3 -> -4.3677187 | H3: =G3/D3 -> -0.0038972364
A4: 1191 | B4: Franchise Tax | C4: 26000 | D4: =C4/$J$1 -> 39.389762 | E4: 10000 | F4: =E4/$J$2 -> 15.285845 | G4: =F4-D4 -> -24.103916 | H4: =G4/D4 -> -0.61193354
A5: 1192 | B5: Governmental Services Tax | C5: 624385 | D5: =C5/$J$1 -> 945.93755 | E5: 622653 | F5: =E5/$J$2 -> 951.77774 | G5: =F5-D5 -> 5.8401917 | H5: =G5/D5 -> 0.0061739718
A6: 1500 | B6: Earnings on Investments | C6: 25000 | D6: =C6/$J$1 -> 37.874771 | E6: 20000 | F6: =E6/$J$2 -> 30.571691 | G6: =F6-D6 -> -7.3030802 | H6: =G6/D6 -> -0.19282177
A7: 1900 | B7: Other Revenues | C7: 1500 | D7: =C7/$J$1 -> 2.2724863 | E7: 0 | F7: =E7/$J$2 -> 0 | G7: =F7-D7 -> -2.2724863 | H7: =G7/D7 -> -1
A8: 1920 | B8: Donations | C8: 9300 | D8: =C8/$J$1 -> 14.089415 | E8: 0 | F8: =E8/$J$2 -> 0 | G8: =F8-D8 -> -14.089415 | H8: =G8/D8 -> -1
B9: Local Total | C9: =SUM(C2:C8) -> 3379669 | D9: =C9/$J$1 -> 5120.1676 | E9: =SUM(E2:E8) -> 3388414 | F9: =E9/$J$2 -> 5179.4772 | G9: =F9-D9 -> 59.309666 | H9: =G9/D9 -> 0.01158354
B11: State Revenue
A12: 3110 | B12: Distributive School Account | C12: 4591608 | D12: =C12/$J$1 -> 6956.244 | E12: 4699563 | F12: =E12/$J$2 -> 7183.6793 | G12: =F12-D12 -> 227.43527 | H12: =G12/D12 -> 0.032695125
B13: State Total | C13: =SUM(C12:C12) -> 4591608 | D13: =C13/$J$1 -> 6956.244 | E13: =SUM(E12:E12) -> 4699563 | F13: =E13/$J$2 -> 7183.6793 | G13: =F13-D13 -> 227.43527 | H13: =G13/D13 -> 0.032695125
B15: Federal Revenue
A16: 4100 | B16: Unrestricted - Direct | C16: 157808 | D16: =C16/$J$1 -> 239.07767 | E16: 120000 | F16: =E16/$J$2 -> 183.43014 | G16: =F16-D16 -> -55.64753 | H16: =G16/D16 -> -0.23275921
B17: Federal Total | C17: =SUM(C16:C16) -> 157808 | D17: =C17/$J$1 -> 239.07767 | E17: =SUM(E16:E16) -> 120000 | F17: =E17/$J$2 -> 183.43014 | G17: =F17-D17 -> -55.64753 | H17: =G17/D17 -> -0.23275921
B19: Opening Fund Balance Revenue
B20: Opening Balance (other) | C20: 2816758 | D20: =C20/$J$1 -> 4267.3626 | E20: 2490582 | F20: =E20/$J$2 -> 3807.0651 | G20: =F20-D20 -> -460.29743 | H20: =G20/D20 -> -0.10786462
B21: Opening Fund Balance Total | C21: =SUM(C20:C20) -> 2816758 | D21: =C21/$J$1 -> 4267.3626 | E21: =SUM(E20:E20) -> 2490582 | F21: =E21/$J$2 -> 3807.0651 | G21: =F21-D21 -> -460.29743 | H21: =G21/D21 -> -0.10786462
B23: Total Resources | C23: 10945843 | D23: =C23/$J$1 -> 16582.852 | E23: 10698559 | F23: =E23/$J$2 -> 16353.652 | G23: =F23-D23 -> -229.20003 | H23: =G23/D23 -> -0.013821509
A25: Class Size Reduction
A26: 3230 | B26: Class Size Reduction | C26: 232159 | D26: =C26/$J$1 -> 351.71876 | E26: 232159 | F26: =E26/$J$2 -> 354.87466 | G26: =F26-D26 -> 3.155899 | H26: =G26/D26 -> 0.0089727912
A27: 3000 | B27: State Total | C27: =C26 -> 232159 | D27: =C27/$J$1 -> 351.71876 | E27: =E26 -> 232159 | F27: =E27/$J$2 -> 354.87466 | G27: =F27-D27 -> 3.155899 | H27: =G27/D27 -> 0.0089727912
B28: Total Resources | C28: =C27 -> 232159 | D28: =C28/$J$1 -> 351.71876 | E28: =E27 -> 232159 | F28: =E28/$J$2 -> 354.87466 | G28: =F28-D28 -> 3.155899 | H28: =G28/D28 -> 0.0089727912
A30: Adult Education
A31: 3220 | B31: Adult High School Diploma | C31: 1142957 | D31: =C31/$J$1 -> 1731.5694 | E31: 109694 | F31: =E31/$J$2 -> 167.67655 | G31: =F31-D31 -> -1563.8928 | H31: =G31/D31 -> -0.90316498
A32: 3000 | B32: State Total | C32: =C31 -> 1142957 | D32: =C32/$J$1 -> 1731.5694 | E32: =E31 -> 109694 | F32: =E32/$J$2 -> 167.67655 | G32: =F32-D32 -> -1563.8928 | H32: =G32/D32 -> -0.90316498
B33: Total Resources | C33: =C32 -> 1142957 | D33: =C33/$J$1 -> 1731.5694 | E33: =E32 -> 109694 | F33: =E33/$J$2 -> 167.67655 | G33: =F33-D33 -> -1563.8928 | H33: =G33/D33 -> -0.90316498
A35: State Grant Fund
A36: 3110 | B36: DSA | C36: 50000 | D36: =C36/$J$1 -> 75.749542 | E36: 50000 | F36: =E36/$J$2 -> 76.429227 | G36: =F36-D36 -> 0.67968482 | H36: =G36/D36 -> 0.0089727912
A37: 3115 | B37: Special Education - DSA | C37: 26961 | D37: =C37/$J$1 -> 40.845668 | E37: 26961 | F37: =E37/$J$2 -> 41.212168 | G37: =F37-D37 -> 0.36649965 | H37: =G37/D37 -> 0.0089727912
A38: 3200 | B38: Restricted Funding | C38: 296072 | D38: =C38/$J$1 -> 448.54637 | E38: 190575 | F38: =E38/$J$2 -> 291.31 | G38: =F38-D38 -> -157.23637 | H38: =G38/D38 -> -0.35054652
A39: 3000 | B39: State Total | C39: =SUM(C36:C38) -> 373033 | D39: =C39/$J$1 -> 565.14158 | E39: =SUM(E36:E38) -> 267536 | F39: =E39/$J$2 -> 408.95139 | G39: =F39-D39 -> -156.19018 | H39: =G39/D39 -> -0.27637355
B40: Total Resources | C40: =C39 -> 373033 | D40: =C40/$J$1 -> 565.14158 | E40: =E39 -> 267536 | F40: =E40/$J$2 -> 408.95139 | G40: =F40-D40 -> -156.19018 | H40: =G40/D40 -> -0.27637355
A42: Special Education
A43: 3110 | B43: DSA | C43: 783595 | D43: =C43/$J$1 -> 1187.1392 | E43: 783595 | F43: =E43/$J$2 -> 1197.7912 | G43: =F43-D43 -> 10.651953 | H43: =G43/D43 -> 0.0089727912
A44: 3000 | B44: State Total | C44: =C43 -> 783595 | D44: =C44/$J$1 -> 1187.1392 | E44: =E43 -> 783595 | F44: =E44/$J$2 -> 1197.7912 | G44: =F44-D44 -> 10.651953 | H44: =G44/D44 -> 0.0089727912
A45: 5200 | B45: Transfer from Other Funds | C45: 536548 | D45: =C45/$J$1 -> 812.8653 | E45: 602580 | F45: =E45/$J$2 -> 921.09447 | G45: =F45-D45 -> 108.22916 | H45: =G45/D45 -> 0.13314526
B46: Total Resources | C46: 1338330 | D46: =C46/$J$1 -> 2027.5577 | E46: 1386175 | F46: =E46/$J$2 -> 2118.8857 | G46: =F46-D46 -> 91.327979 | H46: =G46/D46 -> 0.045043344
A48: Federal Grants
A49: 4100 | B49: Unrestricted - Direct Fed Gov't | C49: 23410 | D49: =C49/$J$1 -> 35.465935 | E49: 0 | F49: =E49/$J$2 -> 0 | G49: =F49-D49 -> -35.465935 | H49: =G49/D49 -> -1
A50: 4500 | B50: Restricted - State Agency | C50: 993430 | D50: =C50/$J$1 -> 1505.0373 | E50: 0 | F50: =E50/$J$2 -> 0 | G50: =F50-D50 -> -1505.0373 | H50: =G50/D50 -> -1
A51: 4000 | B51: Federal Total | C51: =SUM(C49:C50) -> 1016840 | D51: =C51/$J$1 -> 1540.5033 | E51: 0 | F51: =E51/$J$2 -> 0 | G51: =F51-D51 -> -1540.5033 | H51: =G51/D51 -> -1
B52: Total Resources | C52: =C51 -> 1016840 | D52: =C52/$J$1 -> 1540.5033 | F52: =E52/$J$2 -> 0 | G52: =F52-D52 -> -1540.5033 | H52: =G52/D52 -> -1
A54: Food Services
A55: 1611 | B55: School Lunch | C55: 57000 | D55: =C55/$J$1 -> 86.354478 | E55: 58000 | F55: =E55/$J$2 -> 88.657903 | G55: =F55-D55 -> 2.3034252 | H55: =G55/D55 -> 0.026674068
A56: 1613 | B56: Milk | C56: 3000 | D56: =C56/$J$1 -> 4.5449725 | E56: 3500 | F56: =E56/$J$2 -> 5.3500459 | G56: =F56-D56 -> 0.80507335 | H56: =G56/D56 -> 0.17713492
A57: 1620 | B57: Staff/guest | C57: 750 | D57: =C57/$J$1 -> 1.1362431 | E57: 800 | F57: =E57/$J$2 -> 1.2228676 | G57: =F57-D57 -> 0.086624499 | H57: =G57/D57 -> 0.076237644
A58: 1000 | B58: Local Total | C58: =SUM(C55:C57) -> 60750 | D58: =C58/$J$1 -> 92.035693 | E58: =SUM(E55:E57) -> 62300 | F58: =E58/$J$2 -> 95.230816 | G58: =F58-D58 -> 3.1951231 | H58: =G58/D58 -> 0.03471613
A59: 4501 | B59: Federal - Thru State - Lunch | C59: 140000 | D59: =C59/$J$1 -> 212.09872 | E59: 145000 | F59: =E59/$J$2 -> 221.64476 | G59: =F59-D59 -> 9.5460402 | H59: =G59/D59 -> 0.045007534
A60: 4502 | B60: Federal - Thru State - Breakfast | C60: 77000 | D60: =C60/$J$1 -> 116.65429 | E60: 80000 | F60: =E60/$J$2 -> 122.28676 | G60: =F60-D60 -> 5.6324682 | H60: =G60/D60 -> 0.048283419
A61: 4000 | B61: Federal Total | C61: 217000 | D61: =C61/$J$1 -> 328.75301 | E61: =SUM(E59:E60) -> 225000 | F61: =E61/$J$2 -> 343.93152 | G61: =F61-D61 -> 15.178508 | H61: =G61/D61 -> 0.046169945
A62: 5200 | B62: Transfer from Other Funds | C62: 9552 | D62: =C62/$J$1 -> 14.471192 | E62: 60175 | F62: =E62/$J$2 -> 91.982574 | G62: =F62-D62 -> 77.511382 | H62: =G62/D62 -> 5.3562539
B63: Total Resources | C63: 323724 | D63: =C63/$J$1 -> 490.43889 | E63: 347475 | F63: =E63/$J$2 -> 531.14491 | G63: =F63-D63 -> 40.706017 | H63: =G63/D63 -> 0.082999162
A65: Capital Projects Funds
A66: 1192 | B66: Governmental Service Tax | C66: 164445 | D66: =C66/$J$1 -> 249.13267 | E66: 166041 | F66: =E66/$J$2 -> 253.8077 | G66: =F66-D66 -> 4.6750363 | H66: =G66/D66 -> 0.018765248
A67: 1000 | B67: Local Total | C67: =C66 -> 164445 | D67: =C67/$J$1 -> 249.13267 | E67: =E66 -> 166041 | F67: =E67/$J$2 -> 253.8077 | G67: =F67-D67 -> 4.6750363 | H67: =G67/D67 -> 0.018765248
A68: 5200 | B68: Transfer from Other Funds | C68: 819092 | D68: =C68/$J$1 -> 1240.9169 | E68: 682237 | F68: =E68/$J$2 -> 1042.8569 | G68: =F68-D68 -> -198.05995 | H68: =G68/D68 -> -0.15960775
B69: Total Resources | C69: 1586855 | D69: =C69/$J$1 -> 2404.0708 | E69: 1972515 | F69: =E69/$J$2 -> 3015.1559 | G69: =F69-D69 -> 611.08514 | H69: =G69/D69 -> 0.25418766
A71: Unemployment Fund
A72: 5200 | B72: Transfer from Other Funds | C72: 12743 | D72: =C72/$J$1 -> 19.305528 | E72: 5000 | F72: =E72/$J$2 -> 7.6429227 | G72: =F72-D72 -> -11.662606 | H72: =G72/D72 -> -0.60410704
B73: Total Resources | C73: 50000 | D73: =C73/$J$1 -> 75.749542 | E73: 50000 | F73: =E73/$J$2 -> 76.429227 | G73: =F73-D73 -> 0.67968482 | H73: =G73/D73 -> 0.0089727912
A75: Scholarship Fund
A76: 1500 | B76: Earnings on Investment | C76: 300 | D76: =C76/$J$1 -> 0.45449725 | E76: 100 | F76: =E76/$J$2 -> 0.15285845 | G76: =F76-D76 -> -0.3016388 | H76: =G76/D76 -> -0.66367574
A77: 1000 | B77: Local Total | C77: =C76 -> 300 | D77: =C77/$J$1 -> 0.45449725 | E77: =E76 -> 100 | F77: =E77/$J$2 -> 0.15285845 | G77: =F77-D77 -> -0.3016388 | H77: =G77/D77 -> -0.66367574
B78: Total Resources | C78: 17348 | D78: =C78/$J$1 -> 26.282061 | E78: 7448 | F78: =E78/$J$2 -> 11.384898 | G78: =F78-D78 -> -14.897163 | H78: =G78/D78 -> -0.56681869
B84: Local | C84: =C77+C67+C58+C9 -> 3605164 | D84: =C84/J1 -> 5461.7904 | E84: =E77+E67+E58+E9 -> 3616855 | F84: =E84/J2 -> 5528.6686 | G84: =F84-D84 -> 66.878187 | H84: =G84/D84 -> 0.012244737
B85: State | C85: =C44+C39+C32+C13+C27 -> 7123352 | D85: =C85/J1 -> 10791.813 | E85: =E44+E39+E32+E27+E13 -> 6092547 | F85: =E85/J2 -> 9312.9731 | G85: =F85-D85 -> -1478.8399 | H85: =G85/D85 -> -0.1370335
B86: Federal | C86: =C61+C51+C17 -> 1391648 | D86: =C86/J1 -> 2108.334 | E86: =E61+E51+E17 -> 345000 | F86: =E86/J2 -> 527.36166 | G86: =F86-D86 -> -1580.9723 | H86: =G86/D86 -> -0.74986806
B87: All | C87: =C78+C73+C69+C63+C52+C46+C40+C33+C28+C23 -> 17027089 | D87: =C87/J1 -> 25795.884 | E87: =E78+E73+E69+E63+E52+E46+E40+E33+E28+E23 -> 15071561 | F87: =E87/J2 -> 23038.155 | G87: =F87-D87 -> -2757.7288 | H87: =G87/D87 -> -0.10690577
D88: =SUM(D84:D86) -> 18361.937 | G88: =SUM(G84:G86) -> -2992.934 | H88: =G88/D88 -> -0.16299664

Sheet Pershing Expenses
A1: 100 | B1: Regular Programs | C1: 18-19 | D1: 18-19 Per Pupil | E1: 19-20 | F1: 19-20 Per Pupil | G1: Differences | H1: % Difference | J1: 660.07
B2: Instruction | J2: 654.2
A3: 100 | B3: Salaries | C3: 2294427 | D3: =C3/$J$1 -> 3476.0359 | E3: 2632900 | F3: =E3/$J$2 -> 4024.6102 | G3: =F3-D3 -> 548.57434 | H3: =G3/D3 -> 0.15781607
A4: 200 | B4: Benefits | C4: 1065098 | D4: =C4/$J$1 -> 1613.6137 | E4: 1259080 | F4: =E4/$J$2 -> 1924.6102 | G4: =F4-D4 -> 310.9965 | H4: =G4/D4 -> 0.19273293
A5: 500 | B5: Purchase Services | C5: 50280 | D5: =C5/$J$1 -> 76.173739 | E5: 89500 | F5: =E5/$J$2 -> 136.80832 | G5: =F5-D5 -> 60.634576 | H5: =G5/D5 -> 0.79600368
A6: 600 | B6: Supplies | C6: 160427 | D6: =C6/$J$1 -> 243.04543 | E6: 130600 | F6: =E6/$J$2 -> 199.63314 | G6: =F6-D6 -> -43.412295 | H6: =G6/D6 -> -0.17861802
A7: 900 | B7: Other | C7: 1588 | D7: =C7/$J$1 -> 2.4058054 | E7: 5500 | F7: =E7/$J$2 -> 8.4072149 | G7: =F7-D7 -> 6.0014095 | H7: =G7/D7 -> 2.4945531
A8: 100 | B8: Regular Programs Total | C8: =SUM(C3:C7) -> 3571820 | D8: =C8/$J$1 -> 5411.2746 | E8: =SUM(E3:E7) -> 4117580 | F8: =E8/$J$2 -> 6294.0691 | G8: =F8-D8 -> 882.79453 | H8: =G8/D8 -> 0.16313985
A10: 300 | B10: Vocational & Technical
A11: 100 | B11: Salaries | C11: 77000 | D11: =C11/$J$1 -> 116.65429 | E11: 168000 | F11: =E11/$J$2 -> 256.8022 | G11: =F11-D11 -> 140.14791 | H11: =G11/D11 -> 1.2013952
A12: 200 | B12: Benefits | C12: 32000 | D12: =C12/$J$1 -> 48.479707 | E12: 72900 | F12: =E12/$J$2 -> 111.43381 | G12: =F12-D12 -> 62.954106 | H12: =G12/D12 -> 1.2985661
A13: 600 | B13: Supplies | C13: 1800 | D13: =C13/$J$1 -> 2.7269835 | E13: 5800 | F13: =E13/$J$2 -> 8.8657903 | G13: =F13-D13 -> 6.1388068 | H13: =G13/D13 -> 2.2511345
A14: 300 | B14: Vocational & Technical Total | C14: =SUM(C11:C13) -> 110800 | D14: =C14/$J$1 -> 167.86098 | E14: =SUM(E11:E13) -> 246700 | F14: =E14/$J$2 -> 377.1018 | G14: =F14-D14 -> 209.24082 | H14: =G14/D14 -> 1.2465125
A16: 920 | B16: Athletic
A17: 100 | B17: Salaries | C17: 100865 | D17: =C17/$J$1 -> 152.80955 | E17: 106200 | F17: =E17/$J$2 -> 162.33568 | G17: =F17-D17 -> 9.5261267 | H17: =G17/D17 -> 0.062339864
A18: 200 | B18: Benefits | C18: 3273 | D18: =C18/$J$1 -> 4.958565 | E18: 5250 | F18: =E18/$J$2 -> 8.0250688 | G18: =F18-D18 -> 3.0665038 | H18: =G18/D18 -> 0.61842565
A19: 500 | B19: Purchase Services | C19: 43356 | D19: =C19/$J$1 -> 65.683943 | E19: 53300 | F19: =E19/$J$2 -> 81.473555 | G19: =F19-D19 -> 15.789613 | H19: =G19/D19 -> 0.24038771
A20: 600 | B20: Supplies | C20: 7033 | D20: =C20/$J$1 -> 10.654931 | E20: 5000 | F20: =E20/$J$2 -> 7.6429227 | G20: =F20-D20 -> -3.0120079 | H20: =G20/D20 -> -0.28268677
A21: 900 | B21: Misc | C21: 11027 | D21: =C21/$J$1 -> 16.705804 | E21: 10000 | F21: =E21/$J$2 -> 15.285845 | G21: =F21-D21 -> -1.4199586 | H21: =G21/D21 -> -0.084997922
B22: Community Service | D22: =C22/$J$1 -> 0 | F22: =E22/$J$2 -> 0 | G22: =F22-D22 -> 0 | H22: =G22/D22 -> #DIV/0!
A23: 800 | B23: Other | C23: 0 | D23: =C23/$J$1 -> 0 | E23: 7500 | F23: =E23/$J$2 -> 11.464384 | G23: =F23-D23 -> 11.464384 | H23: =G23/D23 -> #DIV/0!
B24: Transportation | D24: =C24/$J$1 -> 0 | F24: =E24/$J$2 -> 0 | G24: =F24-D24 -> 0 | H24: =G24/D24 -> #DIV/0!
A25: 500 | B25: Purchase Services | C25: 0 | D25: =C25/$J$1 -> 0 | E25: 5500 | F25: =E25/$J$2 -> 8.4072149 | G25: =F25-D25 -> 8.4072149 | H25: =G25/D25 -> #DIV/0!
A26: 920 | B26: Athletic Total | C26: =SUM(C17:C25) -> 165554 | D26: =C26/$J$1 -> 250.81279 | E26: =SUM(E17:E25) -> 192750 | F26: =E26/$J$2 -> 294.63467 | G26: =F26-D26 -> 43.821876 | H26: =G26/D26 -> 0.17471946
A28: 2100 | B28: Support Services - Nurses
A29: 100 | B29: Salaries | C29: 50083 | D29: =C29/$J$1 -> 75.875286 | E29: 51500 | F29: =E29/$J$2 -> 78.722103 | G29: =F29-D29 -> 2.8468174 | H29: =G29/D29 -> 0.037519692
A30: 200 | B30: Benefits | C30: 24475 | D30: =C30/$J$1 -> 37.079401 | E30: 31150 | F30: =E30/$J$2 -> 47.615408 | G30: =F30-D30 -> 10.536007 | H30: =G30/D30 -> 0.28414719
A31: 500 | B31: Purchase Services | C31: 2388 | D31: =C31/$J$1 -> 3.6177981 | E31: 2600 | F31: =E31/$J$2 -> 3.9743198 | G31: =F31-D31 -> 0.35652167 | H31: =G31/D31 -> 0.09854659
A32: 600 | B32: Supplies | C32: 2975 | D32: =C32/$J$1 -> 4.5070977 | E32: 2750 | F32: =E32/$J$2 -> 4.2036075 | G32: =F32-D32 -> -0.30349027 | H32: =G32/D32 -> -0.067336075
A33: 900 | B33: Misc. | C33: 0 | D33: =C33/$J$1 -> 0 | E33: 20 | F33: =E33/$J$2 -> 0.030571691 | G33: =F33-D33 -> 0.030571691 | H33: =G33/D33 -> #DIV/0!
A34: 2100 | B34: Support Services - Nurses Total | C34: =SUM(C29:C33) -> 79921 | D34: =C34/$J$1 -> 121.07958 | E34: =SUM(E29:E33) -> 88020 | F34: =E34/$J$2 -> 134.54601 | G34: =F34-D34 -> 13.466428 | H34: =G34/D34 -> 0.11121964
A36: 2300 | B36: General Admin
A37: 100 | B37: Salaries | C37: 141200 | D37: =C37/$J$1 -> 213.91671 | E37: 160000 | F37: =E37/$J$2 -> 244.57352 | G37: =F37-D37 -> 30.656819 | H37: =G37/D37 -> 0.14331194
A38: 200 | B38: Benefits | C38: 58500 | D38: =C38/$J$1 -> 88.626964 | E38: 65300 | F38: =E38/$J$2 -> 99.81657 | G38: =F38-D38 -> 11.189606 | H38: =G38/D38 -> 0.1262551
A39: 500 | B39: Purchase Services | C39: 24425 | D39: =C39/$J$1 -> 37.003651 | E39: 26500 | F39: =E39/$J$2 -> 40.50749 | G39: =F39-D39 -> 3.5038389 | H39: =G39/D39 -> 0.094689006
A40: 600 | B40: Supplies | C40: 7780 | D40: =C40/$J$1 -> 11.786629 | E40: 8200 | F40: =E40/$J$2 -> 12.534393 | G40: =F40-D40 -> 0.74776446 | H40: =G40/D40 -> 0.063441759
A41: 900 | B41: Misc | C41: 11000 | D41: =C41/$J$1 -> 16.664899 | E41: 13000 | F41: =E41/$J$2 -> 19.871599 | G41: =F41-D41 -> 3.2066997 | H41: =G41/D41 -> 0.19242239
A42: 2300 | B42: General Admin | C42: =SUM(C37:C41) -> 242905 | D42: =C42/$J$1 -> 367.99885 | E42: =SUM(E37:E41) -> 273000 | F42: =E42/$J$2 -> 417.30358 | G42: =F42-D42 -> 49.304728 | H42: =G42/D42 -> 0.13398066
D43: =C43/$J$1 -> 0 | F43: =E43/$J$2 -> 0 | G43: =F43-D43 -> 0 | H43: =G43/D43 -> #DIV/0!
A44: 2400 | B44: School Admin | D44: =C44/$J$1 -> 0 | F44: =E44/$J$2 -> 0 | G44: =F44-D44 -> 0 | H44: =G44/D44 -> #DIV/0!
A45: 100 | B45: Salaries | C45: 441070 | D45: =C45/$J$1 -> 668.21701 | E45: 443500 | F45: =E45/$J$2 -> 677.92724 | G45: =F45-D45 -> 9.7102321 | H45: =G45/D45 -> 0.014531555
A46: 200 | B46: Benefits | C46: 187220 | D46: =C46/$J$1 -> 283.63658 | E46: 203415 | F46: =E46/$J$2 -> 310.93702 | G46: =F46-D46 -> 27.300438 | H46: =G46/D46 -> 0.096251471
A47: 500 | B47: Purchase Services | C47: 200 | D47: =C47/$J$1 -> 0.30299817 | E47: 300 | F47: =E47/$J$2 -> 0.45857536 | G47: =F47-D47 -> 0.15557719 | H47: =G47/D47 -> 0.51345919
A48: 600 | B48: Supplies | C48: 5254 | D48: =C48/$J$1 -> 7.9597618 | E48: 5100 | F48: =E48/$J$2 -> 7.7957811 | G48: =F48-D48 -> -0.16398074 | H48: =G48/D48 -> -0.020601211
A49: 900 | B49: Misc | C49: 0 | D49: =C49/$J$1 -> 0 | E49: 1000 | F49: =E49/$J$2 -> 1.5285845 | G49: =F49-D49 -> 1.5285845 | H49: =G49/D49 -> #DIV/0!
A50: 2400 | B50: School Admin Total | C50: =SUM(C45:C49) -> 633744 | D50: =C50/$J$1 -> 960.11635 | E50: =SUM(E45:E49) -> 653315 | F50: =E50/$J$2 -> 998.6472 | G50: =F50-D50 -> 38.530851 | H50: =G50/D50 -> 0.04013144
A52: 2500 | B52: Central Services
A53: 100 | B53: Salaries | C53: 258500 | D53: =C53/$J$1 -> 391.62513 | E53: 354250 | F53: =E53/$J$2 -> 541.50107 | G53: =F53-D53 -> 149.87594 | H53: =G53/D53 -> 0.38270256
A54: 200 | B54: Benefits | C54: 215255 | D54: =C54/$J$1 -> 326.10935 | E54: 280450 | F54: =E54/$J$2 -> 428.69153 | G54: =F54-D54 -> 102.58218 | H54: =G54/D54 -> 0.31456375
A55: 500 | B55: Purchase Services | C55: 223750 | D55: =C55/$J$1 -> 338.9792 | E55: 200950 | F55: =E55/$J$2 -> 307.16906 | G55: =F55-D55 -> -31.810138 | H55: =G55/D55 -> -0.093840973
A56: 600 | B56: Supplies | C56: 36350 | D56: =C56/$J$1 -> 55.069917 | E56: 45900 | F56: =E56/$J$2 -> 70.16203 | G56: =F56-D56 -> 15.092113 | H56: =G56/D56 -> 0.27405368
A57: 700 | B57: Property | C57: 0 | D57: =C57/$J$1 -> 0 | E57: 5000 | F57: =E57/$J$2 -> 7.6429227 | G57: =F57-D57 -> 7.6429227 | H57: =G57/D57 -> #DIV/0!
A58: 900 | B58: Misc | C58: 11300 | D58: =C58/$J$1 -> 17.119396 | E58: 16000 | F58: =E58/$J$2 -> 24.457352 | G58: =F58-D58 -> 7.3379561 | H58: =G58/D58 -> 0.42863404
A59: 2500 | B59: Central Services Total | C59: =SUM(C53:C58) -> 745155 | D59: =C59/$J$1 -> 1128.903 | E59: =SUM(E53:E58) -> 902550 | F59: =E59/$J$2 -> 1379.624 | G59: =F59-D59 -> 250.72097 | H59: =G59/D59 -> 0.22209257
A61: 2600 | B61: Operating/Maintenance
A62: 100 | B62: Salaries | C62: 386632 | D62: =C62/$J$1 -> 585.74394 | E62: 432600 | F62: =E62/$J$2 -> 661.26567 | G62: =F62-D62 -> 75.521732 | H62: =G62/D62 -> 0.12893302
A63: 200 | B63: Benefits | C63: 168023 | D63: =C63/$J$1 -> 254.5533 | E63: 260070 | F63: =E63/$J$2 -> 397.53898 | G63: =F63-D63 -> 142.98567 | H63: =G63/D63 -> 0.56171211
A64: 500 | B64: Purchase Services | C64: 204099 | D64: =C64/$J$1 -> 309.20811 | E64: 289650 | F64: =E64/$J$2 -> 442.75451 | G64: =F64-D64 -> 133.5464 | H64: =G64/D64 -> 0.43189809
A65: 600 | B65: Supplies | C65: 242710 | D65: =C65/$J$1 -> 367.70343 | E65: 279250 | F65: =E65/$J$2 -> 426.85723 | G65: =F65-D65 -> 59.153805 | H65: =G65/D65 -> 0.16087368
A66: 700 | B66: Property | C66: 0 | D66: =C66/$J$1 -> 0 | E66: 15000 | F66: =E66/$J$2 -> 22.928768 | G66: =F66-D66 -> 22.928768 | H66: =G66/D66 -> #DIV/0!
A67: 2600 | B67: Operating/Maintenance Total | C67: =SUM(C62:C66) -> 1001464 | D67: =C67/$J$1 -> 1517.2088 | E67: =SUM(E62:E66) -> 1276570 | F67: =E67/$J$2 -> 1951.3452 | G67: =F67-D67 -> 434.13637 | H67: =G67/D67 -> 0.28614148
A69: 2700 | B69: Student Transportation
A70: 100 | B70: Salaries | C70: 281820 | D70: =C70/$J$1 -> 426.95472 | E70: 305100 | F70: =E70/$J$2 -> 466.37114 | G70: =F70-D70 -> 39.416423 | H70: =G70/D70 -> 0.092319916
A71: 200 | B71: Benefits | C71: 112797 | D71: =C71/$J$1 -> 170.88642 | E71: 134825 | F71: =E71/$J$2 -> 206.09141 | G71: =F71-D71 -> 35.204988 | H71: =G71/D71 -> 0.20601396
A72: 500 | B72: Purchase Services | C72: 63233 | D72: =C72/$J$1 -> 95.797415 | E72: 81200 | F72: =E72/$J$2 -> 124.12106 | G72: =F72-D72 -> 28.323648 | H72: =G72/D72 -> 0.29566193
A73: 600 | B73: Supplies | C73: 124852 | D73: =C73/$J$1 -> 189.14964 | E73: 213600 | F73: =E73/$J$2 -> 326.50566 | G73: =F73-D73 -> 137.35602 | H73: =G73/D73 -> 0.7261765
A74: 700 | B74: Property | C74: 369156 | D74: =C74/$J$1 -> 559.26796 | E74: 10000 | F74: =E74/$J$2 -> 15.285845 | G74: =F74-D74 -> -543.98211 | H74: =G74/D74 -> -0.97266812
A75: 900 | B75: Misc | C75: 21 | D75: =C75/$J$1 -> 0.031814808 | E75: 0 | F75: =E75/$J$2 -> 0 | G75: =F75-D75 -> -0.031814808 | H75: =G75/D75 -> -1
A76: 2700 | B76: Student Transportation Total | C76: =SUM(C70:C75) -> 951879 | D76: =C76/$J$1 -> 1442.088 | E76: =SUM(E70:E75) -> 744725 | F76: =E76/$J$2 -> 1138.3751 | G76: =F76-D76 -> -303.71285 | H76: =G76/D76 -> -0.21060633
A78: 4100 | B78: Land Acquisition
A79: 700 | B79: Property | C79: 0 | D79: =C79/$J$1 -> 0 | E79: 20000 | F79: =E79/$J$2 -> 30.571691 | G79: =F79-D79 -> 30.571691 | H79: =G79/D79 -> #DIV/0!
A80: 4100 | B80: Land Acquisition Total | C80: =SUM(C79) -> 0 | D80: =C80/$J$1 -> 0 | E80: =SUM(E79) -> 20000 | F80: =E80/$J$2 -> 30.571691 | G80: =F80-D80 -> 30.571691 | H80: =G80/D80 -> #DIV/0!
A82: 4500 | B82: Building Improvement
A83: 700 | B83: Property | C83: 0 | D83: =C83/$J$1 -> 0 | E83: 20000 | F83: =E83/$J$2 -> 30.571691 | G83: =F83-D83 -> 30.571691 | H83: =G83/D83 -> #DIV/0!
A84: 4500 | B84: Building Improvement Total | C84: =SUM(C83) -> 0 | D84: =C84/$J$1 -> 0 | E84: =SUM(E83) -> 20000 | F84: =E84/$J$2 -> 30.571691 | G84: =F84-D84 -> 30.571691 | H84: =G84/D84 -> #DIV/0!
B86: Other Fund Transfers
A87: 910 | B87: Interfund Transfers | C87: 558843 | D87: =C87/$J$1 -> 846.64202 | E87: 667755 | F87: =E87/$J$2 -> 1020.72 | G87: =F87-D87 -> 174.07794 | H87: =G87/D87 -> 0.20560985
B88: Other Fund Transfers Total | C88: =SUM(C87:C87) -> 558843 | D88: =C88/$J$1 -> 846.64202 | E88: =SUM(E87:E87) -> 667755 | F88: =E88/$J$2 -> 1020.72 | G88: =F88-D88 -> 174.07794 | H88: =G88/D88 -> 0.20560985
A90: 8000 | B90: Ending Fund Balance | C90: 2490582 | D90: =C90/$J$1 -> 3773.2089 | E90: 925864 | F90: =E90/$J$2 -> 1415.2614 | G90: =F90-D90 -> -2357.9475 | H90: =G90/D90 -> -0.62491836
D91: =C91/$J$1 -> 0
B92: Total Applications | C92: 10945843 | D92: =C92/$J$1 -> 16582.852 | E92: 10650559 | F92: =E92/$J$2 -> 16280.28 | G92: =F92-D92 -> -302.57209 | H92: =G92/D92 -> -0.018246083
A94: Class Size Reduction
A95: 100 | B95: Regular Programs | C95: 232159 | D95: =C95/$J$1 -> 351.71876 | E95: 232159 | F95: =E95/$J$2 -> 354.87466 | G95: =F95-D95 -> 3.155899 | H95: =G95/D95 -> 0.0089727912
A96: 3000 | B96: State Total | C96: =C95 -> 232159 | D96: =C96/$J$1 -> 351.71876 | E96: =E95 -> 232159 | F96: =E96/$J$2 -> 354.87466 | G96: =F96-D96 -> 3.155899 | H96: =G96/D96 -> 0.0089727912
B97: Total Applications | C97: =C96 -> 232159 | D97: =C97/$J$1 -> 351.71876 | E97: =E96 -> 232159 | F97: =E97/$J$2 -> 354.87466 | G97: =F97-D97 -> 3.155899 | H97: =G97/D97 -> 0.0089727912
A99: Adult Education
A100: 600 | B100: Adult Programs | C100: 1142954 | D100: =C100/$J$1 -> 1731.5648 | E100: 109694 | F100: =E100/$J$2 -> 167.67655 | G100: =F100-D100 -> -1563.8883 | H100: =G100/D100 -> -0.90316473
B101: Total Applications | C101: =C100 -> 1142954 | D101: =C101/$J$1 -> 1731.5648 | E101: =E100 -> 109694 | F101: =E101/$J$2 -> 167.67655 | G101: =F101-D101 -> -1563.8883 | H101: =G101/D101 -> -0.90316473
A103: State Grant Fund
A104: 100 | B104: Regular Programs | C104: 332584 | D104: =C104/$J$1 -> 503.86171 | E104: 163615 | F104: =E104/$J$2 -> 250.09936 | G104: =F104-D104 -> -253.76235 | H104: =G104/D104 -> -0.50363492
A105: 200 | B105: Special Programs | C105: 26960 | D105: =C105/$J$1 -> 40.844153 | E105: 26960 | F105: =E105/$J$2 -> 41.210639 | G105: =F105-D105 -> 0.36648606 | H105: =G105/D105 -> 0.0089727912
A106: 300 | B106: Vocational and Tech | C106: 12322 | D106: =C106/$J$1 -> 18.667717 | E106: 0 | F106: =E106/$J$2 -> 0 | G106: =F106-D106 -> -18.667717 | H106: =G106/D106 -> -1
A107: 600 | B107: Adult Education | C107: 342 | D107: =C107/$J$1 -> 0.51812687 | E107: 0 | F107: =E107/$J$2 -> 0 | G107: =F107-D107 -> -0.51812687 | H107: =G107/D107 -> -1
A108: 3100 | B108: Food Service | C108: 826 | D108: =C108/$J$1 -> 1.2513824 | E108: 0 | F108: =E108/$J$2 -> 0 | G108: =F108-D108 -> -1.2513824 | H108: =G108/D108 -> -1
B109: Total Applications | C109: =SUM(C104:C108) -> 373034 | D109: =C109/$J$1 -> 565.14309 | E109: =SUM(E104:E108) -> 190575 | F109: =E109/$J$2 -> 291.31 | G109: =F109-D109 -> -273.83309 | H109: =G109/D109 -> -0.48453763
A111: Special Education
A112: 200 | B112: Special Programs | C112: 1298955 | D112: =C112/$J$1 -> 1967.9049 | E112: 1342825 | F112: =E112/$J$2 -> 2052.6215 | G112: =F112-D112 -> 84.716603 | H112: =G112/D112 -> 0.043049134
A113: 2700 | B113: Transportation | C113: 39375 | D113: =C113/$J$1 -> 59.652764 | E113: 43350 | F113: =E113/$J$2 -> 66.264139 | G113: =F113-D113 -> 6.6113753 | H113: =G113/D113 -> 0.110831
B114: Total Application | C114: 1338330 | D114: =C114/$J$1 -> 2027.5577 | E114: 1386175 | F114: =E114/$J$2 -> 2118.8857 | G114: =F114-D114 -> 91.327979 | H114: =G114/D114 -> 0.045043344
A116: Federal Grants
...

Sheet Nye Revenue
B1: Local Revenue | C1: 18-19 | D1: 18-19 Per Pupil | E1: 19-20 | F1: 19-20 Per Pupil | G1: Difference | H1: % difference | J1: 5153.28 | K1: BSG | L1: 7850
A2: 1110 | B2: Property Tax | C2: 9348578 | D2: =C2/$J$1 -> 1814.1025 | E2: 10778434 | F2: =E2/$J$2 -> 2064.0038 | G2: =F2-D2 -> 249.90128 | H2: =G2/D2 -> 0.13775478 | J2: 5222.1
A3: 1120 | B3: School Support Tax | C3: 10218538 | D3: =C3/$J$1 -> 1982.9192 | E3: 11230205 | F3: =E3/$J$2 -> 2150.5151 | G3: =F3-D3 -> 167.59589 | H3: =G3/D3 -> 0.084519777
A4: 1192 | B4: Governmental Services Tax | C4: 1700899 | D4: =C4/$J$1 -> 330.06144 | E4: 1974481 | F4: =E4/$J$2 -> 378.10096 | G4: =F4-D4 -> 48.039519 | H4: =G4/D4 -> 0.1455472
A5: 1500 | B5: Earnings on Investments | C5: 80000 | D5: =C5/$J$1 -> 15.524093 | E5: 100000 | F5: =E5/$J$2 -> 19.149384 | G5: =F5-D5 -> 3.625291 | H5: =G5/D5 -> 0.23352674
A6: 1990 | B6: Misc. | C6: 100000 | D6: =C6/$J$1 -> 19.405117 | E6: 100000 | F6: =E6/$J$2 -> 19.149384 | G6: =F6-D6 -> -0.25573239 | H6: =G6/D6 -> -0.013178606
B7: Local Total | C7: =SUM(C2:C6) -> 21448015 | D7: =C7/$J$1 -> 4162.0123 | E7: =SUM(E2:E6) -> 24183120 | F7: =E7/$J$2 -> 4630.9186 | G7: =F7-D7 -> 468.90625 | H7: =G7/D7 -> 0.11266335
B9: State Revenue
A10: 3110 | B10: Distributive School Account | C10: 28994328 | D10: =C10/$J$1 -> 5626.3832 | E10: 26170469 | F10: =E10/$J$2 -> 5011.4837 | G10: =F10-D10 -> -614.8995 | H10: =G10/D10 -> -0.10928859
B11: State Total | C11: =SUM(C10:C10) -> 28994328 | D11: =C11/$J$1 -> 5626.3832 | E11: =SUM(E10:E10) -> 26170469 | F11: =E11/$J$2 -> 5011.4837 | G11: =F11-D11 -> -614.8995 | H11: =G11/D11 -> -0.10928859
B13: Federal Revenue
A14: 4300 | B14: Restricted - Direct | C14: 67000 | D14: =C14/$J$1 -> 13.001428 | E14: 72220 | F14: =E14/$J$2 -> 13.829685 | G14: =F14-D14 -> 0.82825716 | H14: =G14/D14 -> 0.06370509
B15: Federal Total | C15: =SUM(C14:C14) -> 67000 | D15: =C15/$J$1 -> 13.001428 | E15: =SUM(E14:E14) -> 72220 | F15: =E15/$J$2 -> 13.829685 | G15: =F15-D15 -> 0.82825716 | H15: =G15/D15 -> 0.06370509
B17: Opening Fund Balance Revenue
B18: Opening Balance (other) | C18: 16162754 | D18: =C18/$J$1 -> 3136.4013 | E18: 10879832 | F18: =E18/$J$2 -> 2083.4208 | G18: =F18-D18 -> -1052.9804 | H18: =G18/D18 -> -0.33572886
B19: Opening Fund Balance Total | C19: =SUM(C18:C18) -> 16162754 | D19: =C19/$J$1 -> 3136.4013 | E19: =SUM(E18:E18) -> 10879832 | F19: =E19/$J$2 -> 2083.4208 | G19: =F19-D19 -> -1052.9804 | H19: =G19/D19 -> -0.33572886
B21: Total Resources | C21: 66672097 | D21: =C21/$J$1 -> 12937.798 | E21: 61233421 | F21: =E21/$J$2 -> 11725.823 | G21: =F21-D21 -> -1211.9751 | H21: =G21/D21 -> -0.093677077
A23: Class Size Reduction
A24: 3230 | B24: Class Size Reduction | C24: 1138143 | D24: =C24/$J$1 -> 220.85798 | E24: 845512 | F24: =E24/$J$2 -> 161.91034 | G24: =F24-D24 -> -58.947635 | H24: =G24/D24 -> -0.2669029
A25: 3000 | B25: State Total | C25: =C24 -> 1138143 | D25: =C25/$J$1 -> 220.85798 | E25: =E24 -> 845512 | F25: =E25/$J$2 -> 161.91034 | G25: =F25-D25 -> -58.947635 | H25: =G25/D25 -> -0.2669029
B26: Total Resources | C26: =C25 -> 1138143 | D26: =C26/$J$1 -> 220.85798 | E26: =E25 -> 845512 | F26: =E26/$J$2 -> 161.91034 | G26: =F26-D26 -> -58.947635 | H26: =G26/D26 -> -0.2669029
A28: Adult Education
A29: 3220 | B29: Adult High School Diploma | C29: 253942 | D29: =C29/$J$1 -> 49.277742 | E29: 0 | F29: =E29/$J$2 -> 0 | G29: =F29-D29 -> -49.277742 | H29: =G29/D29 -> -1
A30: 3000 | B30: State Total | C30: =C29 -> 253942 | D30: =C30/$J$1 -> 49.277742 | E30: =E29 -> 0 | F30: =E30/$J$2 -> 0 | G30: =F30-D30 -> -49.277742 | H30: =G30/D30 -> -1
A32: State Funds
A33: 3200 | B33: Restricted Funds | C33: 3190759 | D33: =C33/$J$1 -> 619.17051 | E33: 50000 | F33: =E33/$J$2 -> 9.5746922 | G33: =F33-D33 -> -609.59582 | H33: =G33/D33 -> -0.98453626
A34: 3000 | B34: State Total | C34: =C33 -> 3190759 | D34: =C34/$J$1 -> 619.17051 | E34: =E33 -> 50000 | F34: =E34/$J$2 -> 9.5746922 | G34: =F34-D34 -> -609.59582 | H34: =G34/D34 -> -0.98453626
B35: Total Resources | C35: =C34 -> 3190759 | D35: =C35/$J$1 -> 619.17051 | E35: =E34 -> 50000 | F35: =E35/$J$2 -> 9.5746922 | G35: =F35-D35 -> -609.59582 | H35: =G35/D35 -> -0.98453626
A37: Special Education
A38: 3115 | B38: Special Education - DSA Funding | C38: 3124472 | D38: =C38/$J$1 -> 606.30744 | E38: 2995796 | F38: =E38/$J$2 -> 573.67649 | G38: =F38-D38 -> -32.630949 | H38: =G38/D38 -> -0.053819146
A39: 3000 | B39: State Total | C39: =C38 -> 3124472 | D39: =C39/$J$1 -> 606.30744 | E39: =E38 -> 2995796 | F39: =E39/$J$2 -> 573.67649 | G39: =F39-D39 -> -32.630949 | H39: =G39/D39 -> -0.053819146
A40: 5200 | B40: Transfer from Other Funds | C40: 8619907 | D40: =C40/$J$1 -> 1672.703 | E40: 9219979 | F40: =E40/$J$2 -> 1765.5692 | G40: =F40-D40 -> 92.866199 | H40: =G40/D40 -> 0.055518642
B41: Total Resources | C41: 11744379 | D41: =C41/$J$1 -> 2279.0105 | E41: 12215775 | F41: =E41/$J$2 -> 2339.2457 | G41: =F41-D41 -> 60.23525 | H41: =G41/D41 -> 0.026430441
A43: Other Special Fund
A44: 1920 | B44: Donations | C44: 15441 | D44: =C44/$J$1 -> 2.9963441 | E44: 0 | F44: =E44/$J$2 -> 0 | G44: =F44-D44 -> -2.9963441 | H44: =G44/D44 -> -1
A45: 1000 | B45: Local Total | C45: =C44 -> 15441 | D45: =C45/$J$1 -> 2.9963441 | E45: =E44 -> 0 | F45: =E45/$J$2 -> 0 | G45: =F45-D45 -> -2.9963441 | H45: =G45/D45 -> -1
A46: 2200 | B46: Restricted Grants-in-aid | C46: 2095 | D46: =C46/$J$1 -> 0.4065372 | E46: 0 | F46: =E46/$J$2 -> 0 | G46: =F46-D46 -> -0.4065372 | H46: =G46/D46 -> -1
B47: Total Resources | C47: 521096 | D47: =C47/$J$1 -> 101.11929 | E47: =E46 -> 0 | F47: =E47/$J$2 -> 0 | G47: =F47-D47 -> -101.11929 | H47: =G47/D47 -> -1
A49: Federal Funds
A50: 4300 | B50: Restricted - Direct | C50: 0 | D50: =C50/J1 -> 0 | E50: 72220 | F50: =E50/J2 -> 13.829685 | G50: =F50-D50 -> 13.829685 | H50: =G50/D50 -> #DIV/0!
A51: 4500 | B51: Restricted - State Agency | C51: 7109317 | D51: =C51/$J$1 -> 1379.5713 | F51: =E51/$J$2 -> 0 | G51: =F51-D51 -> -1379.5713 | H51: =G51/D51 -> -1
A52: 4700 | B52: Grants in Aid Fed Through Other Agencies | C52: 285800 | D52: =C52/$J$1 -> 55.459824 | E52: 230000 | F52: =E52/$J$2 -> 44.043584 | G52: =F52-D52 -> -11.41624 | H52: =G52/D52 -> -0.20584702
A53: 4000 | B53: Federal Total | C53: =SUM(C51:C52) -> 7395117 | D53: =C53/$J$1 -> 1435.0311 | E53: =SUM(E50:E52) -> 302220 | F53: =E53/$J$2 -> 57.873269 | G53: =F53-D53 -> -1377.1578 | H53: =G53/D53 -> -0.95967107
B54: Total Resources | C54: 8218716 | D54: =C54/$J$1 -> 1594.8514 | E54: 502220 | F54: =E54/$J$2 -> 96.172038 | G54: =F54-D54 -> -1498.6794 | H54: =G54/D54 -> -0.93969843
A56: Food Services Fund
A57: 1500 | B57: Earnings on Investments | C57: 1500 | D57: =C57/$J$1 -> 0.29107675 | E57: 2500 | F57: =E57/$J$2 -> 0.47873461 | G57: =F57-D57 -> 0.18765786 | H57: =G57/D57 -> 0.64470232
A58: 1600 | B58: Food Service Revenue | C58: 210000 | D58: =C58/$J$1 -> 40.750745 | E58: 150000 | F58: =E58/$J$2 -> 28.724077 | G58: =F58-D58 -> -12.026669 | H58: =G58/D58 -> -0.29512758
A59: 1000 | B59: Local Total | C59: =SUM(C57:C58) -> 211500 | D59: =C59/$J$1 -> 41.041822 | E59: =SUM(E57:E58) -> 152500 | F59: =E59/$J$2 -> 29.202811 | G59: =F59-D59 -> -11.839011 | H59: =G59/D59 -> -0.28846212
A60: 4500 | B60: Restricted - State Agency | C60: 2500000 | D60: =C60/$J$1 -> 485.12792 | E60: 2600000 | F60: =E60/$J$2 -> 497.88399 | G60: =F60-D60 -> 12.756075 | H60: =G60/D60 -> 0.026294249
A61: 4000 | B61: Federal Total | C61: =C60 -> 2500000 | D61: =C61/$J$1 -> 485.12792 | E61: =E60 -> 2600000 | F61: =E61/$J$2 -> 497.88399 | G61: =F61-D61 -> 12.756075 | H61: =G61/D61 -> 0.026294249
B62: Total Resources | C62: 3855268 | D62: =C62/$J$1 -> 748.11926 | E62: 3502500 | F62: =E62/$J$2 -> 670.70719 | G62: =F62-D62 -> -77.412069 | H62: =G62/D62 -> -0.10347557
A64: Capital Projects
A65: 1192 | B65: Governmental Services Tax | C65: 663350 | D65: =C65/$J$1 -> 128.72384 | E65: 770048 | F65: =E65/$J$2 -> 147.45945 | G65: =F65-D65 -> 18.735609 | H65: =G65/D65 -> 0.14554887
B66: Total Resources | C66: 3086918 | D66: =C66/$J$1 -> 599.02004 | E66: 770048 | F66: =E66/$J$2 -> 147.45945 | G66: =F66-D66 -> -451.56059 | H66: =G66/D66 -> -0.75383219
A68: Residential Construction Tax
A69: 1150 | B69: Residential Construction Tax | C69: 362000 | D69: =C69/$J$1 -> 70.246523 | E69: 362000 | F69: =E69/$J$2 -> 69.320771 | G69: =F69-D69 -> -0.92575127 | H69: =G69/D69 -> -0.013178606
A70: 1000 | B70: Local Total | C70: =C69 -> 362000 | D70: =C70/$J$1 -> 70.246523 | E70: =E69 -> 362000 | F70: =E70/$J$2 -> 69.320771 | G70: =F70-D70 -> -0.92575127 | H70: =G70/D70 -> -0.013178606
B71: Total Resources | C71: 1287163 | D71: =C71/$J$1 -> 249.77548 | E71: =E70 -> 362000 | F71: =E71/$J$2 -> 69.320771 | G71: =F71-D71 -> -180.45471 | H71: =G71/D71 -> -0.72246767
A73: Building and Sites Fund
A74: 1910 | B74: Rentals | C74: 79465 | D74: =C74/$J$1 -> 15.420276 | E74: 76000 | F74: =E74/$J$2 -> 14.553532 | G74: =F74-D74 -> -0.86674391 | H74: =G74/D74 -> -0.056208067
A75: 1000 | B75: Local Total | C75: 79465 | D75: =C75/$J$1 -> 15.420276 | E75: =E74 -> 76000 | F75: =E75/$J$2 -> 14.553532 | G75: =F75-D75 -> -0.86674391 | H75: =G75/D75 -> -0.056208067
B76: Total Resources | C76: 468904 | D76: =C76/$J$1 -> 90.991369 | E76: 176000 | F76: =E76/$J$2 -> 33.702916 | G76: =F76-D76 -> -57.288452 | H76: =G76/D76 -> -0.62960315
A78: Teacherage Fund
A79: 1910 | B79: Rentals | C79: 20000 | D79: =C79/$J$1 -> 3.8810233 | E79: 20000 | F79: =E79/$J$2 -> 3.8298769 | G79: =F79-D79 -> -0.051146479 | H79: =G79/D79 -> -0.013178606
B80: Total Resources | C80: 199292 | D80: =C80/$J$1 -> 38.672845 | E80: 95000 | F80: =E80/$J$2 -> 18.191915 | G80: =F80-D80 -> -20.48093 | H80: =G80/D80 -> -0.5295946
A82: Bond Fund
B83: Total Resources | C83: 3406719 | D83: =C83/$J$1 -> 661.0778 | E83: 0 | F83: =E83/$J$2 -> 0 | G83: =F83-D83 -> -661.0778 | H83: =G83/D83 -> -1
B87: Local | C87: =C79+C75+C70+C65+C59+C45+C7 -> 22799771 | D87: =C87/J1 -> 4424.3222 | E87: =E79+E75+E70+E65+E59+E45+E7 -> 25563668 | F87: =E87/J2 -> 4895.285 | G87: =F87-D87 -> 470.96286 | H87: =G87/D87 -> 0.10644859
B88: State | C88: =C46+C39+C34+C30+C25+C11 -> 36703739 | D88: =C88/J1 -> 7122.4034 | E88: =E46+E39+E34+E25+E11+E30 -> 30061777 | F88: =E88/J2 -> 5756.6452 | G88: =F88-D88 -> -1365.7582 | H88: =G88/D88 -> -0.19175524
B89: Federal | C89: =C61+C53+C15 -> 9962117 | D89: =C89/J1 -> 1933.1604 | E89: =E61+E53+E15 -> 2974440 | F89: =E89/J2 -> 569.58695 | G89: =F89-D89 -> -1363.5735 | H89: =G89/D89 -> -0.70535971
B90: All | C90: =C83+C80+C76+C71+C66+C62+C54+C47+C41+C35+C30+C26+C21 -> 104043396 | D90: =C90/J1 -> 20189.742 | E90: =E83+E80+E76+E71+E66+E62+E54+E47+E41+E35+E30+E26+E21 -> 79752476 | F90: =E90/J2 -> 15272.108 | G90: =F90-D90 -> -4917.6343 | H90: =G90/D90 -> -0.24357093
D91: =SUM(D87:D89) -> 13479.886 | G91: =SUM(G87:G89) -> -2258.3688 | H91: =G91/D91 -> -0.16753619

Sheet Nye Expenses
A1: 100 | B1: Regular Programs | C1: 18-19 | D1: 18-19 Per Pupil | E1: 19-20 | F1: 19-20 Per Pupil | G1: Differences | H1: % Difference | J1: 5153.28
B2: Instruction | J2: 5222.1
A3: 100 | B3: Salaries | C3: 14695935 | D3: =C3/$J$1 -> 2851.7633 | E3: 14283933 | F3: =E3/$J$2 -> 2735.2852 | G3: =F3-D3 -> -116.47811 | H3: =G3/D3 -> -0.040844242
A4: 200 | B4: Benefits | C4: 6299014 | D4: =C4/$J$1 -> 1222.331 | E4: 6465826 | F4: =E4/$J$2 -> 1238.1659 | G4: =F4-D4 -> 15.834852 | H4: =G4/D4 -> 0.012954635
A5: 500 | B5: Purchase Services | C5: 387000 | D5: =C5/$J$1 -> 75.097802 | E5: 387000 | F5: =E5/$J$2 -> 74.108117 | G5: =F5-D5 -> -0.98968436 | H5: =G5/D5 -> -0.013178606
A6: 600 | B6: Supplies | C6: 1169330 | D6: =C6/$J$1 -> 226.90985 | E6: 1171330 | F6: =E6/$J$2 -> 224.30248 | G6: =F6-D6 -> -2.6073679 | H6: =G6/D6 -> -0.011490766
A7: 900 | B7: Other | C7: 1000 | D7: =C7/$J$1 -> 0.19405117 | E7: 0 | F7: =E7/$J$2 -> 0 | G7: =F7-D7 -> -0.19405117 | H7: =G7/D7 -> -1
A8: 100 | B8: Regular Programs Total | C8: =SUM(C3:C7) -> 22552279 | D8: =C8/$J$1 -> 4376.2961 | E8: =SUM(E3:E7) -> 22308089 | F8: =E8/$J$2 -> 4271.8617 | G8: =F8-D8 -> -104.43436 | H8: =G8/D8 -> -0.023863642
A10: 300 | B10: Vocational & Technical
A11: 100 | B11: Salaries | C11: 550614 | D11: =C11/$J$1 -> 106.84729 | E11: 497738 | F11: =E11/$J$2 -> 95.313763 | G11: =F11-D11 -> -11.533527 | H11: =G11/D11 -> -0.10794403
A12: 200 | B12: Benefits | C12: 252267 | D12: =C12/$J$1 -> 48.952706 | E12: 232666 | F12: =E12/$J$2 -> 44.554107 | G12: =F12-D12 -> -4.3985993 | H12: =G12/D12 -> -0.089854058
A13: 600 | B13: Supplies | C13: 700 | D13: =C13/$J$1 -> 0.13583582 | E13: 700 | F13: =E13/$J$2 -> 0.13404569 | G13: =F13-D13 -> -0.0017901268 | H13: =G13/D13 -> -0.013178606
A14: 900 | B14: Misc. | C14: 300 | D14: =C14/$J$1 -> 0.05821535 | E14: 300 | F14: =E14/$J$2 -> 0.057448153 | G14: =F14-D14 -> -0.00076719718 | H14: =G14/D14 -> -0.013178606
A15: 300 | B15: Vocational & Technical Total | C15: =SUM(C11:C14) -> 803881 | D15: =C15/$J$1 -> 155.99405 | E15: =SUM(E11:E14) -> 731404 | F15: =E15/$J$2 -> 140.05936 | G15: =F15-D15 -> -15.934683 | H15: =G15/D15 -> -0.1021493
A17: 400 | B17: Other Instructional Resources
A18: 100 | B18: Salaries | C18: 24265 | D18: =C18/$J$1 -> 4.7086516 | E18: 37000 | F18: =E18/$J$2 -> 7.0852722 | G18: =F18-D18 -> 2.3766206 | H18: =G18/D18 -> 0.50473487
A19: 200 | B19: Benefits | C19: 632 | D19: =C19/$J$1 -> 0.12264034 | E19: 3269 | F19: =E19/$J$2 -> 0.62599337 | G19: =F19-D19 -> 0.50335304 | H19: =G19/D19 -> 4.1043024
A20: 400 | B20: Other Instructional Resources Total | C20: =SUM(C18:C19) -> 24897 | D20: =C20/$J$1 -> 4.8312919 | E20: =SUM(E18:E19) -> 40269 | F20: =E20/$J$2 -> 7.7112656 | G20: =F20-D20 -> 2.8799737 | H20: =G20/D20 -> 0.59610839
A22: 910 | B22: Cocurricular Activities
A23: 100 | B23: Salaries | C23: 150000 | D23: =C23/$J$1 -> 29.107675 | E23: 150000 | F23: =E23/$J$2 -> 28.724077 | G23: =F23-D23 -> -0.38359859 | H23: =G23/D23 -> -0.013178606
A24: 200 | B24: Benefits | C24: 5716 | D24: =C24/$J$1 -> 1.1091965 | E24: 5716 | F24: =E24/$J$2 -> 1.0945788 | G24: =F24-D24 -> -0.014617664 | H24: =G24/D24 -> -0.013178606
A25: 500 | B25: Purchase Services | C25: 12000 | D25: =C25/$J$1 -> 2.328614 | E25: 12000 | F25: =E25/$J$2 -> 2.2979261 | G25: =F25-D25 -> -0.030687887 | H25: =G25/D25 -> -0.013178606
B26: Transportation | D26: =C26/$J$1 -> 0 | F26: =E26/$J$2 -> 0 | G26: =F26-D26 -> 0 | H26: =G26/D26 -> #DIV/0!
A27: 500 | B27: Purchase Services | C27: 641 | D27: =C27/$J$1 -> 0.1243868 | E27: 700 | F27: =E27/$J$2 -> 0.13404569 | G27: =F27-D27 -> 0.0096588921 | H27: =G27/D27 -> 0.077652068
A28: 910 | B28: Cocurricular Activities Total | C28: =SUM(C23:C27) -> 168357 | D28: =C28/$J$1 -> 32.669872 | E28: =SUM(E23:E27) -> 168416 | F28: =E28/$J$2 -> 32.250627 | G28: =F28-D28 -> -0.41924525 | H28: =G28/D28 -> -0.012832779
A30: 920 | B30: Athletic
A31: 100 | B31: Salaries | C31: 461339 | D31: =C31/$J$1 -> 89.523372 | E31: 461339 | F31: =E31/$J$2 -> 88.343578 | G31: =F31-D31 -> -1.1797933 | H31: =G31/D31 -> -0.013178606
A32: 200 | B32: Benefits | C32: 20098 | D32: =C32/$J$1 -> 3.9000404 | E32: 20098 | F32: =E32/$J$2 -> 3.8486433 | G32: =F32-D32 -> -0.051397097 | H32: =G32/D32 -> -0.013178606
A33: 500 | B33: Purchase Services | C33: 182550 | D33: =C33/$J$1 -> 35.424041 | E33: 183050 | F33: =E33/$J$2 -> 35.052948 | G33: =F33-D33 -> -0.37109256 | H33: =G33/D33 -> -0.010475727
A34: 600 | B34: Supplies | C34: 76648 | D34: =C34/$J$1 -> 14.873634 | E34: 78598 | F34: =E34/$J$2 -> 15.051033 | G34: =F34-D34 -> 0.17739923 | H34: =G34/D34 -> 0.011927094
A35: 900 | B35: Misc | C35: 7000 | D35: =C35/$J$1 -> 1.3583582 | E35: 5700 | F35: =E35/$J$2 -> 1.0915149 | G35: =F35-D35 -> -0.26684326 | H35: =G35/D35 -> -0.19644544
B36: Operating and Maintenance | D36: =C36/$J$1 -> 0 | F36: =E36/$J$2 -> 0 | G36: =F36-D36 -> 0 | H36: =G36/D36 -> #DIV/0!
A37: 500 | B37: Purchase Services | C37: 1000 | D37: =C37/$J$1 -> 0.19405117 | E37: 1000 | F37: =E37/$J$2 -> 0.19149384 | G37: =F37-D37 -> -0.0025573239 | H37: =G37/D37 -> -0.013178606
B38: Transportation | D38: =C38/$J$1 -> 0 | F38: =E38/$J$2 -> 0 | G38: =F38-D38 -> 0 | H38: =G38/D38 -> #DIV/0!
A39: 100 | B39: Salaries | C39: 78285 | D39: =C39/$J$1 -> 15.191296 | E39: 78285 | F39: =E39/$J$2 -> 14.991096 | G39: =F39-D39 -> -0.2002001 | H39: =G39/D39 -> -0.013178606
A40: 200 | B40: Benefits | C40: 6641 | D40: =C40/$J$1 -> 1.2886938 | E40: 6641 | F40: =E40/$J$2 -> 1.2717106 | G40: =F40-D40 -> -0.016983188 | H40: =G40/D40 -> -0.013178606
A41: 500 | B41: Purchase Services | C41: 20000 | D41: =C41/$J$1 -> 3.8810233 | E41: 20000 | F41: =E41/$J$2 -> 3.8298769 | G41: =F41-D41 -> -0.051146479 | H41: =G41/D41 -> -0.013178606
A42: 600 | B42: Supplies | C42: 38000 | D42: =C42/$J$1 -> 7.3739444 | E42: 38000 | F42: =E42/$J$2 -> 7.2767661 | G42: =F42-D42 -> -0.09717831 | H42: =G42/D42 -> -0.013178606
A43: 920 | B43: Athletic Total | C43: =SUM(C31:C42) -> 891561 | D43: =C43/$J$1 -> 173.00845 | E43: =SUM(E31:E42) -> 892711 | F43: =E43/$J$2 -> 170.94866 | G43: =F43-D43 -> -2.0597924 | H43: =G43/D43 -> -0.011905733
A45: 2200 | B45: Instruction Staff Support
A46: 100 | B46: Salaries | C46: 467966 | D46: =C46/$J$1 -> 90.809349 | E46: 535034 | F46: =E46/$J$2 -> 102.45572 | G46: =F46-D46 -> 11.646368 | H46: =G46/D46 -> 0.12825077
A47: 200 | B47: Benefits | C47: 214310 | D47: =C47/$J$1 -> 41.587106 | E47: 234876 | F47: =E47/$J$2 -> 44.977308 | G47: =F47-D47 -> 3.3902023 | H47: =G47/D47 -> 0.081520515
A48: 500 | B48: Purchase Services | C48: 181085 | D48: =C48/$J$1 -> 35.139756 | E48: 149700 | F48: =E48/$J$2 -> 28.666628 | G48: =F48-D48 -> -6.4731273 | H48: =G48/D48 -> -0.18421094
A49: 600 | B49: Supplies | C49: 80662 | D49: =C49/$J$1 -> 15.652555 | E49: 82016 | F49: =E49/$J$2 -> 15.705559 | G49: =F49-D49 -> 0.053003801 | H49: =G49/D49 -> 0.0033862714
A50: 2200 | B50: Instruction Staff Support Total | C50: =SUM(C46:C49) -> 944023 | D50: =C50/$J$1 -> 183.18877 | E50: =SUM(E46:E49) -> 1001626 | F50: =E50/$J$2 -> 191.80521 | G50: =F50-D50 -> 8.6164472 | H50: =G50/D50 -> 0.047035893
A52: 2100 | B52: Student Support
A53: 100 | B53: Salaries | C53: 1262255 | D53: =C53/$J$1 -> 244.94206 | E53: 1271602 | F53: =E53/$J$2 -> 243.50395 | G53: =F53-D53 -> -1.438102 | H53: =G53/D53 -> -0.0058711925
A54: 200 | B54: Benefits | C54: 604897 | D54: =C54/$J$1 -> 117.38097 | E54: 617061 | F54: =E54/$J$2 -> 118.16338 | G54: =F54-D54 -> 0.78241353 | H54: =G54/D54 -> 0.006665591
A55: 500 | B55: Purchase Services | C55: 17445 | D55: =C55/$J$1 -> 3.3852226 | E55: 17475 | F55: =E55/$J$2 -> 3.3463549 | G55: =F55-D55 -> -0.038867701 | H55: =G55/D55 -> -0.011481579
A56: 600 | B56: Supplies | C56: 37500 | D56: =C56/$J$1 -> 7.2769188 | E56: 38000 | F56: =E56/$J$2 -> 7.2767661 | G56: =F56-D56 -> -0.00015272597 | H56: =G56/D56 -> -2.0987725e-05
A57: 900 | B57: Misc. | C57: 172 | D57: =C57/$J$1 -> 0.033376801 | E57: 172 | F57: =E57/$J$2 -> 0.032936941 | G57: =F57-D57 -> -0.00043985972 | H57: =G57/D57 -> -0.013178606
A58: 2100 | B58: Stundent Support Total | C58: =SUM(C53:C57) -> 1922269 | D58: =C58/$J$1 -> 373.01854 | E58: =SUM(E53:E57) -> 1944310 | F58: =E58/$J$2 -> 372.32339 | G58: =F58-D58 -> -0.69514873 | H58: =G58/D58 -> -0.0018635769
A60: 2300 | B60: General Admin
A61: 100 | B61: Salaries | C61: 769894 | D61: =C61/$J$1 -> 149.39883 | E61: 765540 | F61: =E61/$J$2 -> 146.5962 | G61: =F61-D61 -> -2.8026326 | H61: =G61/D61 -> -0.018759401
A62: 200 | B62: Benefits | C62: 401351 | D62: =C62/$J$1 -> 77.88263 | E62: 399802 | F62: =E62/$J$2 -> 76.559622 | G62: =F62-D62 -> -1.3230085 | H62: =G62/D62 -> -0.016987209
A63: 500 | B63: Purchase Services | C63: 305520 | D63: =C63/$J$1 -> 59.286513 | E63: 311020 | F63: =E63/$J$2 -> 59.558415 | G63: =F63-D63 -> 0.27190253 | H63: =G63/D63 -> 0.004586246
A64: 600 | B64: Supplies | C64: 60450 | D64: =C64/$J$1 -> 11.730393 | E64: 60450 | F64: =E64/$J$2 -> 11.575803 | G64: =F64-D64 -> -0.15459023 | H64: =G64/D64 -> -0.013178606
A65: 900 | B65: Misc | C65: 26299 | D65: =C65/$J$1 -> 5.1033517 | E65: 26600 | F65: =E65/$J$2 -> 5.0937362 | G65: =F65-D65 -> -0.0096154154 | H65: =G65/D65 -> -0.0018841373
A66: 2300 | B66: General Admin Total | C66: =SUM(C61:C65) -> 1563514 | D66: =C66/$J$1 -> 303.40172 | E66: =SUM(E61:E65) -> 1563412 | F66: =E66/$J$2 -> 299.38377 | G66: =F66-D66 -> -4.0179442 | H66: =G66/D66 -> -0.013242984
A68: 2400 | B68: School Admin
A69: 100 | B69: Salaries | C69: 3016752 | D69: =C69/$J$1 -> 585.40425 | E69: 3063903 | F69: =E69/$J$2 -> 586.71856 | G69: =F69-D69 -> 1.3143141 | H69: =G69/D69 -> 0.0022451393
A70: 200 | B70: Benefits | C70: 1348765 | D70: =C70/$J$1 -> 261.72942 | E70: 1403573 | F70: =E70/$J$2 -> 268.77559 | G70: =F70-D70 -> 7.0461656 | H70: =G70/D70 -> 0.026921565
A71: 500 | B71: Purchase Services | C71: 117368 | D71: =C71/$J$1 -> 22.775397 | E71: 134618 | F71: =E71/$J$2 -> 25.778518 | G71: =F71-D71 -> 3.0031208 | H71: =G71/D71 -> 0.13185811
A72: 600 | B72: Supplies | C72: 24200 | D72: =C72/$J$1 -> 4.6960383 | E72: 30200 | F72: =E72/$J$2 -> 5.7831141 | G72: =F72-D72 -> 1.0870758 | H72: =G72/D72 -> 0.23148785
A73: 900 | B73: Misc | C73: 5550 | D73: =C73/$J$1 -> 1.076984 | E73: 5550 | F73: =E73/$J$2 -> 1.0627908 | G73: =F73-D73 -> -0.014193148 | H73: =G73/D73 -> -0.013178606
A74: 2400 | B74: School Admin Total | C74: =SUM(C69:C73) -> 4512635 | D74: =C74/$J$1 -> 875.68209 | E74: =SUM(E69:E73) -> 4637844 | F74: =E74/$J$2 -> 888.11857 | G74: =F74-D74 -> 12.436483 | H74: =G74/D74 -> 0.014202053
A76: 2500 | B76: Central Services
A77: 100 | B77: Salaries | C77: 1406331 | D77: =C77/$J$1 -> 272.90017 | E77: 1473989 | F77: =E77/$J$2 -> 282.25982 | G77: =F77-D77 -> 9.3596465 | H77: =G77/D77 -> 0.034296961
A78: 200 | B78: Benefits | C78: 923528 | D78: =C78/$J$1 -> 179.21169 | E78: 998308 | F78: =E78/$J$2 -> 191.16984 | G78: =F78-D78 -> 11.958149 | H78: =G78/D78 -> 0.066726393
A79: 500 | B79: Purchase Services | C79: 522794 | D79: =C79/$J$1 -> 101.44879 | E79: 509404 | F79: =E79/$J$2 -> 97.54773 | G79: =F79-D79 -> -3.9010562 | H79: =G79/D79 -> -0.038453453
A80: 600 | B80: Supplies | C80: 198655 | D80: =C80/$J$1 -> 38.549235 | E80: 198655 | F80: =E80/$J$2 -> 38.041209 | G80: =F80-D80 -> -0.50802519 | H80: =G80/D80 -> -0.013178606
A81: 700 | B81: Property | C81: 15000 | D81: =C81/$J$1 -> 2.9107675 | E81: 15000 | F81: =E81/$J$2 -> 2.8724077 | G81: =F81-D81 -> -0.038359859 | H81: =G81/D81 -> -0.013178606
A82: 900 | B82: Misc | C82: 6100 | D82: =C82/$J$1 -> 1.1837121 | E82: 6100 | F82: =E82/$J$2 -> 1.1681124 | G82: =F82-D82 -> -0.015599676 | H82: =G82/D82 -> -0.013178606
A83: 2500 | B83: Central Services Total | C83: =SUM(C77:C82) -> 3072408 | D83: =C83/$J$1 -> 596.20436 | E83: =SUM(E77:E82) -> 3201456 | F83: =E83/$J$2 -> 613.05911 | G83: =F83-D83 -> 16.854755 | H83: =G83/D83 -> 0.028270097
A85: 2600 | B85: Operating/Maintenance
A86: 100 | B86: Salaries | C86: 2262280 | D86: =C86/$J$1 -> 438.99808 | E86: 2267652 | F86: =E86/$J$2 -> 434.2414 | G86: =F86-D86 -> -4.7566779 | H86: =G86/D86 -> -0.010835305
A87: 200 | B87: Benefits | C87: 1129750 | D87: =C87/$J$1 -> 219.22931 | E87: 1156838 | F87: =E87/$J$2 -> 221.52735 | G87: =F87-D87 -> 2.2980485 | H87: =G87/D87 -> 0.010482396
A88: 500 | B88: Purchase Services | C88: 1828738 | D88: =C88/$J$1 -> 354.86874 | E88: 1925971 | F88: =E88/$J$2 -> 368.81159 | G88: =F88-D88 -> 13.942845 | H88: =G88/D88 -> 0.039290148
A89: 600 | B89: Supplies | C89: 2001900 | D89: =C89/$J$1 -> 388.47103 | E89: 2144900 | F89: =E89/$J$2 -> 410.73514 | G89: =F89-D89 -> 22.264113 | H89: =G89/D89 -> 0.057312157
A90: 900 | B90: Misc | C90: 6230 | D90: =C90/$J$1 -> 1.2089388 | E90: 6230 | F90: =E90/$J$2 -> 1.1930066 | G90: =F90-D90 -> -0.015932128 | H90: =G90/D90 -> -0.013178606
A91: 2600 | B91: Operating/Maintenance Total | C91: =SUM(C86:C90) -> 7228898 | D91: =C91/$J$1 -> 1402.7761 | E91: =SUM(E86:E90) -> 7501591 | F91: =E91/$J$2 -> 1436.5085 | G91: =F91-D91 -> 33.732397 | H91: =G91/D91 -> 0.024046886
A93: 2700 | B93: Student Transportation
A94: 100 | B94: Salaries | C94: 1500567 | D94: =C94/$J$1 -> 291.18678 | E94: 1503711 | F94: =E94/$J$2 -> 287.9514 | G94: =F94-D94 -> -3.2353793 | H94: =G94/D94 -> -0.01111101
A95: 200 | B95: Benefits | C95: 700005 | D95: =C95/$J$1 -> 135.83679 | E95: 723026 | F95: =E95/$J$2 -> 138.45503 | G95: =F95-D95 -> 2.6182402 | H95: =G95/D95 -> 0.019274898
A96: 500 | B96: Purchase Services | C96: 412594 | D96: =C96/$J$1 -> 80.064347 | E96: 436706 | F96: =E96/$J$2 -> 83.62651 | G96: =F96-D96 -> 3.562163 | H96: =G96/D96 -> 0.044491252
A97: 600 | B97: Supplies | C97: 694150 | D97: =C97/$J$1 -> 134.70062 | E97: 696815 | F97: =E97/$J$2 -> 133.43578 | G97: =F97-D97 -> -1.2648353 | H97: =G97/D97 -> -0.0093899741
A98: 900 | B98: Misc | C98: 4320 | D98: =C98/$J$1 -> 0.83830104 | E98: 4320 | F98: =E98/$J$2 -> 0.8272534 | G98: =F98-D98 -> -0.011047639 | H98: =G98/D98 -> -0.013178606
A99: 2700 | B99: Student Transportation Total | C99: =SUM(C94:C98) -> 3311636 | D99: =C99/$J$1 -> 642.62683 | E99: =SUM(E94:E98) -> 3364578 | F99: =E99/$J$2 -> 644.29597 | G99: =F99-D99 -> 1.669141 | H99: =G99/D99 -> 0.0025973722
A101: 4700 | B101: Building Improvement
A102: 500 | B102: Purchased Services | C102: 0 | D102: =C102/$J$1 -> 0 | E102: 2000000 | F102: =E102/$J$2 -> 382.98769 | G102: =F102-D102 -> 382.98769 | H102: =G102/D102 -> #DIV/0!
A103: 4700 | B103: Building Improvement Total | C103: =SUM(C102) -> 0 | D103: =C103/$J$1 -> 0 | E103: =SUM(E102) -> 2000000 | F103: =E103/$J$2 -> 382.98769 | G103: =F103-D103 -> 382.98769 | H103: =G103/D103 -> #DIV/0!
A105: 5000 | B105: Debt Services
A106: 831 | B106: Principal Bus Lease | C106: 176000 | D106: =C106/$J$1 -> 34.153005 | E106: 176000 | F106: =E106/$J$2 -> 33.702916 | G106: =F106-D106 -> -0.45008901 | H106: =G106/D106 -> -0.013178606
A107: 5000 | B107: Debt Services Total | C107: =SUM(C106) -> 176000 | D107: =C107/$J$1 -> 34.153005 | E107: =SUM(E106) -> 176000 | F107: =E107/$J$2 -> 33.702916 | G107: =F107-D107 -> -0.45008901 | H107: =G107/D107 -> -0.013178606
A109: 6200 | B109: Other Fund Transfers
A110: 910 | B110: Interfund Transfers | C110: 8619907 | D110: =C110/$J$1 -> 1672.703 | E110: 9219979 | F110: =E110/$J$2 -> 1765.5692 | G110: =F110-D110 -> 92.866199 | H110: =G110/D110 -> 0.055518642
A111: 6200 | B111: Other Fund Transfers Total | C111: =SUM(C110:C110) -> 8619907 | D111: =C111/$J$1 -> 1672.703 | E111: =SUM(E110:E110) -> 9219979 | F111: =E111/$J$2 -> 1765.5692 | G111: =F111-D111 -> 92.866199 | H111: =G111/D111 -> 0.055518642
B113: Total Expenditures | C113: 55792265 | D113: =C113/$J$1 -> 10826.554 | E113: 58751686 | F113: =E113/$J$2 -> 11250.586 | G113: =F113-D113 -> 424.03201 | H113: =G113/D113 -> 0.039165925
A115: 8000 | B115: Ending Fund Balance
B116: Ending Fund Balance (other) | C116: 10879832 | D116: =C116/$J$1 -> 2111.2441 | E116: 2481735 | F116: =E116/$J$2 -> 475.23697 | G116: =F116-D116 -> -1636.0071 | H116: =G116/D116 -> -0.77490193
...

Sheet Lyon Revenue
B1: Local Revenue | C1: 18-19 | D1: 18-19 Per Pupil | E1: 19-20 | F1: 19-20 Per Pupil | G1: Difference | H1: % difference | J1: 8744 | K1: BSG | L1: 7671
A2: 1110 | B2: Property Tax | C2: 9965764 | D2: =C2/$J$1 -> 1139.726 | E2: 10585228 | F2: =E2/$J$2 -> 1202.0472 | G2: =F2-D2 -> 62.321257 | H2: =G2/D2 -> 0.054680913 | J2: 8806
A3: 1120 | B3: School Support Tax | C3: 11955924 | D3: =C3/$J$1 -> 1367.3289 | E3: 11871124 | F3: =E3/$J$2 -> 1348.0722 | G3: =F3-D3 -> -19.256688 | H3: =G3/D3 -> -0.014083435
A4: 1190 | B4: Other Taxes | C4: 20000 | D4: =C4/$J$1 -> 2.2872827 | E4: 20000 | F4: =E4/$J$2 -> 2.2711787 | G4: =F4-D4 -> -0.016103966 | H4: =G4/D4 -> -0.0070406541
A5: 1191 | B5: Franchise Tax | C5: 180000 | D5: =C5/$J$1 -> 20.585544 | E5: 150000 | F5: =E5/$J$2 -> 17.033841 | G5: =F5-D5 -> -3.5517038 | H5: =G5/D5 -> -0.17253388
A6: 1192 | B6: Governmental Services Tax | C6: 1840631 | D6: =C6/$J$1 -> 210.50217 | E6: 2201794 | F6: =E6/$J$2 -> 250.03339 | G6: =F6-D6 -> 39.531213 | H6: =G6/D6 -> 0.1877948
A7: 1500 | B7: Earnings on Investments | C7: 15000 | D7: =C7/$J$1 -> 1.715462 | E7: 15000 | F7: =E7/$J$2 -> 1.7033841 | G7: =F7-D7 -> -0.012077975 | H7: =G7/D7 -> -0.0070406541
A8: 1700 | B8: District Activities Revenues | C8: 4000 | D8: =C8/$J$1 -> 0.45745654 | E8: 4000 | F8: =E8/$J$2 -> 0.45423575 | G8: =F8-D8 -> -0.0032207933 | H8: =G8/D8 -> -0.0070406541
A9: 1900 | B9: Other Revenues | C9: 20000 | D9: =C9/$J$1 -> 2.2872827 | E9: 20000 | F9: =E9/$J$2 -> 2.2711787 | G9: =F9-D9 -> -0.016103966 | H9: =G9/D9 -> -0.0070406541
A10: 1910 | B10: Rentals | C10: 6000 | D10: =C10/$J$1 -> 0.68618481 | E10: 6000 | F10: =E10/$J$2 -> 0.68135362 | G10: =F10-D10 -> -0.0048311899 | H10: =G10/D10 -> -0.0070406541
A11: 1000 | B11: Local Total | C11: =SUM(C2:C10) -> 24007319 | D11: =C11/$J$1 -> 2745.5763 | E11: =SUM(E2:E10) -> 24873146 | F11: =E11/$J$2 -> 2824.568 | G11: =F11-D11 -> 78.991741 | H11: =G11/D11 -> 0.02877055
A13: 3000 | B13: State Revenue
A14: 3110 | B14: Distributive School Account | C14: 50174828 | D14: =C14/$J$1 -> 5738.2008 | E14: 51910294 | F14: =E14/$J$2 -> 5894.8778 | G14: =F14-D14 -> 156.67699 | H14: =G14/D14 -> 0.027304201
A15: 3000 | B15: State Total | C15: =SUM(C14:C14) -> 50174828 | D15: =C15/$J$1 -> 5738.2008 | E15: =SUM(E14:E14) -> 51910294 | F15: =E15/$J$2 -> 5894.8778 | G15: =F15-D15 -> 156.67699 | H15: =G15/D15 -> 0.027304201
A17: 4000 | B17: Federal Revenue
A18: 4700 | B18: Forrest Reserve | C18: 25000 | D18: =C18/$J$1 -> 2.8591034 | E18: 25000 | F18: =E18/$J$2 -> 2.8389734 | G18: =F18-D18 -> -0.020129958 | H18: =G18/D18 -> -0.0070406541
A19: 4603 | B19: E-Rate | C19: 900000 | D19: =C19/$J$1 -> 102.92772 | E19: 462000 | F19: =E19/$J$2 -> 52.464229 | G19: =F19-D19 -> -50.463493 | H19: =G19/D19 -> -0.49028087
A20: 4000 | B20: Federal Total | C20: =SUM(C18:C19) -> 925000 | D20: =C20/$J$1 -> 105.78683 | E20: =SUM(E18:E19) -> 487000 | F20: =E20/$J$2 -> 55.303202 | G20: =F20-D20 -> -50.483623 | H20: =G20/D20 -> -0.47722032
B22: Opening Fund Balance Revenue
B23: Opening Balance (other) | C23: 4263257 | D23: =C23/$J$1 -> 487.5637 | E23: 3066390 | F23: =E23/$J$2 -> 348.21599 | G23: =F23-D23 -> -139.34771 | H23: =G23/D23 -> -0.28580411
B24: Opening Fund Balance Total | C24: =SUM(C23:C23) -> 4263257 | D24: =C24/$J$1 -> 487.5637 | E24: =SUM(E23:E23) -> 3066390 | F24: =E24/$J$2 -> 348.21599 | G24: =F24-D24 -> -139.34771 | H24: =G24/D24 -> -0.28580411
B26: Total Resources | C26: 79370404 | D26: =C26/$J$1 -> 9077.1276 | E26: 80336830 | F26: =E26/$J$2 -> 9122.965 | G26: =F26-D26 -> 45.837393 | H26: =G26/D26 -> 0.0050497685
A28: Special Education
A29: 3115 | B29: Special Education - DSA Funding | C29: 3873831 | D29: =C29/$J$1 -> 443.02733 | E29: 3873831 | F29: =E29/$J$2 -> 439.90813 | G29: =F29-D29 -> -3.1192022 | H29: =G29/D29 -> -0.0070406541
A30: 3000 | B30: State Total | C30: =C29 -> 3873831 | D30: =C30/$J$1 -> 443.02733 | E30: =E29 -> 3873831 | F30: =E30/$J$2 -> 439.90813 | G30: =F30-D30 -> -3.1192022 | H30: =G30/D30 -> -0.0070406541
A31: 5200 | B31: Tranfer from Other Funds | C31: 8400000 | D31: =C31/$J$1 -> 960.65874 | E31: 8700000 | F31: =E31/$J$2 -> 987.96275 | G31: =F31-D31 -> 27.304015 | H31: =G31/D31 -> 0.02842218
B32: Total Resources | C32: 12596459 | D32: =C32/$J$1 -> 1440.5831 | E32: 12596459 | F32: =E32/$J$2 -> 1430.4405 | G32: =F32-D32 -> -10.142648 | H32: =G32/D32 -> -0.0070406541
A34: Medicaid Fund
A35: 4710 | B35: Medicid Payments | C35: 500000 | D35: =C35/$J$1 -> 57.182068 | E35: 500000 | F35: =E35/$J$2 -> 56.779469 | G35: =F35-D35 -> -0.40259916 | H35: =G35/D35 -> -0.0070406541
A36: 4000 | B36: Federal Total | C36: =C35 -> 500000 | D36: =C36/$J$1 -> 57.182068 | E36: =E35 -> 500000 | F36: =E36/$J$2 -> 56.779469 | G36: =F36-D36 -> -0.40259916 | H36: =G36/D36 -> -0.0070406541
B37: Total Resources | C37: 627139 | D37: =C37/$J$1 -> 71.72221 | E37: 537039 | F37: =E37/$J$2 -> 60.985578 | G37: =F37-D37 -> -10.736632 | H37: =G37/D37 -> -0.14969744
A39: Federal Grants
A40: 4500 | B40: Restricted - State Agency | C40: 5584124 | D40: =C40/$J$1 -> 638.62351 | E40: 0 | F40: =E40/$J$2 -> 0 | G40: =F40-D40 -> -638.62351 | H40: =G40/D40 -> -1
A41: 4000 | B41: Federal Total | C41: =C40 -> 5584124 | D41: =C41/$J$1 -> 638.62351 | E41: =E40 -> 0 | F41: =E41/$J$2 -> 0 | G41: =F41-D41 -> -638.62351 | H41: =G41/D41 -> -1
B42: Total Resources | C42: =C41 -> 5584124 | D42: =C42/$J$1 -> 638.62351 | E42: =E41 -> 0 | F42: =E42/$J$2 -> 0 | G42: =F42-D42 -> -638.62351 | H42: =G42/D42 -> -1
A44: Insurance Loss Fund
B45: Total Resources | C45: 109135 | D45: =C45/$J$1 -> 12.48113 | E45: 104135 | F45: =E45/$J$2 -> 11.82546 | G45: =F45-D45 -> -0.65567 | H45: =G45/D45 -> -0.052532904
A47: School Lunch Program
A48: 1611 | B48: Daily Sales School Lunch | C48: 625000 | D48: =C48/$J$1 -> 71.477585 | E48: 650000 | F48: =E48/$J$2 -> 73.813309 | G48: =F48-D48 -> 2.3357245 | H48: =G48/D48 -> 0.03267772
A49: 1950 | B49: Services Provided by other Governments | C49: 25000 | D49: =C49/$J$1 -> 2.8591034 | E49: 25000 | F49: =E49/$J$2 -> 2.8389734 | G49: =F49-D49 -> -0.020129958 | H49: =G49/D49 -> -0.0070406541
A50: 1000 | B50: Local Total | C50: 650000 | D50: =C50/$J$1 -> 74.336688 | E50: 675000 | F50: =E50/$J$2 -> 76.652283 | G50: =F50-D50 -> 2.3155945 | H50: =G50/D50 -> 0.03115009
A51: 3200 | B51: Restricted Funding | C51: 30000 | D51: =C51/$J$1 -> 3.4309241 | E51: 30000 | F51: =E51/$J$2 -> 3.4067681 | G51: =F51-D51 -> -0.02415595 | H51: =G51/D51 -> -0.0070406541
A52: 3000 | B52: State Total | C52: =C51 -> 30000 | D52: =C52/$J$1 -> 3.4309241 | E52: =E51 -> 30000 | F52: =E52/$J$2 -> 3.4067681 | G52: =F52-D52 -> -0.02415595 | H52: =G52/D52 -> -0.0070406541
A53: 4500 | B53: Restricted - State Agency | C53: 2625000 | D53: =C53/$J$1 -> 300.20586 | E53: 2756250 | F53: =E53/$J$2 -> 312.99682 | G53: =F53-D53 -> 12.790965 | H53: =G53/D53 -> 0.042607313
A54: 4900 | B54: Revenue for-on behalf of School District | C54: 50000 | D54: =C54/$J$1 -> 5.7182068 | E54: 50000 | F54: =E54/$J$2 -> 5.6779469 | G54: =F54-D54 -> -0.040259916 | H54: =G54/D54 -> -0.0070406541
A55: 4000 | B55: Federal Total | C55: =SUM(C53:C54) -> 2675000 | D55: =C55/$J$1 -> 305.92406 | E55: =SUM(E53:E54) -> 2806250 | F55: =E55/$J$2 -> 318.67477 | G55: =F55-D55 -> 12.750705 | H55: =G55/D55 -> 0.041679314
B56: Total Resources | C56: 4239447 | D56: =C56/$J$1 -> 484.84069 | E56: 3670772 | F56: =E56/$J$2 -> 416.84897 | G56: =F56-D56 -> -67.991724 | H56: =G56/D56 -> -0.14023519
A58: Adult Diploma Fund
A59: 3220 | B59: Adult High School Diploma | C59: 157300 | D59: =C59/$J$1 -> 17.989478 | E59: 192325 | F59: =E59/$J$2 -> 21.840223 | G59: =F59-D59 -> 3.8507441 | H59: =G59/D59 -> 0.21405535
A60: 3000 | B60: State Total | C60: =C59 -> 157300 | D60: =C60/$J$1 -> 17.989478 | E60: =E59 -> 192325 | F60: =E60/$J$2 -> 21.840223 | G60: =F60-D60 -> 3.8507441 | H60: =G60/D60 -> 0.21405535
B61: Total Resources | C61: 158164 | D61: =C61/$J$1 -> 18.088289 | E61: 193189 | F61: =E61/$J$2 -> 21.938337 | G61: =F61-D61 -> 3.8500484 | H61: =G61/D61 -> 0.21284757
A63: Class Size Reduction
A64: 3230 | B64: Class Size Reduction | C64: 2575355 | D64: =C64/$J$1 -> 294.52825 | E64: 1800000 | F64: =E64/$J$2 -> 204.40609 | G64: =F64-D64 -> -90.122161 | H64: =G64/D64 -> -0.30598818
A65: 3000 | B65: State Total | C65: =C64 -> 2575355 | D65: =C65/$J$1 -> 294.52825 | E65: =E64 -> 1800000 | F65: =E65/$J$2 -> 204.40609 | G65: =F65-D65 -> -90.122161 | H65: =G65/D65 -> -0.30598818
B66: Total Resources | C66: 2575355 | D66: =C66/$J$1 -> 294.52825 | E66: 1800000 | F66: =E66/$J$2 -> 204.40609 | G66: =F66-D66 -> -90.122161 | H66: =G66/D66 -> -0.30598818
A68: State Grants
A69: 3200 | B69: Restricted Funding | C69: 2127870 | D69: =C69/$J$1 -> 243.35201 | E69: 0 | F69: =E69/$J$2 -> 0 | G69: =F69-D69 -> -243.35201 | H69: =G69/D69 -> -1
A70: 3000 | B70: State Total | C70: =C69 -> 2127870 | D70: =C70/$J$1 -> 243.35201 | E70: =E69 -> 0 | F70: =E70/$J$2 -> 0 | G70: =F70-D70 -> -243.35201 | H70: =G70/D70 -> -1
B71: Total Resources | C71: =C70 -> 2127870 | D71: =C71/$J$1 -> 243.35201 | E71: =E70 -> 0 | F71: =E71/$J$2 -> 0 | G71: =F71-D71 -> -243.35201 | H71: =G71/D71 -> -1
A73: Bond Projects
B74: Total Resources | C74: 2484821 | D74: =C74/$J$1 -> 284.17441 | E74: 18900825 | F74: =E74/$J$2 -> 2146.3576 | G74: =F74-D74 -> 1862.1832 | H74: =G74/D74 -> 6.5529589
A76: Capital Projects
A77: 1192 | B77: Governmental Service Tax | C77: 775000 | D77: =C77/$J$1 -> 88.632205 | E77: 798000 | F77: =E77/$J$2 -> 90.620032 | G77: =F77-D77 -> 1.9878269 | H77: =G77/D77 -> 0.022427817
A78: 1000 | B78: Local Total | C78: =C77 -> 775000 | D78: =C78/$J$1 -> 88.632205 | E78: =E77 -> 798000 | F78: =E78/$J$2 -> 90.620032 | G78: =F78-D78 -> 1.9878269 | H78: =G78/D78 -> 0.022427817
B79: Total Resources | C79: 2866941 | D79: =C79/$J$1 -> 327.87523 | E79: 2549941 | F79: =E79/$J$2 -> 289.56859 | G79: =F79-D79 -> -38.306639 | H79: =G79/D79 -> -0.11683298
A81: Building and Sites Fund
A82: 1910 | B82: Rentals | C82: 9600 | D82: =C82/$J$1 -> 1.0978957 | E82: 9600 | F82: =E82/$J$2 -> 1.0901658 | G82: =F82-D82 -> -0.0077299039 | H82: =G82/D82 -> -0.0070406541
A83: 1000 | B83: Local Total | C83: =C82 -> 9600 | D83: =C83/$J$1 -> 1.0978957 | E83: =E82 -> 9600 | F83: =E83/$J$2 -> 1.0901658 | G83: =F83-D83 -> -0.0077299039 | H83: =G83/D83 -> -0.0070406541
B84: Total Resources | C84: 173495 | D84: =C84/$J$1 -> 19.841606 | E84: 183095 | F84: =E84/$J$2 -> 20.792074 | G84: =F84-D84 -> 0.95046791 | H84: =G84/D84 -> 0.047902772
A86: Residential Construction Tax Fund
A87: 1150 | B87: Residential Construction Tax | C87: 435000 | D87: =C87/$J$1 -> 49.748399 | E87: 427000 | F87: =E87/$J$2 -> 48.489666 | G87: =F87-D87 -> -1.2587328 | H87: =G87/D87 -> -0.025301975
A88: 1000 | B88: Local Total | C88: =C87 -> 435000 | D88: =C88/$J$1 -> 49.748399 | E88: =E87 -> 427000 | F88: =E88/$J$2 -> 48.489666 | G88: =F88-D88 -> -1.2587328 | H88: =G88/D88 -> -0.025301975
B89: Total Resources | C89: 1151649 | D89: =C89/$J$1 -> 131.70734 | E89: 1578649 | F89: =E89/$J$2 -> 179.2697 | G89: =F89-D89 -> 47.56236 | H89: =G89/D89 -> 0.36112156
B92: Local | C92: =C88+C83+C78+C11 -> 25226919 | D92: =C92/J1 -> 2885.0548 | E92: =E88+E83+E78+E50+E11 -> 26782746 | F92: =E92/J2 -> 3041.4202 | G92: =F92-D92 -> 156.36539 | H92: =G92/D92 -> 0.054198412
B93: State | C93: =C70+C65+C60+C52+C30+C15 -> 58939184 | D93: =C93/J1 -> 6740.5288 | E93: =E70+E65+E60+E52+E30+E15 -> 57806450 | F93: =E93/J2 -> 6564.439 | G93: =F93-D93 -> -176.0898 | H93: =G93/D93 -> -0.026124034
B94: Federal | C94: =C55+C41+C36+C20 -> 9684124 | D94: =C94/J1 -> 1107.5165 | E94: =E55+E41+E36+E20 -> 3793250 | F94: =E94/J2 -> 430.75744 | G94: =F94-D94 -> -676.75903 | H94: =G94/D94 -> -0.61106002
B95: All | C95: =C89+C84+C79+C74+C71+C66+C61+C56+C45+C42+C37+C32+C26 -> 114065003 | D95: =C95/J1 -> 13044.945 | E95: =E89+E84+E79+E74+E71+E66+E61+E56+E45+E42+E37+E32+E26 -> 122450934 | F95: =E95/J2 -> 13905.398 | G95: =F95-D95 -> 860.45246 | H95: =G95/D95 -> 0.065960603
D96: =SUM(D92:D94) -> 10733.1 | G96: =SUM(G92:G94) -> -696.48344 | H96: =G96/D96 -> -0.064891172

Sheet Lyon Expenditure
A1: 100 | B1: Regular Programs | C1: 18-19 | D1: 18-19 Per Pupil | E1: 19-20 | F1: 19-20 Per Pupil | G1: Differences | H1: % Difference | J1: 8744
B2: Instruction | J2: 8806
A3: 100 | B3: Salaries | C3: 20508382 | D3: =C3/$J$1 -> 2345.4234 | E3: 20918550 | F3: =E3/$J$2 -> 2375.4883 | G3: =F3-D3 -> 30.064927 | H3: =G3/D3 -> 0.01281855
A4: 200 | B4: Benefits | C4: 8536886 | D4: =C4/$J$1 -> 976.31359 | E4: 8763113 | F4: =E4/$J$2 -> 995.1298 | G4: =F4-D4 -> 18.816211 | H4: =G4/D4 -> 0.019272713
A5: 500 | B5: Purchase Services | C5: 236750 | D5: =C5/$J$1 -> 27.075709 | E5: 239118 | F5: =E5/$J$2 -> 27.153986 | G5: =F5-D5 -> 0.078276861 | H5: =G5/D5 -> 0.0028910364
A6: 600 | B6: Supplies | C6: 2167321 | D6: =C6/$J$1 -> 247.86379 | E6: 2188994 | F6: =E6/$J$2 -> 248.57983 | G6: =F6-D6 -> 0.71603962 | H6: =G6/D6 -> 0.0028888431
A7: 900 | B7: Other | C7: 7000 | D7: =C7/$J$1 -> 0.80054895 | E7: 7070 | F7: =E7/$J$2 -> 0.80286169 | G7: =F7-D7 -> 0.0023127374 | H7: =G7/D7 -> 0.0028889394
A8: 100 | B8: Regular Programs Total | C8: =SUM(C3:C7) -> 31456339 | D8: =C8/$J$1 -> 3597.477 | E8: =SUM(E3:E7) -> 32116845 | F8: =E8/$J$2 -> 3647.1548 | G8: =F8-D8 -> 49.677768 | H8: =G8/D8 -> 0.013809058
A10: 270 | B10: Gifted and Talented
B11: Instruction
A12: 100 | B12: Salaries | C12: 190775 | D12: =C12/$J$1 -> 21.817818 | E12: 194591 | F12: =E12/$J$2 -> 22.097547 | G12: =F12-D12 -> 0.27972919 | H12: =G12/D12 -> 0.012821135
A13: 200 | B13: Benefits | C13: 75671 | D13: =C13/$J$1 -> 8.6540485 | E13: 77676 | F13: =E13/$J$2 -> 8.820804 | G13: =F13-D13 -> 0.16675551 | H13: =G13/D13 -> 0.019269075
A14: 270 | B14: Gifted and Talented Total | C14: =SUM(C12:C13) -> 266446 | D14: =C14/$J$1 -> 30.471866 | E14: =SUM(E12:E13) -> 272267 | F14: =E14/$J$2 -> 30.918351 | G14: =F14-D14 -> 0.4464847 | H14: =G14/D14 -> 0.014652358
A16: 920 | B16: Athletics
A17: 100 | B17: Salaries | C17: 675000 | D17: =C17/$J$1 -> 77.195791 | E17: 63293 | F17: =E17/$J$2 -> 7.1874858 | G17: =F17-D17 -> -70.008306 | H17: =G17/D17 -> -0.90689278
A18: 200 | B18: Benefits | C18: 67000 | D18: =C18/$J$1 -> 7.6623971 | E18: 5791 | F18: =E18/$J$2 -> 0.6576198 | G18: =F18-D18 -> -7.0047773 | H18: =G18/D18 -> -0.91417571
A19: 500 | B19: Purchase Services | C19: 175000 | D19: =C19/$J$1 -> 20.013724 | E19: 32000 | F19: =E19/$J$2 -> 3.633886 | G19: =F19-D19 -> -16.379838 | H19: =G19/D19 -> -0.81843029
A20: 600 | B20: Supplies | C20: 118000 | D20: =C20/$J$1 -> 13.494968 | E20: 30000 | F20: =E20/$J$2 -> 3.4067681 | G20: =F20-D20 -> -10.0882 | H20: =G20/D20 -> -0.74755271
A21: 800 | B21: Other | C21: 13000 | D21: =C21/$J$1 -> 1.4867338 | E21: 3800 | F21: =E21/$J$2 -> 0.43152396 | G21: =F21-D21 -> -1.0552098 | H21: =G21/D21 -> -0.70975035
B22: Transportation
A23: 900 | B23: Misc. | C23: 380939 | D23: =C23/J1 -> 43.565759 | E23: 384748 | F23: =E23/J2 -> 43.691574 | G23: =F23-D23 -> 0.12581455 | H23: =G23/D23 -> 0.0028879228
A24: 920 | B24: Athletics Total | C24: =SUM(C17:C23) -> 1428939 | D24: =C24/$J$1 -> 163.41937 | E24: =SUM(E17:E21) -> 134884 | F24: =E24/$J$2 -> 15.317284 | G24: =F24-D24 -> -148.10209 | H24: =G24/D24 -> -0.90627009
A26: 300 | B26: Vocational & Technical
A27: 100 | B27: Salaries | C27: 1062815 | D27: =C27/$J$1 -> 121.54792 | E27: 1084071 | F27: =E27/$J$2 -> 123.10595 | G27: =F27-D27 -> 1.5580319 | H27: =G27/D27 -> 0.012818253
A28: 200 | B28: Benefits | C28: 434129 | D28: =C28/$J$1 -> 49.648788 | E28: 445633 | F28: =E28/$J$2 -> 50.60561 | G28: =F28-D28 -> 0.95682207 | H28: =G28/D28 -> 0.019271811
A29: 500 | B29: Purchase Services | C29: 37000 | D29: =C29/$J$1 -> 4.231473 | E29: 37370 | F29: =E29/$J$2 -> 4.2436975 | G29: =F29-D29 -> 0.012224469 | H29: =G29/D29 -> 0.0028889394
A30: 600 | B30: Supplies | C30: 79000 | D30: =C30/$J$1 -> 9.0347667 | E30: 79790 | F30: =E30/$J$2 -> 9.0608676 | G30: =F30-D30 -> 0.026100893 | H30: =G30/D30 -> 0.0028889394
A31: 900 | B31: Other | C31: 1200 | D31: =C31/$J$1 -> 0.13723696 | E31: 1224 | F31: =E31/$J$2 -> 0.13899614 | G31: =F31-D31 -> 0.0017591765 | H31: =G31/D31 -> 0.012818533
A32: 300 | B32: Vocational & Technical Total | C32: =SUM(C27:C31) -> 1614144 | D32: =C32/$J$1 -> 184.60018 | E32: =SUM(E27:E31) -> 1648088 | F32: =E32/$J$2 -> 187.15512 | G32: =F32-D32 -> 2.5549385 | H32: =G32/D32 -> 0.01384039
A34: 400 | B34: Other Instructional Programs
A35: 100 | B35: Salaries | C35: 1230440 | D35: =C35/$J$1 -> 140.71821 | E35: 1255049 | F35: =E35/$J$2 -> 142.52203 | G35: =F35-D35 -> 1.8038237 | H35: =G35/D35 -> 0.012818694
A36: 200 | B36: Benefits | C36: 505000 | D36: =C36/$J$1 -> 57.753888 | E36: 518383 | F36: =E36/$J$2 -> 58.867022 | G36: =F36-D36 -> 1.1131341 | H36: =G36/D36 -> 0.019273752
A37: 500 | B37: Purchase Services | C37: 31000 | D37: =C37/$J$1 -> 3.5452882 | E37: 31310 | F37: =E37/$J$2 -> 3.5555303 | G37: =F37-D37 -> 0.010242123 | H37: =G37/D37 -> 0.0028889394
A38: 600 | B38: Supplies | C38: 17500 | D38: =C38/$J$1 -> 2.0013724 | E38: 17675 | F38: =E38/$J$2 -> 2.0071542 | G38: =F38-D38 -> 0.0057818434 | H38: =G38/D38 -> 0.0028889394
A39: 400 | B39: Other Instructional Programs Total | C39: =SUM(C35:C38) -> 1783940 | D39: =C39/$J$1 -> 204.01876 | E39: =SUM(E35:E38) -> 1822417 | F39: =E39/$J$2 -> 206.95174 | G39: =F39-D39 -> 2.9329817 | H39: =G39/D39 -> 0.01437604
A41: 440 | B41: Summer School
A42: 100 | B42: Salaries | C42: 18375 | D42: =C42/$J$1 -> 2.101441 | E42: 18743 | F42: =E42/$J$2 -> 2.1284352 | G42: =F42-D42 -> 0.02699417 | H42: =G42/D42 -> 0.012845552
A43: 200 | B43: Benefits | C43: 790 | D43: =C43/$J$1 -> 0.090347667 | E43: 811 | F43: =E43/$J$2 -> 0.092096298 | G43: =F43-D43 -> 0.001748631 | H43: =G43/D43 -> 0.019354468
A44: 440 | B44: Summer School Total | C44: =SUM(C42:C43) -> 19165 | D44: =C44/$J$1 -> 2.1917887 | E44: =SUM(E42:E43) -> 19554 | F44: =E44/$J$2 -> 2.2205315 | G44: =F44-D44 -> 0.028742801 | H44: =G44/D44 -> 0.013113856
A46: 600 | B46: Adult Education
A47: 100 | B47: Salaries | C47: 22500 | D47: =C47/$J$1 -> 2.573193 | E47: 22950 | F47: =E47/$J$2 -> 2.6061776 | G47: =F47-D47 -> 0.03298456 | H47: =G47/D47 -> 0.012818533
A48: 200 | B48: Benefits | C48: 5000 | D48: =C48/$J$1 -> 0.57182068 | E48: 5133 | F48: =E48/$J$2 -> 0.58289802 | G48: =F48-D48 -> 0.011077347 | H48: =G48/D48 -> 0.019372065
A49: 600 | B49: Supplies | C49: 12000 | D49: =C49/$J$1 -> 1.3723696 | E49: 12120 | F49: =E49/$J$2 -> 1.3763343 | G49: =F49-D49 -> 0.0039646926 | H49: =G49/D49 -> 0.0028889394
A50: 800 | B50: Other | C50: 12000 | D50: =C50/$J$1 -> 1.3723696 | E50: 12120 | F50: =E50/$J$2 -> 1.3763343 | G50: =F50-D50 -> 0.0039646926 | H50: =G50/D50 -> 0.0028889394
A51: 600 | B51: Adult Education Total | C51: =SUM(C47:C50) -> 51500 | D51: =C51/$J$1 -> 5.889753 | E51: =SUM(E47:E50) -> 52323 | F51: =E51/$J$2 -> 5.9417443 | G51: =F51-D51 -> 0.051991292 | H51: =G51/D51 -> 0.0088274147
A53: 910 | B53: Cocurricular Activities
A54: 100 | B54: Salaries | C54: 295000 | D54: =C54/$J$1 -> 33.73742 | E54: 300900 | F54: =E54/$J$2 -> 34.169884 | G54: =F54-D54 -> 0.43246422 | H54: =G54/D54 -> 0.012818533
A55: 200 | B55: Benefits | C55: 11150 | D55: =C55/$J$1 -> 1.2751601 | E55: 11445 | F55: =E55/$J$2 -> 1.299682 | G55: =F55-D55 -> 0.024521925 | H55: =G55/D55 -> 0.019230468
A56: 500 | B56: Purchase Services | C56: 12100 | D56: =C56/$J$1 -> 1.383806 | E56: 12221 | F56: =E56/$J$2 -> 1.3878038 | G56: =F56-D56 -> 0.0039977317 | H56: =G56/D56 -> 0.0028889394
A57: 600 | B57: Supplies | C57: 6000 | D57: =C57/$J$1 -> 0.68618481 | E57: 6060 | F57: =E57/$J$2 -> 0.68816716 | G57: =F57-D57 -> 0.0019823463 | H57: =G57/D57 -> 0.0028889394
A58: 800 | B58: Other | C58: 4000 | D58: =C58/$J$1 -> 0.45745654 | E58: 4040 | F58: =E58/$J$2 -> 0.45877811 | G58: =F58-D58 -> 0.0013215642 | H58: =G58/D58 -> 0.0028889394
B59: Transportation
A60: 900 | B60: Misc | C60: 56700 | D60: =C60/$J$1 -> 6.4844465 | E60: 57834 | F60: =E60/$J$2 -> 6.5675676 | G60: =F60-D60 -> 0.08312109 | H60: =G60/D60 -> 0.012818533
A61: 910 | B61: Cocurricular Activities Total | C61: =SUM(C54:C60) -> 384950 | D61: =C61/$J$1 -> 44.024474 | E61: =SUM(E54:E60) -> 392500 | F61: =E61/$J$2 -> 44.571883 | G61: =F61-D61 -> 0.54740888 | H61: =G61/D61 -> 0.012434195
A63: 920 | B63: Athletic
A64: 100 | B64: Salaries | C64: 675000 | D64: =C64/$J$1 -> 77.195791 | E64: 688500 | F64: =E64/$J$2 -> 78.185328 | G64: =F64-D64 -> 0.98953679 | H64: =G64/D64 -> 0.012818533
A65: 200 | B65: Benefits | C65: 67000 | D65: =C65/$J$1 -> 7.6623971 | E65: 68776 | F65: =E65/$J$2 -> 7.8101295 | G65: =F65-D65 -> 0.14773238 | H65: =G65/D65 -> 0.019280179
A66: 500 | B66: Purchase Services | C66: 175000 | D66: =C66/$J$1 -> 20.013724 | E66: 176750 | F66: =E66/$J$2 -> 20.071542 | G66: =F66-D66 -> 0.057818434 | H66: =G66/D66 -> 0.0028889394
A67: 600 | B67: Supplies | C67: 118000 | D67: =C67/$J$1 -> 13.494968 | E67: 119180 | F67: =E67/$J$2 -> 13.533954 | G67: =F67-D67 -> 0.038986144 | H67: =G67/D67 -> 0.0028889394
A68: 900 | B68: Misc | C68: 13000 | D68: =C68/$J$1 -> 1.4867338 | E68: 13130 | F68: =E68/$J$2 -> 1.4910288 | G68: =F68-D68 -> 0.0042950837 | H68: =G68/D68 -> 0.0028889394
B69: Transportation
A70: 900 | B70: Misc | C70: 380939 | D70: =C70/$J$1 -> 43.565759 | E70: 384748 | F70: =E70/$J$2 -> 43.691574 | G70: =F70-D70 -> 0.12581455 | H70: =G70/D70 -> 0.0028879228
A71: 920 | B71: Athletic Total | C71: =SUM(C64:C70) -> 1428939 | D71: =C71/$J$1 -> 163.41937 | E71: =SUM(E64:E70) -> 1451084 | F71: =E71/$J$2 -> 164.78356 | G71: =F71-D71 -> 1.3641834 | H71: =G71/D71 -> 0.0083477458
A73: 2200 | B73: Instruction Staff Support
A74: 100 | B74: Salaries | C74: 1095984 | D74: =C74/$J$1 -> 125.34126 | E74: 1117904 | F74: =E74/$J$2 -> 126.94799 | G74: =F74-D74 -> 1.6067274 | H74: =G74/D74 -> 0.012818823
A75: 200 | B75: Benefits | C75: 376637 | D75: =C75/$J$1 -> 43.073765 | E75: 386618 | F75: =E75/$J$2 -> 43.903929 | G75: =F75-D75 -> 0.83016427 | H75: =G75/D75 -> 0.019273084
A76: 500 | B76: Purchase Services | C76: 133075 | D76: =C76/$J$1 -> 15.219007 | E76: 134406 | F76: =E76/$J$2 -> 15.263002 | G76: =F76-D76 -> 0.043995179 | H76: =G76/D76 -> 0.0028908048
A77: 600 | B77: Supplies | C77: 395750 | D77: =C77/$J$1 -> 45.259607 | E77: 399708 | F77: =E77/$J$2 -> 45.390416 | G77: =F77-D77 -> 0.13080904 | H77: =G77/D77 -> 0.0028901939
A78: 900 | B78: Misc | C78: 3500 | D78: =C78/$J$1 -> 0.40027447 | E78: 3535 | F78: =E78/$J$2 -> 0.40143084 | G78: =F78-D78 -> 0.0011563687 | H78: =G78/D78 -> 0.0028889394
A79: 2200 | B79: Instruction Staff Support Total | C79: =SUM(C74:C78) -> 2004946 | D79: =C79/$J$1 -> 229.29392 | E79: =SUM(E74:E78) -> 2042171 | F79: =E79/$J$2 -> 231.90677 | G79: =F79-D79 -> 2.6128523 | H79: =G79/D79 -> 0.01139521
A81: 2100 | B81: Student Support
A82: 100 | B82: Salaries | C82: 2056222 | D82: =C82/$J$1 -> 235.15805 | E82: 2097346 | F82: =E82/$J$2 -> 238.17238 | G82: =F82-D82 -> 3.0143312 | H82: =G82/D82 -> 0.01281832
A83: 200 | B83: Benefits | C83: 805695 | D83: =C83/$J$1 -> 92.142612 | E83: 827046 | F83: =E83/$J$2 -> 93.918465 | G83: =F83-D83 -> 1.7758526 | H83: =G83/D83 -> 0.01927287
A84: 500 | B84: Purchase Services | C84: 127000 | D84: =C84/$J$1 -> 14.524245 | E84: 128270 | F84: =E84/$J$2 -> 14.566205 | G84: =F84-D84 -> 0.041959664 | H84: =G84/D84 -> 0.0028889394
A85: 600 | B85: Supplies | C85: 17075 | D85: =C85/$J$1 -> 1.9527676 | E85: 17246 | F85: =E85/$J$2 -> 1.9584374 | G85: =F85-D85 -> 0.0056698169 | H85: =G85/D85 -> 0.0029034776
A86: 900 | B86: Misc | C86: 450 | D86: =C86/$J$1 -> 0.051463861 | E86: 455 | F86: =E86/$J$2 -> 0.051669316 | G86: =F86-D86 -> 0.00020545544 | H86: =G86/D86 -> 0.0039922275
A87: 2100 | B87: Stundent Support Total | C87: =SUM(C82:C86) -> 3006442 | D87: =C87/$J$1 -> 343.82914 | E87: =SUM(E82:E86) -> 3070363 | F87: =E87/$J$2 -> 348.66716 | G87: =F87-D87 -> 4.8380188 | H87: =G87/D87 -> 0.014070997
A89: 2300 | B89: General Admin
A90: 100 | B90: Salaries | C90: 747743 | D90: =C90/$J$1 -> 85.514982 | E90: 762698 | F90: =E90/$J$2 -> 86.611174 | G90: =F90-D90 -> 1.0961925 | H90: =G90/D90 -> 0.012818719
A91: 200 | B91: Benefits | C91: 597833 | D91: =C91/$J$1 -> 68.370654 | E91: 613676 | F91: =E91/$J$2 -> 69.688394 | G91: =F91-D91 -> 1.3177401 | H91: =G91/D91 -> 0.019273475
A92: 500 | B92: Purchase Services | C92: 316730 | D92: =C92/$J$1 -> 36.222553 | E92: 319897 | F92: =E92/$J$2 -> 36.327163 | G92: =F92-D92 -> 0.10461069 | H92: =G92/D92 -> 0.0028879988
A93: 600 | B93: Supplies | C93: 26942 | D93: =C93/$J$1 -> 3.0811985 | E93: 27211 | F93: =E93/$J$2 -> 3.0900522 | G93: =F93-D93 -> 0.008853701 | H93: =G93/D93 -> 0.0028734601
A94: 900 | B94: Misc | C94: 31254 | D94: =C94/$J$1 -> 3.5743367 | E94: 31567 | F94: =E94/$J$2 -> 3.584715 | G94: =F94-D94 -> 0.010378279 | H94: =G94/D94 -> 0.0029035539
A95: 2300 | B95: General Admin Total | C95: =SUM(C90:C94) -> 1720502 | D95: =C95/$J$1 -> 196.76372 | E95: =SUM(E90:E94) -> 1755049 | F95: =E95/$J$2 -> 199.3015 | G95: =F95-D95 -> 2.5377753 | H95: =G95/D95 -> 0.012897577
A97: 2400 | B97: School Admin
A98: 100 | B98: Salaries | C98: 5016413 | D98: =C98/$J$1 -> 573.69774 | E98: 5116741 | F98: =E98/$J$2 -> 581.05167 | G98: =F98-D98 -> 7.3539337 | H98: =G98/D98 -> 0.012818481
A99: 200 | B99: Benefits | C99: 1867128 | D99: =C99/$J$1 -> 213.53248 | E99: 1916607 | F99: =E99/$J$2 -> 217.64785 | G99: =F99-D99 -> 4.1153743 | H99: =G99/D99 -> 0.019272826
A100: 500 | B100: Purchase Services | C100: 192992 | D100: =C100/$J$1 -> 22.071363 | E100: 194922 | F100: =E100/$J$2 -> 22.135135 | G100: =F100-D100 -> 0.063771915 | H100: =G100/D100 -> 0.002889351
A101: 600 | B101: Supplies | C101: 187731 | D101: =C101/$J$1 -> 21.469694 | E101: 189608 | F101: =E101/$J$2 -> 21.531683 | G101: =F101-D101 -> 0.061989439 | H101: =G101/D101 -> 0.0028872997
A102: 700 | B102: Property | C102: 55000 | D102: =C102/$J$1 -> 6.2900274 | E102: 55550 | F102: =E102/$J$2 -> 6.308199 | G102: =F102-D102 -> 0.018171508 | H102: =G102/D102 -> 0.0028889394
A103: 900 | B103: Misc | C103: 11000 | D103: =C103/$J$1 -> 1.2580055 | E103: 11110 | F103: =E103/$J$2 -> 1.2616398 | G103: =F103-D103 -> 0.0036343016 | H103: =G103/D103 -> 0.0028889394
A104: 2400 | B104: School Admin Total | C104: =SUM(C98:C103) -> 7330264 | D104: =C104/$J$1 -> 838.3193 | E104: =SUM(E98:E103) -> 7484538 | F104: =E104/$J$2 -> 849.93618 | G104: =F104-D104 -> 11.616875 | H104: =G104/D104 -> 0.013857339
A106: 2500 | B106: Central Services
A107: 100 | B107: Salaries | C107: 5016413 | D107: =C107/$J$1 -> 573.69774 | E107: 5116741 | F107: =E107/$J$2 -> 581.05167 | G107: =F107-D107 -> 7.3539337 | H107: =G107/D107 -> 0.012818481
A108: 200 | B108: Benefits | C108: 1867128 | D108: =C108/$J$1 -> 213.53248 | E108: 1916607 | F108: =E108/$J$2 -> 217.64785 | G108: =F108-D108 -> 4.1153743 | H108: =G108/D108 -> 0.019272826
A109: 500 | B109: Purchase Services | C109: 192992 | D109: =C109/$J$1 -> 22.071363 | E109: 194922 | F109: =E109/$J$2 -> 22.135135 | G109: =F109-D109 -> 0.063771915 | H109: =G109/D109 -> 0.002889351
A110: 600 | B110: Supplies | C110: 187731 | D110: =C110/$J$1 -> 21.469694 | E110: 189608 | F110: =E110/$J$2 -> 21.531683 | G110: =F110-D110 -> 0.061989439 | H110: =G110/D110 -> 0.0028872997
A111: 700 | B111: Property | C111: 55000 | D111: =C111/$J$1 -> 6.2900274 | E111: 55550 | F111: =E111/$J$2 -> 6.308199 | G111: =F111-D111 -> 0.018171508 | H111: =G111/D111 -> 0.0028889394
A112: 900 | B112: Misc | C112: 11000 | D112: =C112/$J$1 -> 1.2580055 | E112: 11110 | F112: =E112/$J$2 -> 1.2616398 | G112: =F112-D112 -> 0.0036343016 | H112: =G112/D112 -> 0.0028889394
A113: 2500 | B113: Central Services Total | C113: =SUM(C107:C112) -> 7330264 | D113: =C113/$J$1 -> 838.3193 | E113: =SUM(E107:E112) -> 7484538 | F113: =E113/$J$2 -> 849.93618 | G113: =F113-D113 -> 11.616875 | H113: =G113/D113 -> 0.013857339
...

Sheet Revenue Lincoln
A1: 1000 | B1: Local Revenue | C1: 18-19 | D1: 18-19 Per pupil | E1: 19-20 | F1: 19-20 Per pupil | G1: Difference | H1: % difference | J1: 915.6 | K1: BSG | L1: 10970
A2: 1110 | B2: Property Tax | C2: 1705248 | D2: =C2/J1 -> 1862.4377 | E2: 1788838 | F2: =E2/$J$2 -> 1986.2736 | G2: =F2-D2 -> 123.83585 | H2: =G2/D2 -> 0.066491269 | J2: 900.6
A3: 1120 | B3: School Support Tax | C3: 458715 | D3: =C3/$J$1 -> 500.99934 | E3: 463302 | F3: =E3/$J$2 -> 514.43704 | G3: =F3-D3 -> 13.437697 | H3: =G3/D3 -> 0.026821786
A4: 1192 | B4: Governmental Services Tax | C4: 346525 | D4: =C4/$J$1 -> 378.46767 | E4: 352981 | F4: =E4/$J$2 -> 391.93982 | G4: =F4-D4 -> 13.472146 | H4: =G4/D4 -> 0.035596558
A5: 1500 | B5: Earnings on Investments | C5: 100 | D5: =C5/$J$1 -> 0.109218 | E5: 100 | F5: =E5/$J$2 -> 0.11103709 | G5: =F5-D5 -> 0.0018190873 | H5: =G5/D5 -> 0.016655563
A6: 1900 | B6: Other Revenues | C6: 10000 | D6: =C6/$J$1 -> 10.9218 | E6: 10000 | F6: =E6/$J$2 -> 11.103709 | G6: =F6-D6 -> 0.18190873 | H6: =G6/D6 -> 0.016655563
A7: 1910 | B7: Rentals | C7: 100 | D7: =C7/$J$1 -> 0.109218 | E7: 100 | F7: =E7/$J$2 -> 0.11103709 | G7: =F7-D7 -> 0.0018190873 | H7: =G7/D7 -> 0.016655563
A8: 1990 | B8: Misc. | C8: 44000 | D8: =C8/$J$1 -> 48.05592 | E8: 0 | F8: =E8/$J$2 -> 0 | G8: =F8-D8 -> -48.05592 | H8: =G8/D8 -> -1
A9: 1000 | B9: Local Total | C9: =SUM(C2:C8) -> 2564688 | D9: =C9/$J$1 -> 2801.1009 | E9: =SUM(E2:E8) -> 2615321 | F9: =E9/$J$2 -> 2903.9762 | G9: =F9-D9 -> 102.87532 | H9: =G9/D9 -> 0.036726746
A11: 3000 | B11: State Revenue
A12: 3110 | B12: Distributive School Account | C12: 9418994 | D12: =C12/$J$1 -> 10287.237 | E12: 8820001 | F12: =E12/$J$2 -> 9793.4721 | G12: =F12-D12 -> -493.76465 | H12: =G12/D12 -> -0.047997792
A13: 3200 | B13: Restructed Funding/Grants-in-aid rev | C13: 50000 | D13: =C13/$J$1 -> 54.609 | E13: 50000 | F13: =E13/$J$2 -> 55.518543 | G13: =F13-D13 -> 0.90954363 | H13: =G13/D13 -> 0.016655563
A14: 3000 | B14: State Total | C14: =SUM(C12:C13) -> 9468994 | D14: =C14/$J$1 -> 10341.846 | E14: =SUM(E12:E13) -> 8870001 | F14: =E14/$J$2 -> 9848.9907 | G14: =F14-D14 -> -492.85511 | H14: =G14/D14 -> -0.047656397
A16: 4000 | B16: Federal Revenue
A17: 4100 | B17: Unrestricted - Direct Fed Gov't | C17: 80000 | D17: =C17/$J$1 -> 87.374399 | E17: 80000 | F17: =E17/$J$2 -> 88.829669 | G17: =F17-D17 -> 1.4552698 | H17: =G17/D17 -> 0.016655563
A18: 4000 | B18: Federal Total | C18: =SUM(C17) -> 80000 | D18: =C18/$J$1 -> 87.374399 | E18: =SUM(E17) -> 80000 | F18: =E18/$J$2 -> 88.829669 | G18: =F18-D18 -> 1.4552698 | H18: =G18/D18 -> 0.016655563
B20: Other Financial Sources Revenue
A21: 5200 | B21: Transfers from Other Funds | C21: 100000 | D21: =C21/$J$1 -> 109.218 | E21: 100000 | F21: =E21/$J$2 -> 111.03709 | G21: =F21-D21 -> 1.8190873 | H21: =G21/D21 -> 0.016655563
B22: Other Financial Sources Total | C22: =SUM(C21) -> 100000 | D22: =C22/$J$1 -> 109.218 | E22: =SUM(E21) -> 100000 | F22: =E22/$J$2 -> 111.03709 | G22: =F22-D22 -> 1.8190873 | H22: =G22/D22 -> 0.016655563
B24: Opening Fund Balance Revenue
B25: Opening Balance (other) | C25: 1025274 | D25: =C25/$J$1 -> 1119.7837 | E25: 735399 | F25: =E25/$J$2 -> 816.56562 | G25: =F25-D25 -> -303.21813 | H25: =G25/D25 -> -0.27078275
B26: Opening Fund Balance Total | C26: =SUM(C25:C25) -> 1025274 | D26: =C26/$J$1 -> 1119.7837 | E26: =SUM(E25:E25) -> 735399 | F26: =E26/$J$2 -> 816.56562 | G26: =F26-D26 -> -303.21813 | H26: =G26/D26 -> -0.27078275
B28: Total Resources | C28: 13328956 | D28: =C28/$J$1 -> 14557.619 | E28: 12400721 | F28: =E28/$J$2 -> 13769.399 | G28: =F28-D28 -> -788.21976 | H28: =G28/D28 -> -0.054144827
A30: Building and Sites
A31: 1500 | B31: Earnings on Investment | C31: 100 | D31: =C31/J1 -> 0.109218 | E31: 100 | F31: =E31/J2 -> 0.11103709 | G31: =F31-D31 -> 0.0018190873 | H31: =G31/D31 -> 0.016655563
A32: 1000 | B32: Local Total | C32: =C31 -> 100 | D32: =C32/J1 -> 0.109218 | E32: =E31 -> 100 | F32: =E32/J2 -> 0.11103709 | G32: =F32-D32 -> 0.0018190873 | H32: =G32/D32 -> 0.016655563
A33: 5200 | B33: Transfer from Other Funds | C33: 25000 | D33: =C33/J1 -> 27.3045 | E33: 0 | F33: =E33/J2 -> 0 | G33: =F33-D33 -> -27.3045 | H33: =G33/D33 -> -1
B34: Total Resources | C34: 155595 | D34: =C34/J1 -> 169.93775 | E34: 50360 | F34: =E34/J2 -> 55.918277 | G34: =F34-D34 -> -114.01947 | H34: =G34/D34 -> -0.67094846
A36: Capital Projects Fund
A37: 1120 | B37: School Support Tax | C37: 60000 | D37: =C37/J1 -> 65.530799 | E37: 60000 | F37: =E37/J2 -> 66.622252 | G37: =F37-D37 -> 1.0914524 | H37: =G37/D37 -> 0.016655563
A38: 1192 | B38: Governmental Service Tax | C38: 103958 | D38: =C38/J1 -> 113.54085 | E38: 105894 | F38: =E38/J2 -> 117.58161 | G38: =F38-D38 -> 4.0407647 | H38: =G38/D38 -> 0.035588643
A39: 1500 | B39: Earnings on Investments | C39: 1000 | D39: =C39/J1 -> 1.09218 | E39: 1000 | F39: =E39/J2 -> 1.1103709 | G39: =F39-D39 -> 0.018190873 | H39: =G39/D39 -> 0.016655563
A40: 1000 | B40: Local Total | C40: =SUM(C37:C39) -> 164958 | D40: =C40/J1 -> 180.16383 | E40: =SUM(E37:E39) -> 166894 | F40: =E40/J2 -> 185.31423 | G40: =F40-D40 -> 5.150408 | H40: =G40/D40 -> 0.028587359
B41: Total Resources | C41: 387732 | D41: =C41/J1 -> 423.47313 | E41: 229626 | F41: =E41/J2 -> 254.97002 | G41: =F41-D41 -> -168.50311 | H41: =G41/D41 -> -0.39790745
A43: Bond
B44: Total Resources | C44: 53596 | D44: =C44/J1 -> 58.536479 | E44: 28956 | F44: =E44/J2 -> 32.151899 | G44: =F44-D44 -> -26.38458 | H44: =G44/D44 -> -0.4507374
A46: Food Services
A47: 1600 | B47: Food Service Revenue | C47: 80000 | D47: =C47/J1 -> 87.374399 | E47: 70000 | F47: =E47/J2 -> 77.72596 | G47: =F47-D47 -> -9.6484388 | H47: =G47/D47 -> -0.11042638
A48: 1000 | B48: Local Total | C48: 80000 | D48: =C48/J1 -> 87.374399 | E48: 70000 | F48: =E48/J2 -> 77.72596 | G48: =F48-D48 -> -9.6484388 | H48: =G48/D48 -> -0.11042638
A49: 4500 | B49: Restricted - State Agency | C49: 142000 | D49: =C49/J1 -> 155.08956 | E49: 142000 | F49: =E49/J2 -> 157.67266 | G49: =F49-D49 -> 2.5831039 | H49: =G49/D49 -> 0.016655563
A50: 4000 | B50: Federal Total | C50: =C49 -> 142000 | D50: =C50/J1 -> 155.08956 | E50: =E49 -> 142000 | F50: =E50/J2 -> 157.67266 | G50: =F50-D50 -> 2.5831039 | H50: =G50/D50 -> 0.016655563
A51: 5200 | B51: Transfer from Other Funds | C51: 70000 | D51: =C51/J1 -> 76.452599 | E51: 70000 | F51: =E51/J2 -> 77.72596 | G51: =F51-D51 -> 1.2733611 | H51: =G51/D51 -> 0.016655563
B52: Total Resources | C52: 323683 | D52: =C52/J1 -> 353.5201 | E52: 305283 | F52: =E52/J2 -> 338.97735 | G52: =F52-D52 -> -14.542748 | H52: =G52/D52 -> -0.041136976
A54: Special Education
A55: 3115 | B55: Special Education - DSA Funding | C55: 943828 | D55: =C55/J1 -> 1030.8301 | E55: 943828 | F55: =E55/J2 -> 1047.9991 | G55: =F55-D55 -> 17.169055 | H55: =G55/D55 -> 0.016655563
A56: 3000 | B56: State Total | C56: =C55 -> 943828 | D56: =C56/J1 -> 1030.8301 | E56: =E55 -> 943828 | F56: =E56/J2 -> 1047.9991 | G56: =F56-D56 -> 17.169055 | H56: =G56/D56 -> 0.016655563
A57: 5200 | B57: Transfer From Other Funds | C57: 200000 | D57: =C57/J1 -> 218.436 | E57: 330000 | F57: =E57/J2 -> 366.42239 | G57: =F57-D57 -> 147.98639 | H57: =G57/D57 -> 0.67748168
B58: Total Resources | C58: 1327513 | D58: =C58/J1 -> 1449.8831 | E58: 1284291 | F58: =E58/J2 -> 1426.0393 | G58: =F58-D58 -> -23.84383 | H58: =G58/D58 -> -0.016445346
A60: COB
A61: 1300 | B61: Tuition | C61: 321760 | D61: =C61/J1 -> 351.41983 | E61: 321760 | F61: =E61/J2 -> 357.27293 | G61: =F61-D61 -> 5.8530952 | H61: =G61/D61 -> 0.016655563
A62: 1000 | B62: Local Total | C62: =C61 -> 321760 | D62: =C62/J1 -> 351.41983 | E62: =E61 -> 321760 | F62: =E62/J2 -> 357.27293 | G62: =F62-D62 -> 5.8530952 | H62: =G62/D62 -> 0.016655563
A63: 5200 | B63: Transfer from Other Funds | C63: 1134610 | D63: =C63/J1 -> 1239.1983 | E63: 1097000 | F63: =E63/J2 -> 1218.0768 | G63: =F63-D63 -> -21.121502 | H63: =G63/D63 -> -0.017044489
B64: Total Resources | C64: 1542961 | D64: =C64/J1 -> 1685.1911 | E64: 1503730 | F64: =E64/J2 -> 1669.698 | G64: =F64-D64 -> -15.493152 | H64: =G64/D64 -> -0.0091937063
A66: Adult Education - Correction
A67: 3200 | B67: Restricted Funding | C67: 244000 | D67: =C67/J1 -> 266.49192 | E67: 244000 | F67: =E67/J2 -> 270.93049 | G67: =F67-D67 -> 4.4385729 | H67: =G67/D67 -> 0.016655563
A68: 3000 | B68: State Total | C68: =C67 -> 244000 | D68: =C68/J1 -> 266.49192 | E68: =E67 -> 244000 | F68: =E68/J2 -> 270.93049 | G68: =F68-D68 -> 4.4385729 | H68: =G68/D68 -> 0.016655563
B69: Total Resources | C69: =C68 -> 244000 | D69: =C69/J1 -> 266.49192 | E69: =E68 -> 244000 | F69: =E69/J2 -> 270.93049 | G69: =F69-D69 -> 4.4385729 | H69: =G69/D69 -> 0.016655563
A71: Adult Education
A72: 3200 | B72: Restricted Grants | C72: 61000 | D72: =C72/J1 -> 66.622979 | E72: 61000 | F72: =E72/J2 -> 67.732623 | G72: =F72-D72 -> 1.1096432 | H72: =G72/D72 -> 0.016655563
A73: 3000 | B73: State Total | C73: =C72 -> 61000 | D73: =C73/J1 -> 66.622979 | E73: =E72 -> 61000 | F73: =E73/J2 -> 67.732623 | G73: =F73-D73 -> 1.1096432 | H73: =G73/D73 -> 0.016655563
B74: Total Resources | C74: =C73 -> 61000 | D74: =C74/J1 -> 66.622979 | E74: =E73 -> 61000 | F74: =E74/J2 -> 67.732623 | G74: =F74-D74 -> 1.1096432 | H74: =G74/D74 -> 0.016655563
A76: State Grants
A77: 3200 | B77: Restricted Funding | C77: 308000 | D77: =C77/'Expenditures Lincoln'!J1 -> 336.39144 | E77: 308000 | F77: =E77/'Expenditures Lincoln'!J2 -> 341.99423 | G77: =F77-D77 -> 5.6027888 | H77: =G77/D77 -> 0.016655563
A78: 3000 | B78: State Total | C78: =C77 -> 308000 | D78: =D77 -> 336.39144 | E78: =E77 -> 308000 | F78: =F77 -> 341.99423 | G78: =F78-D78 -> 5.6027888 | H78: =G78/D78 -> 0.016655563
B79: Total Resources | C79: =C78 -> 308000 | D79: =D78 -> 336.39144 | E79: =E78 -> 308000 | F79: =F78 -> 341.99423 | G79: =F79-D79 -> 5.6027888 | H79: =G79/D79 -> 0.016655563
A81: Federal Grants
A82: 4200 | B82: Unrestricted - State Agency | C82: 700000 | D82: =C82/J1 -> 764.52599 | E82: 700000 | F82: =E82/J2 -> 777.2596 | G82: =F82-D82 -> 12.733611 | H82: =G82/D82 -> 0.016655563
A83: 4000 | B83: Federal Total | C83: =C82 -> 700000 | D83: =D82 -> 764.52599 | E83: =E82 -> 700000 | F83: =F82 -> 777.2596 | G83: =G82 -> 12.733611 | H83: =H82 -> 0.016655563
B84: Total Resources | C84: =C83 -> 700000 | D84: =D83 -> 764.52599 | E84: =E83 -> 700000 | F84: =F83 -> 777.2596 | G84: =G83 -> 12.733611 | H84: =H83 -> 0.016655563
A86: Class Size Reduction
A87: 3230 | B87: Class Size Reduction | C87: 44350 | D87: =C87/J1 -> 48.438183 | E87: 44350 | F87: =E87/J2 -> 49.244948 | G87: =F87-D87 -> 0.8067652 | H87: =G87/D87 -> 0.016655563
A88: 3000 | B88: State Total | C88: =C87 -> 44350 | D88: =D87 -> 48.438183 | E88: =E87 -> 44350 | F88: =F87 -> 49.244948 | G88: =G87 -> 0.8067652 | H88: =H87 -> 0.016655563
B89: Total Resources | C89: =C88 -> 44350 | D89: =D88 -> 48.438183 | E89: =E88 -> 44350 | F89: =F88 -> 49.244948 | G89: =G88 -> 0.8067652 | H89: =H88 -> 0.016655563
B92: Local | C92: =C62+C48+C40+C32+C9 -> 3131506 | D92: =C92/J1 -> 3420.1682 | E92: =E62+E48+E40+E32+E9 -> 3174075 | F92: =E92/J2 -> 3524.4004 | G92: =F92-D92 -> 104.2322 | H92: =G92/D92 -> 0.030475754
B93: State | C93: =C88+C78+C73+C68+C56+C14 -> 11070172 | D93: =C93/J1 -> 12090.62 | E93: =E88+E78+E73+E68+E56+E14 -> 10471179 | F93: =E93/J2 -> 11626.892 | G93: =F93-D93 -> -463.72829 | H93: =G93/D93 -> -0.038354383
B94: Federal | C94: =C83+C50+C18 -> 922000 | D94: =C94/J1 -> 1006.99 | E94: =E83+E50+E18 -> 922000 | F94: =E94/J2 -> 1023.7619 | G94: =F94-D94 -> 16.771985 | H94: =G94/D94 -> 0.016655563
B95: All | C95: =C89+C84+C79+C74+C69+C64+C58+C52+C44+C41+C34+C28 -> 18477386 | D95: =C95/J1 -> 20180.631 | E95: =E89+E84+E79+E74+E69+E64+E58+E52+E44+E41+E34+E28 -> 17160317 | F95: =E95/J2 -> 19054.316 | G95: =F95-D95 -> -1126.3153 | H95: =G95/D95 -> -0.055811697
D96: =SUM(D92:D94) -> 16517.779 | G96: =SUM(G92:G94) -> -342.7241 | H96: =G96/D96 -> -0.020748801

Sheet Expenditures Lincoln
B1: Regular Programs | C1: 18-19 | D1: 18-19 Per Pupil | E1: 19-20 | F1: 19-20 Per Pupil | G1: Differences | H1: % Difference | J1: 915.6
B2: Instruction | J2: 900.6
A3: 100 | B3: Salaries | C3: 3257815 | D3: =C3/$J$1 -> 3558.1204 | E3: 3225568 | F3: =E3/$J$2 -> 3581.5767 | G3: =F3-D3 -> 23.456368 | H3: =G3/D3 -> 0.0065923482
A4: 200 | B4: Benefits | C4: 1500000 | D4: =C4/$J$1 -> 1638.27 | E4: 1509567 | F4: =E4/$J$2 -> 1676.1792 | G4: =F4-D4 -> 37.909227 | H4: =G4/D4 -> 0.023139792
A5: 500 | B5: Purchase Services | C5: 33440 | D5: =C5/$J$1 -> 36.522499 | E5: 3123 | F5: =E5/$J$2 -> 3.4676882 | G5: =F5-D5 -> -33.054811 | H5: =G5/D5 -> -0.90505337
A6: 600 | B6: Supplies | C6: 155000 | D6: =C6/$J$1 -> 169.2879 | E6: 106063 | F6: =E6/$J$2 -> 117.76926 | G6: =F6-D6 -> -51.518634 | H6: =G6/D6 -> -0.30432556
A7: 700 | B7: Property | C7: 9000 | D7: =C7/$J$1 -> 9.8296199 | E7: 41181 | F7: =E7/$J$2 -> 45.726183 | G7: =F7-D7 -> 35.896563 | H7: =G7/D7 -> 3.651877
B8: Regular Programs Total | C8: =SUM(C3:C7) -> 4955255 | D8: =C8/$J$1 -> 5412.0304 | E8: =SUM(E3:E7) -> 4885502 | F8: =E8/$J$2 -> 5424.7191 | G8: =F8-D8 -> 12.688714 | H8: =G8/D8 -> 0.0023445385
B10: Vocational & Technical
B11: Instruction
A12: 100 | B12: Salaries | C12: 453900 | D12: =C12/$J$1 -> 495.7405 | E12: 420627 | F12: =E12/$J$2 -> 467.05197 | G12: =F12-D12 -> -28.688533 | H12: =G12/D12 -> -0.057870061
A13: 200 | B13: Benefits | C13: 218000 | D13: =C13/$J$1 -> 238.09524 | E13: 217256 | F13: =E13/$J$2 -> 241.23473 | G13: =F13-D13 -> 3.1394943 | H13: =G13/D13 -> 0.013185876
A14: 500 | B14: Purchase Services | C14: 6000 | D14: =C14/$J$1 -> 6.5530799 | E14: 2689 | F14: =E14/$J$2 -> 2.9857873 | G14: =F14-D14 -> -3.5672927 | H14: =G14/D14 -> -0.54436887
A15: 600 | B15: Supplies | C15: 25000 | D15: =C15/$J$1 -> 27.3045 | E15: 16007 | F15: =E15/$J$2 -> 17.773706 | G15: =F15-D15 -> -9.5307934 | H15: =G15/D15 -> -0.34905578
A16: 700 | B16: Property | C16: 5000 | D16: =C16/$J$1 -> 5.4609 | E16: 0 | F16: =E16/$J$2 -> 0 | G16: =F16-D16 -> -5.4609 | H16: =G16/D16 -> -1
B17: Vocational & Technical Total | C17: =SUM(C12:C16) -> 707900 | D17: =C17/$J$1 -> 773.15422 | E17: =SUM(E12:E16) -> 656579 | F17: =E17/$J$2 -> 729.04619 | G17: =F17-D17 -> -44.108024 | H17: =G17/D17 -> -0.057049452
B19: Cocurricular Activities
B20: Instruction
A21: 500 | B21: Purchase Services | C21: 2000 | D21: =C21/$J$1 -> 2.18436 | E21: 877 | F21: =E21/$J$2 -> 0.97379525 | G21: =F21-D21 -> -1.2105647 | H21: =G21/D21 -> -0.55419654
A22: 600 | B22: Supplies | C22: 1500 | D22: =C22/$J$1 -> 1.63827 | E22: 129 | F22: =E22/$J$2 -> 0.14323784 | G22: =F22-D22 -> -1.4950321 | H22: =G22/D22 -> -0.91256762
B23: Cocurricular Activities Total | C23: =SUM(C21:C22) -> 3500 | D23: =C23/$J$1 -> 3.82263 | E23: =SUM(E21:E22) -> 1006 | F23: =E23/$J$2 -> 1.1170331 | G23: =F23-D23 -> -2.7055969 | H23: =G23/D23 -> -0.70778414
B25: Athletics
A26: 100 | B26: Salaries | C26: 80000 | D26: =C26/$J$1 -> 87.374399 | E26: 159551 | F26: =E26/$J$2 -> 177.16078 | G26: =F26-D26 -> 89.786382 | H26: =G26/D26 -> 1.0276051
A27: 200 | B27: Benefits | C27: 13000 | D27: =C27/$J$1 -> 14.19834 | E27: 6148 | F27: =E27/$J$2 -> 6.8265601 | G27: =F27-D27 -> -7.3717798 | H27: =G27/D27 -> -0.51920012
A28: 500 | B28: Purchase Services | C28: 80000 | D28: =C28/$J$1 -> 87.374399 | E28: 98803 | F28: =E28/$J$2 -> 109.70797 | G28: =F28-D28 -> 22.333573 | H28: =G28/D28 -> 0.25560774
A29: 600 | B29: Supplies | C29: 20000 | D29: =C29/$J$1 -> 21.8436 | E29: 23883 | F29: =E29/$J$2 -> 26.518987 | G29: =F29-D29 -> 4.6753875 | H29: =G29/D29 -> 0.21403924
A30: 700 | B30: Property | C30: 2000 | D30: =C30/$J$1 -> 2.18436 | E30: 0 | F30: =E30/$J$2 -> 0 | G30: =F30-D30 -> -2.18436 | H30: =G30/D30 -> -1
A31: 900 | B31: Misc. | C31: 5000 | D31: =C31/$J$1 -> 5.4609 | E31: 2888 | F31: =E31/$J$2 -> 3.2067511 | G31: =F31-D31 -> -2.2541489 | H31: =G31/D31 -> -0.41277975
B32: Athletics Total | C32: =SUM(C26:C31) -> 200000 | D32: =C32/$J$1 -> 218.436 | E32: =SUM(E26:E31) -> 291273 | F32: =E32/$J$2 -> 323.42105 | G32: =F32-D32 -> 104.98505 | H32: =G32/D32 -> 0.48062158
B34: Student Support
A35: 100 | B35: Salaries | C35: 118810 | D35: =C35/$J$1 -> 129.7619 | E35: 0 | F35: =E35/$J$2 -> 0 | G35: =F35-D35 -> -129.7619 | H35: =G35/D35 -> -1
A36: 200 | B36: Benefits | C36: 59405 | D36: =C36/$J$1 -> 64.880952 | E36: 0 | F36: =E36/$J$2 -> 0 | G36: =F36-D36 -> -64.880952 | H36: =G36/D36 -> -1
A37: 500 | B37: Purchase Services | C37: 500 | D37: =C37/$J$1 -> 0.54609 | E37: 180 | F37: =E37/$J$2 -> 0.19986676 | G37: =F37-D37 -> -0.34622324 | H37: =G37/D37 -> -0.634004
A38: 600 | B38: Supplies | C38: 1000 | D38: =C38/$J$1 -> 1.09218 | E38: 508 | F38: =E38/$J$2 -> 0.5640684 | G38: =F38-D38 -> -0.52811159 | H38: =G38/D38 -> -0.48353897
B39: Student Support Total | C39: =SUM(C35:C38) -> 179715 | D39: =C39/$J$1 -> 196.28113 | E39: =SUM(E35:E38) -> 688 | F39: =E39/$J$2 -> 0.76393515 | G39: =F39-D39 -> -195.51719 | H39: =G39/D39 -> -0.99610795
B41: Instructional Staff Support
A42: 600 | B42: Supplies | C42: 10000 | D42: =C42/$J$1 -> 10.9218 | E42: 3384 | F42: =E42/$J$2 -> 3.757495 | G42: =F42-D42 -> -7.1643049 | H42: =G42/D42 -> -0.65596376
B43: Instructional Staff Support Total | C43: =SUM(C42:C42) -> 10000 | D43: =C43/$J$1 -> 10.9218 | E43: =SUM(E42:E42) -> 3384 | F43: =E43/$J$2 -> 3.757495 | G43: =F43-D43 -> -7.1643049 | H43: =G43/D43 -> -0.65596376
B45: General Admin
A46: 100 | B46: Salaries | C46: 408714 | D46: =C46/$J$1 -> 446.38925 | E46: 435885 | F46: =E46/$J$2 -> 483.994 | G46: =F46-D46 -> 37.604751 | H46: =G46/D46 -> 0.084242062
A47: 200 | B47: Benefits | C47: 350000 | D47: =C47/$J$1 -> 382.263 | E47: 192311 | F47: =E47/$J$2 -> 213.53653 | G47: =F47-D47 -> -168.72647 | H47: =G47/D47 -> -0.44138843
A48: 500 | B48: Purchase Services | C48: 650000 | D48: =C48/$J$1 -> 709.91699 | E48: 581711 | F48: =E48/$J$2 -> 645.91495 | G48: =F48-D48 -> -64.002049 | H48: =G48/D48 -> -0.09015427
A49: 600 | B49: Supplies | C49: 200000 | D49: =C49/$J$1 -> 218.436 | E49: 216603 | F49: =E49/$J$2 -> 240.50966 | G49: =F49-D49 -> 22.073662 | H49: =G49/D49 -> 0.10105322
A50: 700 | B50: Property | C50: 5000 | D50: =C50/$J$1 -> 5.4609 | E50: 17618 | F50: =E50/$J$2 -> 19.562514 | G50: =F50-D50 -> 14.101614 | H50: =G50/D50 -> 2.5822875
A51: 900 | B51: Misc. | C51: 0 | D51: =C51/$J$1 -> 0 | E51: 15056 | F51: =E51/$J$2 -> 16.717744 | G51: =F51-D51 -> 16.717744 | H51: =G51/D51 -> #DIV/0!
B52: General Admin Total | C52: =SUM(C46:C51) -> 1613714 | D52: =C52/$J$1 -> 1762.4661 | E52: =SUM(E46:E51) -> 1459184 | F52: =E52/$J$2 -> 1620.2354 | G52: =F52-D52 -> -142.23074 | H52: =G52/D52 -> -0.080699845
B54: School Admin
A55: 100 | B55: Salaries | C55: 966226 | D55: =C55/$J$1 -> 1055.2927 | E55: 952003 | F55: =E55/$J$2 -> 1057.0764 | G55: =F55-D55 -> 1.7836893 | H55: =G55/D55 -> 0.0016902318
A56: 200 | B56: Benefits | C56: 473451 | D56: =C56/$J$1 -> 517.09371 | E56: 450847 | F56: =E56/$J$2 -> 500.60737 | G56: =F56-D56 -> -16.486336 | H56: =G56/D56 -> -0.031882686
A57: 500 | B57: Purchase Services | C57: 45000 | D57: =C57/$J$1 -> 49.1481 | E57: 43529 | F57: =E57/$J$2 -> 48.333333 | G57: =F57-D57 -> -0.81476627 | H57: =G57/D57 -> -0.016577778
A58: 600 | B58: Supplies | C58: 60000 | D58: =C58/$J$1 -> 65.530799 | E58: 56659 | F58: =E58/$J$2 -> 62.912503 | G58: =F58-D58 -> -2.6182967 | H58: =G58/D58 -> -0.039955208
A59: 700 | B59: Property | C59: 0 | D59: =C59/$J$1 -> 0 | E59: 0 | F59: =E59/$J$2 -> 0 | G59: =F59-D59 -> 0 | H59: =G59/D59 -> #DIV/0!
A60: 900 | B60: Misc. | C60: 0 | D60: =C60/$J$1 -> 0 | E60: 1872 | F60: =E60/$J$2 -> 2.0786143 | G60: =F60-D60 -> 2.0786143 | H60: =G60/D60 -> #DIV/0!
B61: School Admin Total | C61: =SUM(C55:C60) -> 1544677 | D61: =C61/$J$1 -> 1687.0653 | E61: =SUM(E55:E60) -> 1504910 | F61: =E61/$J$2 -> 1671.0082 | G61: =F61-D61 -> -16.057096 | H61: =G61/D61 -> -0.0095177676
B63: Operating/Maintenance
A64: 100 | B64: Salaries | C64: 473892 | D64: =C64/$J$1 -> 517.57536 | E64: 478287 | F64: =E64/$J$2 -> 531.07595 | G64: =F64-D64 -> 13.500589 | H64: =G64/D64 -> 0.026084296
A65: 200 | B65: Benefits | C65: 255740 | D65: =C65/$J$1 -> 279.31411 | E65: 264952 | F65: =E65/$J$2 -> 294.19498 | G65: =F65-D65 -> 14.88087 | H65: =G65/D65 -> 0.053276471
A66: 500 | B66: Purchase Services | C66: 125000 | D66: =C66/$J$1 -> 136.5225 | E66: 114688 | F66: =E66/$J$2 -> 127.34621 | G66: =F66-D66 -> -9.1762853 | H66: =G66/D66 -> -0.067214454
A67: 600 | B67: Supplies | C67: 310000 | D67: =C67/$J$1 -> 338.5758 | E67: 239817 | F67: =E67/$J$2 -> 266.28581 | G67: =F67-D67 -> -72.289988 | H67: =G67/D67 -> -0.21351198
A68: 900 | B68: Misc. | C68: 140000 | D68: =C68/$J$1 -> 152.9052 | E68: 141697 | F68: =E68/$J$2 -> 157.33622 | G68: =F68-D68 -> 4.4310215 | H68: =G68/D68 -> 0.028978881
B69: Operating/Maintenance Total | C69: =SUM(C64:C68) -> 1304632 | D69: =C69/$J$1 -> 1424.893 | E69: =SUM(E64:E68) -> 1239441 | F69: =E69/$J$2 -> 1376.2392 | G69: =F69-D69 -> -48.653792 | H69: =G69/D69 -> -0.034145577
B71: Student Transportation
A72: 100 | B72: Salaries | C72: 226644 | D72: =C72/$J$1 -> 247.53604 | E72: 222044 | F72: =E72/$J$2 -> 246.55119 | G72: =F72-D72 -> -0.98485384 | H72: =G72/D72 -> -0.0039786281
A73: 200 | B73: Benefits | C73: 142785 | D73: =C73/$J$1 -> 155.94692 | E73: 102014 | F73: =E73/$J$2 -> 113.27337 | G73: =F73-D73 -> -42.673547 | H73: =G73/D73 -> -0.27364148
A74: 500 | B74: Purchase Services | C74: 50000 | D74: =C74/$J$1 -> 54.609 | E74: 36622 | F74: =E74/$J$2 -> 40.664002 | G74: =F74-D74 -> -13.944998 | H74: =G74/D74 -> -0.2553608
A75: 600 | B75: Supplies | C75: 65000 | D75: =C75/$J$1 -> 70.991699 | E75: 36622 | F75: =E75/$J$2 -> 40.664002 | G75: =F75-D75 -> -30.327698 | H75: =G75/D75 -> -0.42720061
A76: 700 | B76: Property | C76: 15000 | D76: =C76/$J$1 -> 16.3827 | E76: 0 | F76: =E76/$J$2 -> 0 | G76: =F76-D76 -> -16.3827 | H76: =G76/D76 -> -1
B77: Student Transportation Total | C77: =SUM(C72:C76) -> 499429 | D77: =C77/$J$1 -> 545.46636 | E77: =SUM(E72:E76) -> 397302 | F77: =E77/$J$2 -> 441.15256 | G77: =F77-D77 -> -104.3138 | H77: =G77/D77 -> -0.19123782
B79: Other Fund Transfers
A80: 910 | B80: Interfund Transfers | C80: 1444610 | D80: =C80/$J$1 -> 1577.7741 | E80: 1512000 | F80: =E80/$J$2 -> 1678.8807 | G80: =F80-D80 -> 101.10661 | H80: =G80/D80 -> 0.064081801
B81: Other Fund Transfers Total | C81: =SUM(C80:C80) -> 1444610 | D81: =C81/$J$1 -> 1577.7741 | E81: =SUM(E80:E80) -> 1512000 | F81: =E81/$J$2 -> 1678.8807 | G81: =F81-D81 -> 101.10661 | H81: =G81/D81 -> 0.064081801
B83: Total Undistributed | C83: 5167292 | D83: =C83/$J$1 -> 5643.6129 | E83: 4604909 | F83: =E83/$J$2 -> 5113.1568 | G83: =F83-D83 -> -530.45615 | H83: =G83/D83 -> -0.093992298
B85: Total Expenditures | C85: 12478557 | D85: =C85/$J$1 -> 13628.83 | E85: 11951269 | F85: =E85/$J$2 -> 13270.341 | G85: =F85-D85 -> -358.48939 | H85: =G85/D85 -> -0.026303753
A87: 6300 | B87: Contingency | C87: 25000 | D87: =C87/$J$1 -> 27.3045 | E87: 25000 | F87: =E87/$J$2 -> 27.759272 | G87: =F87-D87 -> 0.45477182 | H87: =G87/D87 -> 0.016655563
A89: 8000 | B89: Ending Fund Balance
B90: Ending Fund Balance (other) | C90: 735339 | D90: =C90/$J$1 -> 803.12254 | E90: 424452 | F90: =E90/$J$2 -> 471.29913 | G90: =F90-D90 -> -331.82341 | H90: =G90/D90 -> -0.4131666
B91: Ending Fund Balance Total | C91: =C90 -> 735339 | D91: =C91/$J$1 -> 803.12254 | E91: =E90 -> 424452 | F91: =E91/$J$2 -> 471.29913 | G91: =F91-D91 -> -331.82341 | H91: =G91/D91 -> -0.4131666
B93: Total Applications | C93: 13238956 | D93: =C93/$J$1 -> 14459.323 | E93: 12400721 | F93: =E93/$J$2 -> 13769.399 | G93: =F93-D93 -> -689.92356 | H93: =G93/D93 -> -0.04771479
A95: Building and Sites
A96: 4500 | B96: Builidng Acquisition and Construction | C96: 105355 | D96: =C96/J1 -> 115.06662 | E96: 50000 | F96: =E96/J2 -> 55.518543 | G96: =F96-D96 -> -59.54808 | H96: =G96/D96 -> -0.51750958
B97: Total Applications | C97: =C96 -> 105355 | D97: =C97/J1 -> 115.06662 | E97: =E96 -> 50000 | F97: =E97/J2 -> 55.518543 | G97: =F97-D97 -> -59.54808 | H97: =G97/D97 -> -0.51750958
A99: Capital Projects Fund
A100: 4700 | B100: Building Improvement | C100: 325000 | D100: =C100/J1 -> 354.9585 | E100: 200000 | F100: =E100/J2 -> 222.07417 | G100: =F100-D100 -> -132.88432 | H100: =G100/D100 -> -0.37436581
B101: Total Applications | C101: 387732 | D101: =C101/J1 -> 423.47313 | E101: 229626 | F101: =E101/J2 -> 254.97002 | G101: =F101-D101 -> -168.50311 | H101: =G101/D101 -> -0.39790745
A103: Bond
A104: 4500 | B104: Building Acquisition and Construction | C104: 25000 | D104: =C104/J1 -> 27.3045 | E104: 25000 | F104: =E104/J2 -> 27.759272 | G104: =F104-D104 -> 0.45477182 | H104: =G104/D104 -> 0.016655563
B105: Total Applications | C105: 53596 | D105: =C105/J1 -> 58.536479 | E105: 28956 | F105: =E105/J2 -> 32.151899 | G105: =F105-D105 -> -26.38458 | H105: =G105/D105 -> -0.4507374
A107: Food Services
A108: 3100 | B108: Food Service Operations | C108: 301000 | D108: =C108/J1 -> 328.74618 | E108: 301000 | F108: =E108/J2 -> 334.22163 | G108: =F108-D108 -> 5.4754527 | H108: =G108/D108 -> 0.016655563
B109: Total Applications | C109: 323683 | D109: =C109/J1 -> 353.5201 | E109: 305283 | F109: =E109/J2 -> 338.97735 | G109: =F109-D109 -> -14.542748 | H109: =G109/D109 -> -0.041136976
A111: Special Education
A112: 200 | B112: Special Education | C112: 1317050 | D112: =C112/J1 -> 1438.4557 | E112: 1284050 | F112: =E112/J2 -> 1425.7717 | G112: =F112-D112 -> -12.68395 | H112: =G112/D112 -> -0.0088177551
B113: Total Applications | C113: =C112 -> 1317050 | D113: =C113/J1 -> 1438.4557 | E113: =E112 -> 1284050 | F113: =E113/J2 -> 1425.7717 | G113: =F113-D113 -> -12.68395 | H113: =G113/D113 -> -0.0088177551
A115: COB
A116: 100 | B116: Regular Programs | C116: 552206 | D116: =C116/J1 -> 603.10834 | E116: 702228 | F116: =E116/J2 -> 779.73351 | G116: =F116-D116 -> 176.62517 | H116: =G116/D116 -> 0.2928581
A117: 300 | B117: Vocational and Tech | C117: 427528 | D117: =C117/J1 -> 466.93753 | E117: 280830 | F117: =E117/J2 -> 311.82545 | G117: =F117-D117 -> -155.11208 | H117: =G117/D117 -> -0.33219022
A118: 920 | B118: Athletics | C118: 36156 | D118: =E118/J1 -> 38.063565 | E118: 34851 | F118: =E118/J2 -> 38.697535 | G118: =F118-D118 -> 0.6339701 | H118: =G118/D118 -> 0.016655563
A119: 2200 | B119: Instruction Staff Support | C119: 3250 | D119: =C119/J1 -> 3.549585 | E119: 500 | F119: =E119/J2 -> 0.55518543 | G119: =F119-D119 -> -2.9943995 | H119: =G119/D119 -> -0.84359145
A120: 2400 | B120: School Admin | C120: 261405 | D120: =C120/J1 -> 285.50131 | E120: 236039 | F120: =E120/J2 -> 262.09083 | G120: =F120-D120 -> -23.410482 | H120: =G120/D120 -> -0.08199781
A121: 2600 | B121: Operating and Maintenance | C121: 342101 | D121: =C121/J1 -> 373.63587 | E121: 325787 | F121: =E121/J2 -> 361.74439 | G121: =F121-D121 -> -11.891475 | H121: =G121/D121 -> -0.031826373
...

Sheet Lander Revenue
B1: Local Revenue | C1: 18-19 | D1: 18-19 Per Pupil | E1: 19-20 | F1: 19-20 Per Pupil | G1: Difference | H1: % difference | J1: 986.6 | K1: 4904
A2: 1110 | B2: Property Tax | C2: 4498453 | D2: =C2/$J$1 -> 4559.551 | E2: 4734803 | F2: =E2/$J$2 -> 4794.2517 | G2: =F2-D2 -> 234.70074 | H2: =G2/D2 -> 0.051474529 | J2: 987.6
A3: 1112 | B3: Net Proceeds- Reserve | C3: 8800169 | D3: =C3/$J$1 -> 8919.6929 | E3: 8834921 | F3: =E3/$J$2 -> 8945.8495 | G3: =F3-D3 -> 26.15665 | H3: =G3/D3 -> 0.0029324608
A4: 1120 | B4: School Support Tax | C4: 1238218 | D4: =C4/$J$1 -> 1255.0355 | E4: 1274020 | F4: =E4/$J$2 -> 1290.0162 | G4: =F4-D4 -> 34.980726 | H4: =G4/D4 -> 0.0278723
A5: 1192 | B5: Governmental Services Tax | C5: 543929 | D5: =C5/$J$1 -> 551.31664 | E5: 594936 | F5: =E5/$J$2 -> 602.40583 | G5: =F5-D5 -> 51.089189 | H5: =G5/D5 -> 0.092667598
A6: 1193 | B6: Boat registration/ geothermal | C6: 2500 | D6: =C6/$J$1 -> 2.533955 | E6: 2500 | F6: =E6/$J$2 -> 2.5313892 | G6: =F6-D6 -> -0.0025657706 | H6: =G6/D6 -> -0.0010125557
A7: 1300 | B7: Tuition | C7: 20000 | D7: =C7/$J$1 -> 20.27164 | E7: 20000 | F7: =E7/$J$2 -> 20.251114 | G7: =F7-D7 -> -0.020526164 | H7: =G7/D7 -> -0.0010125557
A8: 1510 | B8: Interest | C8: 85000 | D8: =C8/$J$1 -> 86.15447 | E8: 0 | F8: =E8/$J$2 -> 0 | G8: =F8-D8 -> -86.15447 | H8: =G8/D8 -> -1
A9: 1520 | B9: Dividends | C9: 50000 | D9: =C9/$J$1 -> 50.6791 | E9: 0 | F9: =E9/$J$2 -> 0 | G9: =F9-D9 -> -50.6791 | H9: =G9/D9 -> -1
A10: 1532 | B10: Unrealized Gains/losses | C10: 5000 | D10: =C10/$J$1 -> 5.06791 | E10: 0 | F10: =E10/$J$2 -> 0 | G10: =F10-D10 -> -5.06791 | H10: =G10/D10 -> -1
A11: 1614 | B11: After School Program | C11: 1735 | D11: =C11/$J$1 -> 1.7585648 | E11: 0 | F11: =E11/$J$2 -> 0 | G11: =F11-D11 -> -1.7585648 | H11: =G11/D11 -> -1
A12: 1928 | B12: Barrick Employee Donations | C12: 135 | D12: =C12/$J$1 -> 0.13683357 | E12: 0 | F12: =E12/$J$2 -> 0 | G12: =F12-D12 -> -0.13683357 | H12: =G12/D12 -> -1
A13: 1990 | B13: Misc. | C13: 510 | D13: =C13/$J$1 -> 0.51692682 | E13: 510 | F13: =E13/$J$2 -> 0.5164034 | G13: =F13-D13 -> -0.00052341719 | H13: =G13/D13 -> -0.0010125557
A14: 1993 | B14: Use of Buildings | C14: 2500 | D14: =C14/$J$1 -> 2.533955 | E14: 2500 | F14: =E14/$J$2 -> 2.5313892 | G14: =F14-D14 -> -0.0025657706 | H14: =G14/D14 -> -0.0010125557
A15: 1000 | B15: Local Total | C15: =SUM(C2:C14) -> 15248149 | D15: =C15/$J$1 -> 15455.249 | E15: =SUM(E2:E14) -> 15464190 | F15: =E15/$J$2 -> 15658.354 | G15: =F15-D15 -> 203.10424 | H15: =G15/D15 -> 0.013141441
B17: State Revenue
A18: 3110 | B18: Distributive School Account | C18: 141724 | D18: =C18/$J$1 -> 143.6489 | E18: 0 | F18: =E18/$J$2 -> 0 | G18: =F18-D18 -> -143.6489 | H18: =G18/D18 -> -1
A19: 3000 | B19: State Total | C19: =SUM(C18:C18) -> 141724 | D19: =C19/$J$1 -> 143.6489 | E19: =SUM(E18:E18) -> 0 | F19: =E19/$J$2 -> 0 | G19: =F19-D19 -> -143.6489 | H19: =G19/D19 -> -1
D20: =C20/$J$1 -> 0
B21: Federal Revenue | D21: =C21/$J$1 -> 0
A22: 4210 | B22: Forrest Resrve | C22: 12500 | D22: =C22/$J$1 -> 12.669775 | E22: 25000 | F22: =E22/$J$2 -> 25.313892 | G22: =F22-D22 -> 12.644117 | H22: =G22/D22 -> 0.99797489
